Workbook

Sheet 3 Statement Model
E1: Historicals | J1: Forecasts
B2: FINANCIAL STATEMENTS (C$ M) | E2: 2021A | F2: 2022A | G2: 2023A | H2: 2024A | I2: 2025A | J2: 2026E | K2: 2027E | L2: 2028E | M2: 2029E | N2: 2030E | O2: 2031E | P2: 2032E | Q2: 2033E | R2: 2034E | S2: 2035E
B3: Balance Sheet Check | E3: =IFERROR(IF(ABS(E77)>1,"ERROR","OK"),"OK") -> OK | F3: =IFERROR(IF(ABS(F77)>1,"ERROR","OK"),"OK") -> OK | G3: =IFERROR(IF(ABS(G77)>1,"ERROR","OK"),"OK") -> OK | H3: =IFERROR(IF(ABS(H77)>1,"ERROR","OK"),"OK") -> OK | I3: =IFERROR(IF(ABS(I77)>1,"ERROR","OK"),"OK") -> OK | J3: =IFERROR(IF(ABS(J77)>1,"ERROR","OK"),"OK") -> OK | K3: =IFERROR(IF(ABS(K77)>1,"ERROR","OK"),"OK") -> OK | L3: =IFERROR(IF(ABS(L77)>1,"ERROR","OK"),"OK") -> OK | ... S3: =IFERROR(IF(ABS(S77)>1,"ERROR","OK"),"OK") -> OK
B4: Active scenario | E4: =Scenarios!J4 -> Base
B5: Assumptions
B6: Income statement
B7: Revenue Growth (% Change) | F7: =F27/E27-1 -> 0.23295825 | G7: =G27/F27-1 -> -0.074579264 | H7: =H27/G27-1 -> -0.15496461 | I7: =I27/H27-1 -> 0.026302801 | J7: =J27/I27-1 -> 0.39219114 | K7: =K27/J27-1 -> 0.13630352 | L7: =L27/K27-1 -> 0.13857359 | M7: =M27/L27-1 -> 0.12930845 | ... S7: =S27/R27-1 -> 0.014532461
B8: Cost of Goods Sold (% of Revenue) | E8: =E28/E27 -> 0.70569735 | F8: =F28/F27 -> 0.75203109 | G8: =G28/G27 -> 0.80976126 | H8: =H28/H27 -> 0.72151071 | I8: =I28/I27 -> 0.70386576 | J8: =J28/J27 -> 0.62342418 | K8: =K28/K27 -> 0.64568717 | L8: =L28/L27 -> 0.66084027 | ... S8: =S28/S27 -> 0.66639824
B9: SG&A (% of revenue) | E9: =E32/E27 -> 0.11048009 | F9: =F32/F27 -> 0.092981314 | G9: =G32/G27 -> 0.1051352 | H9: =H32/H27 -> 0.13064595 | I9: =I32/I27 -> 0.14071112 | J9: 0.12 | K9: 0.125 | L9: 0.125 | M9: 0.125 | N9: 0.125 | O9: 0.125 | P9: 0.125 | Q9: 0.125 | R9: 0.125 | S9: 0.125
B10: R&D (% of Revenue) | E10: =E34/E27 -> 0.036827006 | F10: =F34/F27 -> 0.032500492 | G10: =G34/G27 -> 0.028246244 | H10: =H34/H27 -> 0.035451886 | I10: =I34/I27 -> 0.039029392 | J10: 0.035 | K10: 0.035 | L10: 0.035 | M10: 0.035 | N10: 0.035 | O10: 0.035 | P10: 0.035 | Q10: 0.035 | R10: 0.035 | S10: 0.035
B11: Depreciation & Amortization (% of opening PP&E) | E11: =E35/E119 -> 0.21006717 | F11: =F35/F119 -> 0.23482893 | G11: =G35/G119 -> 0.22104205 | H11: =H35/H119 -> 0.13755943 | I11: =I35/I119 -> 0.081481822 | J11: 0.08 | K11: 0.08 | L11: 0.08 | M11: 0.08 | N11: 0.08 | O11: 0.08 | P11: 0.08 | Q11: 0.08 | R11: 0.08 | S11: 0.08
B12: Effective Tax Rate | E12: =IFERROR(E41/E39,0) -> 0.2291537 | F12: =IFERROR(F41/F39,0) -> 0.42949214 | G12: =IFERROR(G41/G39,0) -> 1.8935172 | H12: =IFERROR(H41/H39,0) -> 2.5820139 | I12: =IFERROR(I41/I39,0) -> 3.979555 | J12: 0.3 | K12: 0.3 | L12: 0.3 | M12: 0.3 | N12: 0.3 | O12: 0.3 | P12: 0.3 | Q12: 0.3 | R12: 0.3 | S12: 0.3
B14: Balance Sheet
B15: Accounts Receivable (Days) | E15: =E54/E27*365 -> 45.606022 | F15: =F54/F27*365 -> 48.510305 | G15: =G54/G27*365 -> 49.99771 | H15: =H54/H27*365 -> 61.206272 | I15: =I54/I27*365 -> 79.254649 | J15: 65 | K15: 65 | L15: 65 | M15: 65 | N15: 65 | O15: 65 | P15: 65 | Q15: 65 | R15: 65 | S15: 65
B16: Inventory (Days) | E16: =E55/E28*365 -> 194.19144 | F16: =F55/F28*365 -> 167.80607 | G16: =G55/G28*365 -> 152.13502 | H16: =H55/H28*365 -> 155.49899 | I16: =I55/I28*365 -> 218.24203 | J16: =Scenarios!J108 -> 230 | K16: =Scenarios!K108 -> 175 | L16: =Scenarios!L108 -> 165 | M16: =Scenarios!M108 -> 165 | N16: =Scenarios!N108 -> 165 | O16: =Scenarios!O108 -> 165 | P16: =Scenarios!P108 -> 165 | Q16: =Scenarios!Q108 -> 165 | ... S16: =Scenarios!S108 -> 165
B17: Accounts Payable (Days) | E17: =E62/E28*365 -> 91.03092 | F17: =F62/F28*365 -> 54.509241 | G17: =G62/G28*365 -> 55.462754 | H17: =H62/H28*365 -> 77.621698 | I17: =I62/I28*365 -> 101.83388 | J17: 85 | K17: 85 | L17: 85 | M17: 85 | N17: 85 | O17: 85 | P17: 85 | Q17: 85 | R17: 85 | S17: 85
B18: Capital Expenditures (% of revenue) | E18: =ABS(E120/E27) -> 0.017550269 | F18: =ABS(F120/F27) -> 0.02728417 | G18: =ABS(G120/G27) -> 0.073035369 | H18: =ABS(H120/H27) -> 0.13492691 | I18: =ABS(I120/I27) -> 0.066132963 | J18: =ABS(J120/J27) -> 0.056841529 | K18: =ABS(K120/K27) -> 0.075628279 | L18: =ABS(L120/L27) -> 0.083433266 | ... S18: =ABS(S120/S27) -> 0.03
B19: Minority/Non-Controlling Interest | E19: =E73 -> 3.651767 | F19: =F73 -> 4.326355 | G19: =G73 -> 4.17205 | H19: =H73 -> 3.903275 | I19: =I73 -> 0.636028 | J19: =I19 -> 0.636028 | K19: =J19 -> 0.636028 | L19: =K19 -> 0.636028 | M19: =L19 -> 0.636028 | N19: =M19 -> 0.636028 | O19: =N19 -> 0.636028 | P19: =O19 -> 0.636028 | Q19: =P19 -> 0.636028 | ... S19: =R19 -> 0.636028
B21: Cash Flow Statement
B22: Capital Expenditures (% of revenue) | E22: =ABS(E120/E27) -> 0.017550269 | F22: =ABS(F120/F27) -> 0.02728417 | G22: =ABS(G120/G27) -> 0.073035369 | H22: =ABS(H120/H27) -> 0.13492691 | I22: =ABS(I120/I27) -> 0.066132963 | J22: =ABS(J120/J27) -> 0.056841529 | K22: =ABS(K120/K27) -> 0.075628279 | L22: =ABS(L120/L27) -> 0.083433266 | ... S22: =ABS(S120/S27) -> 0.03
B23: SBC (% of revenue) | E23: =E84/E27 -> 0.0062948417 | F23: =F84/F27 -> 0.0029084118 | G23: =G84/G27 -> 0.0049051251 | H23: =H84/H27 -> 0.0048231717 | I23: =I84/I27 -> 0.018731478 | J23: 0.013 | K23: 0.013 | L23: 0.013 | M23: 0.013 | N23: 0.013 | O23: 0.013 | P23: 0.013 | Q23: 0.013 | R23: 0.013 | S23: 0.013
E25: Historicals | J25: Forecasts
B26: Income Statement | E26: 2021A | F26: 2022A | G26: 2023A | H26: 2024A | I26: 2025A | J26: 2026E | K26: 2027E | L26: 2028E | M26: 2029E | N26: 2030E | O26: 2031E | P26: 2032E | Q26: 2033E | R26: 2034E | S26: 2035E
B27: Revenue | E27: =IS!G12 -> 676.07657 | F27: =IS!F12 -> 833.57419 | G27: =IS!E12 -> 771.40684 | H27: =IS!D12 -> 651.86608 | I27: =IS!C12 -> 669.01198 | J27: ='Revenue Build'!J38 -> 931.39256 | K27: ='Revenue Build'!K38 -> 1058.3446 | L27: ='Revenue Build'!L38 -> 1205.0033 | M27: ='Revenue Build'!M38 -> 1360.8204 | N27: ='Revenue Build'!N38 -> 1481.8439 | O27: ='Revenue Build'!O38 -> 1552.2779 | P27: ='Revenue Build'!P38 -> 1575.88 | Q27: ='Revenue Build'!Q38 -> 1598.692 | ... S27: ='Revenue Build'!S38 -> 1645.4481
B28: Cost of Goods Sold (COGS, excl. D&A) | E28: =IS!G14 -> 477.10544 | F28: =IS!F14 -> 626.8737 | G28: =IS!E14 -> 624.65537 | H28: =IS!D14 -> 470.32836 | I28: =IS!C14 -> 470.89463 | J28: =J27-J32-J34-J48 -> 580.65264 | K28: =K27-K32-K34-K48 -> 683.35955 | L28: =L27-L32-L34-L48 -> 796.31468 | M28: =M27-M32-M34-M48 -> 910.63725 | N28: =N27-N32-N34-N48 -> 989.52079 | O28: =O27-O32-O34-O48 -> 1032.572 | P28: =P27-P32-P34-P48 -> 1048.7671 | Q28: =Q27-Q32-Q34-Q48 -> 1064.4271 | ... S28: =S27-S32-S34-S48 -> 1096.5237
B29: Gross Profit | E29: =E27-E28 -> 198.97113 | F29: =F27-F28 -> 206.70049 | G29: =G27-G28 -> 146.75146 | H29: =H27-H28 -> 181.53772 | I29: =I27-I28 -> 198.11735 | J29: =J27-J28 -> 350.73992 | K29: =K27-K28 -> 374.98509 | L29: =L27-L28 -> 408.68858 | ... S29: =S27-S28 -> 548.9244
B31: Expenses
B32: Selling, General & Admin (excl. SBC, R&D) | E32: =IS!G21-IS!G64 -> 74.693002 | F32: =IS!F21-IS!F64 -> 77.506823 | G32: =IS!E21-IS!E64 -> 81.102015 | H32: =IS!D21-IS!D64 -> 85.163662 | I32: =IS!C21-IS!C64 -> 94.137426 | J32: =J27*J9 -> 111.76711 | K32: =K27*K9 -> 132.29308 | L32: =L27*L9 -> 150.62541 | M32: =M27*M9 -> 170.10255 | N32: =N27*N9 -> 185.23049 | O32: =O27*O9 -> 194.03474 | P32: =P27*P9 -> 196.985 | Q32: =Q27*Q9 -> 199.8365 | ... S32: =S27*S9 -> 205.68101
B33: SBC | E33: =IS!G64 -> 4.255795 | F33: =IS!F64 -> 2.424377 | G33: =IS!E64 -> 3.783847 | H33: =IS!D64 -> 3.144062 | I33: =IS!C64 -> 12.531583 | J33: =J23*J27 -> 12.108103 | K33: =K23*K27 -> 13.75848 | L33: =L23*L27 -> 15.665042 | M33: =M23*M27 -> 17.690665 | N33: =N23*N27 -> 19.263971 | O33: =O23*O27 -> 20.179613 | P33: =P23*P27 -> 20.486441 | Q33: =Q23*Q27 -> 20.782996 | ... S33: =S23*S27 -> 21.390826
B34: R&D | E34: =IS!G20 -> 24.897876 | F34: =IS!F20 -> 27.091571 | G34: =IS!E20 -> 21.789346 | H34: =IS!D20 -> 23.109882 | I34: =IS!C20 -> 26.111131 | J34: =J10*J27 -> 32.59874 | K34: =K10*K27 -> 37.042062 | L34: =L10*L27 -> 42.175114 | M34: =M10*M27 -> 47.628713 | N34: =N10*N27 -> 51.864537 | O34: =O10*O27 -> 54.329728 | P34: =P10*P27 -> 55.155801 | Q34: =Q10*Q27 -> 55.95422 | ... S34: =S10*S27 -> 57.590684
B35: Depreciation & Amortization | E35: =IS!G15 -> 19.890468 | F35: =IS!F15 -> 21.765688 | G35: =IS!E15 -> 22.692287 | H35: =IS!D15 -> 21.570045 | I35: =IS!C15 -> 20.967712 | J35: =-J121 -> 21.76093 | K35: =-K121 -> 24.255398 | L35: =-L121 -> 28.718229 | M35: =-M121 -> 34.463759 | N35: =-N121 -> 38.835863 | O35: =-O121 -> 39.285419 | P35: =-P121 -> 39.868053 | Q35: =-Q121 -> 40.460721 | ... S35: =-S121 -> 41.668374
B36: Non-Operating (Income) Loss incl. interest | E36: =-IS!G24+IS!G27+IS!G30 -> 22.668738 | F36: =-IS!F24+IS!F27+IS!F30 -> 22.373652 | G36: =-IS!E24+IS!E27+IS!E30 -> 6.74439 | H36: =-IS!D24+IS!D27+IS!D30 -> 39.028833 | I36: =-IS!C24+IS!C27+IS!C30 -> 39.312718 | J36: =J130 -> 8.6799728 | K36: =K130 -> 13.782248 | L36: =L130 -> 13.782248 | M36: =M130 -> 13.782248 | N36: =N130 -> 13.782248 | O36: =O130 -> 13.782248 | P36: =P130 -> 13.782248 | Q36: =Q130 -> 13.782248 | ... S36: =S130 -> 13.782248
B37: Other Operating Expenses / adjusting items | E37: =IS!G22 -> 0.1517 | F37: =IS!F22 -> 1.60519 | G37: =IS!E22 -> 2.31201 | H37: =IS!D22 -> 0 | I37: =IS!C22 -> 0 | J37: =Scenarios!J89 -> 15 | K37: =Scenarios!K89 -> 8 | L37: =Scenarios!L89 -> 5 | M37: =Scenarios!M89 -> 5 | N37: =Scenarios!N89 -> 5 | O37: =Scenarios!O89 -> 5 | P37: =Scenarios!P89 -> 5 | Q37: =Scenarios!Q89 -> 5 | ... S37: =Scenarios!S89 -> 5
B38: Total Expenses | E38: =SUM(E32:E37) -> 146.55758 | F38: =SUM(F32:F37) -> 152.7673 | G38: =SUM(G32:G37) -> 138.42389 | H38: =SUM(H32:H37) -> 172.01648 | I38: =SUM(I32:I37) -> 193.06057 | J38: =SUM(J32:J37) -> 201.91485 | K38: =SUM(K32:K37) -> 229.13127 | L38: =SUM(L32:L37) -> 255.96604 | ... S38: =SUM(S32:S37) -> 345.11315
B39: Earnings Before Tax | E39: =E29-E38 -> 52.41355 | F39: =F29-F38 -> 53.933185 | G39: =G29-G38 -> 8.327568 | H39: =H29-H38 -> 9.521235 | I39: =I29-I38 -> 5.056784 | J39: =J29-J38 -> 148.82507 | K39: =K29-K38 -> 145.85382 | L39: =L29-L38 -> 152.72254 | ... S39: =S29-S38 -> 203.81125
B41: Taxes | E41: =IS!G39 -> 12.010759 | F41: =IS!F39 -> 23.163879 | G41: =IS!E39 -> 15.768393 | H41: =IS!D39 -> 24.583961 | I41: =IS!C39 -> 20.12375 | J41: =MAX(0,J39)*J12 -> 44.64752 | K41: =MAX(0,K39)*K12 -> 43.756146 | L41: =MAX(0,L39)*L12 -> 45.816761 | M41: =MAX(0,M39)*M12 -> 48.454555 | N41: =MAX(0,N39)*N12 -> 53.503805 | O41: =MAX(0,O39)*O12 -> 57.928253 | P41: =MAX(0,P39)*P12 -> 58.750607 | Q41: =MAX(0,Q39)*Q12 -> 59.534455 | ... S41: =MAX(0,S39)*S12 -> 61.143375
B42: (Income) Loss from Affiliates | E42: =-IS!G42 -> -4.785497 | F42: =-IS!F42 -> -3.623058 | G42: =-IS!E42 -> 3.884399 | H42: =-IS!D42 -> 2.768692 | I42: =-IS!C42 -> -1.137393 | J42: 0 | K42: 0 | L42: 0 | M42: 0 | N42: 0 | O42: 0 | P42: 0 | Q42: 0 | R42: 0 | S42: 0
B43: Minority Interest | E43: =IS!G44 -> 1.085732 | F43: =IS!F44 -> 0.613173 | G43: =IS!E44 -> 0.068834 | H43: =IS!D44 -> -0.095897 | I43: =IS!C44 -> 0.020959 | J43: 0 | K43: 0 | L43: 0 | M43: 0 | N43: 0 | O43: 0 | P43: 0 | Q43: 0 | R43: 0 | S43: 0
B44: Net Earnings | E44: =E39-E41-E42-E43 -> 44.102556 | F44: =F39-F41-F42-F43 -> 33.779191 | G44: =G39-G41-G42-G43 -> -11.394058 | H44: =H39-H41-H42-H43 -> -17.735521 | I44: =I39-I41-I42-I43 -> -13.950532 | J44: =J39-J41-J42-J43 -> 104.17755 | K44: =K39-K41-K42-K43 -> 102.09767 | L44: =L39-L41-L42-L43 -> 106.90578 | ... S44: =S39-S41-S42-S43 -> 142.66787
B45: Check vs FactSet net income | E45: =E44-IS!G45 -> 3.0000001e-06 | F45: =F44-IS!F45 -> -9.9999991e-07 | G45: =G44-IS!E45 -> -1e-06 | H45: =H44-IS!D45 -> 2e-06 | I45: =I44-IS!C45 -> -3.0000001e-06
B47: EBITDA (reported basis) | E47: =E39+E35+E36 -> 94.972756 | F47: =F39+F35+F36 -> 98.072525 | G47: =G39+G35+G36 -> 37.764245 | H47: =H39+H35+H36 -> 70.120113 | I47: =I39+I35+I36 -> 65.337214 | J47: =J39+J35+J36 -> 179.26597 | K47: =K39+K35+K36 -> 183.89147 | L47: =L39+L35+L36 -> 195.22301 | ... S47: =S39+S35+S36 -> 259.26187
B48: Adj. EBITDA (company basis, segment build) | H48: ='Revenue Build'!H40 -> 88.23072 | I48: ='Revenue Build'!I40 -> 105.63347 | J48: ='Revenue Build'!J40 -> 206.37407 | K48: ='Revenue Build'!K40 -> 205.64995 | L48: ='Revenue Build'!L40 -> 215.88806 | M48: ='Revenue Build'!M40 -> 232.45185 | N48: ='Revenue Build'!N40 -> 255.2281 | O48: ='Revenue Build'!O40 -> 271.34146 | ... S48: ='Revenue Build'!S40 -> 285.6527
E50: Historicals | J50: Forecasts
B51: Balance Sheet | E51: 2021A | F51: 2022A | G51: 2023A | H51: 2024A | I51: 2025A | J51: 2026E | K51: 2027E | L51: 2028E | M51: 2029E | N51: 2030E | O51: 2031E | P51: 2032E | Q51: 2033E | R51: 2034E | S51: 2035E
B52: Assets
B53: Cash | E53: =BS!F12 -> 114.08771 | F53: =BS!E12 -> 201.44042 | G53: =BS!D12 -> 119.00629 | H53: =BS!C12 -> 122.95028 | I53: =BS!B12 -> 52.58197 | J53: =J104 -> 213.24963 | K53: =K104 -> 294.41602 | L53: =L104 -> 294.54823 | M53: =M104 -> 299.37589 | N53: =N104 -> 380.55385 | O53: =O104 -> 488.17046 | P53: =P104 -> 612.11348 | Q53: =Q104 -> 738.34836 | ... S53: =S104 -> 996.67985
B54: Accounts Receivable | E54: =BS!F14 -> 84.474419 | F54: =BS!E14 -> 110.78613 | G54: =BS!D14 -> 105.66733 | H54: =BS!C14 -> 109.31039 | I54: =BS!B14 -> 145.2666 | J54: =J111 -> 165.86443 | K54: =K111 -> 188.47233 | L54: =L111 -> 214.58962 | M54: =M111 -> 242.33787 | N54: =N111 -> 263.89001 | O54: =O111 -> 276.43306 | P54: =P111 -> 280.63617 | Q54: =Q111 -> 284.69857 | ... S54: =S111 -> 293.02501
B55: Inventory | E55: =BS!F19 -> 253.83505 | F55: =BS!E19 -> 288.20058 | G55: =BS!D19 -> 260.36153 | H55: =BS!C19 -> 200.37146 | I55: =BS!B19 -> 281.5589 | J55: =J112 -> 365.8907 | K55: =K112 -> 327.63814 | L55: =L112 -> 359.97787 | M55: =M112 -> 411.65794 | N55: =N112 -> 447.31762 | O55: =O112 -> 466.77913 | P55: =P112 -> 474.10021 | Q55: =Q112 -> 481.17939 | ... S55: =S112 -> 495.6888
B56: Other ST Assets | E56: =BS!F23 -> 24.266375 | F56: =BS!E23 -> 31.541881 | G56: =BS!D23 -> 14.23165 | H56: =BS!C23 -> 78.450934 | I56: =BS!B23 -> 18.472227 | J56: =I56 -> 18.472227 | K56: =J56 -> 18.472227 | L56: =K56 -> 18.472227 | M56: =L56 -> 18.472227 | N56: =M56 -> 18.472227 | O56: =N56 -> 18.472227 | P56: =O56 -> 18.472227 | Q56: =P56 -> 18.472227 | ... S56: =R56 -> 18.472227
B57: Other LT Assets (investments, intangibles, DTA) | E57: =BS!F41+BS!F44+BS!F47+BS!F48 -> 181.06371 | F57: =BS!E41+BS!E44+BS!E47+BS!E48 -> 181.93998 | G57: =BS!D41+BS!D44+BS!D47+BS!D48 -> 170.69541 | H57: =BS!C41+BS!C44+BS!C47+BS!C48 -> 171.0969 | I57: =BS!B41+BS!B44+BS!B47+BS!B48 -> 168.91752 | J57: =I57 -> 168.91752 | K57: =J57 -> 168.91752 | L57: =K57 -> 168.91752 | M57: =L57 -> 168.91752 | N57: =M57 -> 168.91752 | O57: =N57 -> 168.91752 | P57: =O57 -> 168.91752 | Q57: =P57 -> 168.91752 | ... S57: =R57 -> 168.91752
B58: Property & Equipment | E58: =BS!F27 -> 92.687421 | F58: =BS!E27 -> 102.6605 | G58: =BS!D27 -> 156.80527 | H58: =BS!C27 -> 257.32993 | I58: =BS!B27 -> 272.01163 | J58: =J123 -> 303.19248 | K58: =K123 -> 358.97786 | L58: =L123 -> 430.79699 | M58: =M123 -> 485.44829 | N58: =N123 -> 491.06774 | O58: =O123 -> 498.35066 | P58: =P123 -> 505.75901 | Q58: =Q123 -> 513.25905 | ... S58: =S123 -> 528.54974
B59: Total Assets | E59: =SUM(E53:E58) -> 750.41467 | F59: =SUM(F53:F58) -> 916.56948 | G59: =SUM(G53:G58) -> 826.76748 | H59: =SUM(H53:H58) -> 939.5099 | I59: =SUM(I53:I58) -> 938.80886 | J59: =SUM(J53:J58) -> 1235.587 | K59: =SUM(K53:K58) -> 1356.8941 | L59: =SUM(L53:L58) -> 1487.3025 | ... S59: =SUM(S53:S58) -> 2501.3331
B61: Liabilities
B62: Accounts Payable | E62: =BS!F54 -> 118.98999 | F62: =BS!E54 -> 93.61756 | G62: =BS!D54 -> 94.918102 | H62: =BS!C54 -> 100.02106 | I62: =BS!B54 -> 131.37816 | J62: =J113 -> 135.22048 | K62: =K113 -> 159.13853 | L62: =L113 -> 185.44315 | M62: =M113 -> 212.06621 | N62: =N113 -> 230.43635 | O62: =O113 -> 240.46197 | P62: =P113 -> 244.23344 | Q62: =Q113 -> 247.88029 | ... S62: =S113 -> 255.35484
B63: Other ST Liabilities (incl. tax payable) | E63: =BS!F55+BS!F56 -> 36.350931 | F63: =BS!E55+BS!E56 -> 54.536737 | G63: =BS!D55+BS!D56 -> 61.995297 | H63: =BS!C55+BS!C56 -> 116.91416 | I63: =BS!B55+BS!B56 -> 108.88964 | J63: =I63 -> 108.88964 | K63: =J63 -> 108.88964 | L63: =K63 -> 108.88964 | M63: =L63 -> 108.88964 | N63: =M63 -> 108.88964 | O63: =N63 -> 108.88964 | P63: =O63 -> 108.88964 | Q63: =P63 -> 108.88964 | ... S63: =R63 -> 108.88964
B64: Other LT Liabilities (provisions, DTL) | E64: =BS!F63+BS!F64+BS!F65 -> 39.294075 | F64: =BS!E63+BS!E64+BS!E65 -> 53.489363 | G64: =BS!D63+BS!D64+BS!D65 -> 57.059781 | H64: =BS!C63+BS!C64+BS!C65 -> 30.95725 | I64: =BS!B63+BS!B64+BS!B65 -> 18.640828 | J64: =I64 -> 18.640828 | K64: =J64 -> 18.640828 | L64: =K64 -> 18.640828 | M64: =L64 -> 18.640828 | N64: =M64 -> 18.640828 | O64: =N64 -> 18.640828 | P64: =O64 -> 18.640828 | Q64: =P64 -> 18.640828 | ... S64: =R64 -> 18.640828
B65: ST Debt | E65: =BS!F53 -> 10.220147 | F65: =BS!E53 -> 26.14918 | G65: =BS!D53 -> 5.134628 | H65: =BS!C53 -> 12.338318 | I65: =BS!B53 -> 31.329862 | J65: =I65 -> 31.329862 | K65: =J65 -> 31.329862 | L65: =K65 -> 31.329862 | M65: =L65 -> 31.329862 | N65: =M65 -> 31.329862 | O65: =N65 -> 31.329862 | P65: =O65 -> 31.329862 | Q65: =P65 -> 31.329862 | ... S65: =R65 -> 31.329862
B66: LT Debt | E66: =BS!F60 -> 1.753252 | F66: =BS!E60 -> 41.594255 | G66: =BS!D60 -> 33.658584 | H66: =BS!C60 -> 96.977826 | I66: =BS!B60 -> 113.33635 | J66: =J129-J65 -> 198.37428 | K66: =K129-K65 -> 198.37428 | L66: =L129-L65 -> 198.37428 | M66: =M129-M65 -> 198.37428 | N66: =N129-N65 -> 198.37428 | O66: =O129-O65 -> 198.37428 | P66: =P129-P65 -> 198.37428 | Q66: =Q129-Q65 -> 198.37428 | ... S66: =S129-S65 -> 198.37428
B67: Total Liabilities | E67: =SUM(E62:E66) -> 206.6084 | F67: =SUM(F62:F66) -> 269.38709 | G67: =SUM(G62:G66) -> 252.76639 | H67: =SUM(H62:H66) -> 357.20861 | I67: =SUM(I62:I66) -> 403.57484 | J67: =SUM(J62:J66) -> 492.45508 | K67: =SUM(K62:K66) -> 516.37313 | L67: =SUM(L62:L66) -> 542.67775 | ... S67: =SUM(S62:S66) -> 612.58944
B69: Shareholder's Equity
B70: Equity Capital (par + APIC) | E70: =BS!F70+BS!F71 -> 555.57884 | F70: =BS!E70+BS!E71 -> 665.0745 | G70: =BS!D70+BS!D71 -> 624.79883 | H70: =BS!C70+BS!C71 -> 680.3175 | I70: =BS!B70+BS!B71 -> 649.36814 | J70: =J148 -> 771.55557 | K70: =K148 -> 785.31405 | L70: =L148 -> 800.97909 | M70: =M148 -> 818.66975 | N70: =N148 -> 837.93373 | O70: =O148 -> 858.11334 | P70: =P148 -> 878.59978 | Q70: =Q148 -> 899.38278 | ... S70: =S148 -> 941.85802
B71: Retained Earnings | E71: =BS!F72 -> -24.319427 | F71: =BS!E72 -> -9.08765 | G71: =BS!D72 -> -37.639437 | H71: =BS!C72 -> -77.500283 | I71: =BS!B72 -> -104.29351 | J71: =I71+J44+J96 -> -18.583051 | K71: =J71+K44+K96 -> 65.04754 | L71: =K71+L44+L96 -> 153.48623 | M71: =L71+M44+M96 -> 248.07978 | N71: =M71+N44+N96 -> 354.45491 | O71: =N71+O44+O96 -> 471.15375 | P71: =O71+P44+P96 -> 589.77141 | Q71: =P71+Q44+Q96 -> 710.21806 | ... S71: =R71+S44+S96 -> 956.7263
B72: Other Equity (CTA, reserves) | E72: =BS!F73+BS!F74 -> 8.895102 | F72: =BS!E73+BS!E74 -> -13.130821 | G72: =BS!D73+BS!D74 -> -17.33036 | H72: =BS!C73+BS!C74 -> -24.419197 | I72: =BS!B73+BS!B74 -> -10.476643 | J72: =I72 -> -10.476643 | K72: =J72 -> -10.476643 | L72: =K72 -> -10.476643 | M72: =L72 -> -10.476643 | N72: =M72 -> -10.476643 | O72: =N72 -> -10.476643 | P72: =O72 -> -10.476643 | Q72: =P72 -> -10.476643 | ... S72: =R72 -> -10.476643
B73: Minority/Non Controlling Interest | E73: =BS!F76 -> 3.651767 | F73: =BS!E76 -> 4.326355 | G73: =BS!D76 -> 4.17205 | H73: =BS!C76 -> 3.903275 | I73: =BS!B76 -> 0.636028 | J73: =I73+J43 -> 0.636028 | K73: =J73+K43 -> 0.636028 | L73: =K73+L43 -> 0.636028 | M73: =L73+M43 -> 0.636028 | N73: =M73+N43 -> 0.636028 | O73: =N73+O43 -> 0.636028 | P73: =O73+P43 -> 0.636028 | Q73: =P73+Q43 -> 0.636028 | ... S73: =R73+S43 -> 0.636028
B74: Shareholder's Equity | E74: =SUM(E70:E73) -> 543.80628 | F74: =SUM(F70:F73) -> 647.18238 | G74: =SUM(G70:G73) -> 574.00108 | H74: =SUM(H70:H73) -> 582.30129 | I74: =SUM(I70:I73) -> 535.23401 | J74: =SUM(J70:J73) -> 743.1319 | K74: =SUM(K70:K73) -> 840.52097 | L74: =SUM(L70:L73) -> 944.62471 | ... S74: =SUM(S70:S73) -> 1888.7437
B75: Total Liabilities & Shareholder's Equity | E75: =E67+E74 -> 750.41468 | F75: =F67+F74 -> 916.56948 | G75: =G67+G74 -> 826.76748 | H75: =H67+H74 -> 939.5099 | I75: =I67+I74 -> 938.80885 | J75: =J67+J74 -> 1235.587 | K75: =K67+K74 -> 1356.8941 | L75: =L67+L74 -> 1487.3025 | ... S75: =S67+S74 -> 2501.3331
B76: Check vs FactSet total assets | E76: =E59-BS!F50 -> -4e-06 | F76: =F59-BS!E50 -> 1.9999999e-06 | G76: =G59-BS!D50 -> 4e-06 | H76: =H59-BS!C50 -> -3e-06 | I76: =I59-BS!B50 -> 2e-06
B77: Check | E77: =E75-E59 -> 8.9999999e-06 | F77: =F75-F59 -> -1.9999999e-06 | G77: =G75-G59 -> -2e-06 | H77: =H75-H59 -> -1e-06 | I77: =I75-I59 -> -2.9999999e-06 | J77: =J75-J59 -> -3.0000001e-06 | K77: =K75-K59 -> -3.0000001e-06 | L77: =L75-L59 -> -3.0000003e-06 | ... S77: =S75-S59 -> -3.0000006e-06
E79: Historicals | J79: Forecasts
B80: Cash Flow Statement | E80: 2021A | F80: 2022A | G80: 2023A | H80: 2024A | I80: 2025A | J80: 2026E | K80: 2027E | L80: 2028E | M80: 2029E | N80: 2030E | O80: 2031E | P80: 2032E | Q80: 2033E | R80: 2034E | S80: 2035E
B81: Operating Cash Flow
B82: Net Earnings | E82: =CF!G13 -> 45.188285 | F82: =CF!F13 -> 34.392365 | G82: =CF!E13 -> -11.325223 | H82: =CF!D13 -> -17.83142 | I82: =CF!C13 -> -13.92957 | J82: =J44 -> 104.17755 | K82: =K44 -> 102.09767 | L82: =L44 -> 106.90578 | M82: =M44 -> 113.06063 | N82: =N44 -> 124.84221 | O82: =O44 -> 135.16592 | P82: =P44 -> 137.08475 | Q82: =Q44 -> 138.91373 | ... S82: =S44 -> 142.66787
B83: Depreciation & Amortization | E83: =CF!G14 -> 19.890468 | F83: =CF!F14 -> 21.76699 | G83: =CF!E14 -> 22.692287 | H83: =CF!D14 -> 21.570045 | I83: =CF!C14 -> 20.967712 | J83: =J35 -> 21.76093 | K83: =K35 -> 24.255398 | L83: =L35 -> 28.718229 | M83: =M35 -> 34.463759 | N83: =N35 -> 38.835863 | O83: =O35 -> 39.285419 | P83: =P35 -> 39.868053 | Q83: =Q35 -> 40.460721 | ... S83: =S35 -> 41.668374
B84: SBC | E84: =IS!G64 -> 4.255795 | F84: =IS!F64 -> 2.424377 | G84: =IS!E64 -> 3.783847 | H84: =IS!D64 -> 3.144062 | I84: =IS!C64 -> 12.531583 | J84: =J33 -> 12.108103 | K84: =K33 -> 13.75848 | L84: =L33 -> 15.665042 | M84: =M33 -> 17.690665 | N84: =N33 -> 19.263971 | O84: =O33 -> 20.179613 | P84: =P33 -> 20.486441 | Q84: =Q33 -> 20.782996 | ... S84: =S33 -> 21.390826
B85: Other Non-Cash | E85: =CF!G17+CF!G19-IS!G64 -> 16.769301 | F85: =CF!F17+CF!F19-IS!F64 -> 34.531338 | G85: =CF!E17+CF!E19-IS!E64 -> 16.001214 | H85: =CF!D17+CF!D19-IS!D64 -> 39.315157 | I85: =CF!C17+CF!C19-IS!C64 -> 37.797354 | J85: 0 | K85: 0 | L85: 0 | M85: 0 | N85: 0 | O85: 0 | P85: 0 | Q85: 0 | R85: 0 | S85: 0
B86: Changes in Working Capital | E86: =CF!G21 -> -88.685285 | F86: =CF!F21 -> -88.30342 | G86: =CF!E21 -> 52.462332 | H86: =CF!D21 -> 23.671566 | I86: =CF!C21 -> -132.76756 | J86: =-J116 -> -101.08731 | K86: =-K116 -> 39.562706 | L86: =-L116 -> -32.152398 | M86: =-M116 -> -52.805253 | N86: =-N116 -> -38.841681 | O86: =-O116 -> -21.97893 | P86: =-P116 -> -7.752731 | Q86: =-Q116 -> -7.4947296 | ... S86: =-S116 -> -7.7436496
B87: Cash from Operations | E87: =SUM(E82:E86) -> -2.581436 | F87: =SUM(F82:F86) -> 4.81165 | G87: =SUM(G82:G86) -> 83.614457 | H87: =SUM(H82:H86) -> 69.86941 | I87: =SUM(I82:I86) -> -75.400486 | J87: =SUM(J82:J86) -> 36.959268 | K87: =SUM(K82:K86) -> 179.67426 | L87: =SUM(L82:L86) -> 119.13665 | ... S87: =SUM(S82:S86) -> 197.98342
B89: Investing Cash Flow
B90: Other Investing Activities | E90: =CF!G39-CF!G29 -> -0.445075 | F90: =CF!F39-CF!F29 -> 0 | G90: =CF!E39-CF!E29 -> -23.896208 | H90: =CF!D39-CF!D29 -> 6.555267 | I90: =CF!C39-CF!C29 -> 34.82602 | J90: 0 | K90: 0 | L90: 0 | M90: 0 | N90: 0 | O90: 0 | P90: 0 | Q90: 0 | R90: 0 | S90: 0
B91: Investments in Property & Equipment | E91: =CF!G29 -> -11.865326 | F91: =CF!F29 -> -22.74338 | G91: =CF!E29 -> -56.339983 | H91: =CF!D29 -> -87.954274 | I91: =CF!C29 -> -44.243745 | J91: =-J120 -> -52.941777 | K91: =-K120 -> -80.040784 | L91: =-L120 -> -100.53736 | M91: =-M120 -> -89.115056 | N91: =-N120 -> -44.455317 | O91: =-O120 -> -46.568338 | P91: =-P120 -> -47.276401 | Q91: =-Q120 -> -47.96076 | ... S91: =-S120 -> -49.363443
B92: Cash from Investing | E92: =SUM(E90:E91) -> -12.310401 | F92: =SUM(F90:F91) -> -22.74338 | G92: =SUM(G90:G91) -> -80.236191 | H92: =SUM(H90:H91) -> -81.399007 | I92: =SUM(I90:I91) -> -9.417725 | J92: =SUM(J90:J91) -> -52.941777 | K92: =SUM(K90:K91) -> -80.040784 | L92: =SUM(L90:L91) -> -100.53736 | ... S92: =SUM(S90:S91) -> -49.363443
B94: Financing Cash Flow
B95: Other Financing | E95: =CF!G56-CF!G41-CF!G47-CF!G43 -> 43.824224 | F95: =CF!F56-CF!F41-CF!F47-CF!F43 -> 59.164034 | G95: =CF!E56-CF!E41-CF!E47-CF!E43 -> -4.062557 | H95: =CF!D56-CF!D41-CF!D47-CF!D43 -> -23.53731 | I95: =CF!C56-CF!C41-CF!C47-CF!C43 -> -11.091677 | J95: 0 | K95: 0 | L95: 0 | M95: 0 | N95: 0 | O95: 0 | P95: 0 | Q95: 0 | R95: 0 | S95: 0
B96: Dividends Paid | E96: =CF!G41 -> -16.013927 | F96: =CF!F41 -> -17.446139 | G96: =CF!E41 -> -18.080407 | H96: =CF!D41 -> -16.891626 | I96: =CF!C41 -> -16.841519 | J96: =-J138 -> -18.467083 | K96: =-K138 -> -18.467083 | L96: =-L138 -> -18.467083 | M96: =-M138 -> -18.467083 | N96: =-N138 -> -18.467083 | O96: =-O138 -> -18.467083 | P96: =-P138 -> -18.467083 | Q96: =-Q138 -> -18.467083 | ... S96: =-S138 -> -18.467083
B97: Issuance (repayment) of debt | E97: =CF!G47 -> 5.08514 | F97: =CF!F47 -> 55.651633 | G97: =CF!E47 -> -34.746341 | H97: =CF!D47 -> 62.216805 | I97: =CF!C47 -> 42.212088 | J97: =J127 -> 85.037924 | K97: =K127 -> 0 | L97: =L127 -> 0 | M97: =M127 -> 0 | N97: =N127 -> 0 | O97: =O127 -> 0 | P97: =P127 -> 0 | Q97: =Q127 -> 0 | ... S97: =S127 -> 0
B98: Issuance (repayment) of equity | E98: =CF!G43 -> -0.046388 | F98: =CF!F43 -> 0 | G98: =CF!E43 -> -26.849323 | H98: =CF!D43 -> -3.082414 | I98: =CF!C43 -> -5.582168 | J98: =J145 -> 110.07932 | K98: =K145 -> 0 | L98: =L145 -> 0 | M98: =M145 -> 0 | N98: =N145 -> 0 | O98: =O145 -> 0 | P98: =P145 -> 0 | Q98: =Q145 -> 0 | ... S98: =S145 -> 0
B99: Cash from Financing | E99: =SUM(E95:E98) -> 32.849049 | F99: =SUM(F95:F98) -> 97.369528 | G99: =SUM(G95:G98) -> -83.738628 | H99: =SUM(H95:H98) -> 18.705455 | I99: =SUM(I95:I98) -> 8.696724 | J99: =SUM(J95:J98) -> 176.65017 | K99: =SUM(K95:K98) -> -18.467083 | L99: =SUM(L95:L98) -> -18.467083 | ... S99: =SUM(S95:S98) -> -18.467083
B101: Net Increase (decrease) in Cash | E101: =E87+E92+E99 -> 17.957212 | F101: =F87+F92+F99 -> 79.437798 | G101: =G87+G92+G99 -> -80.360362 | H101: =H87+H92+H99 -> 7.175858 | I101: =I87+I92+I99 -> -76.121487 | J101: =J87+J92+J99 -> 160.66766 | K101: =K87+K92+K99 -> 81.166391 | L101: =L87+L92+L99 -> 0.13220796 | ... S101: =S87+S92+S99 -> 130.1529
B102: Opening Cash Balance | E102: =D104 -> 97.388382 | F102: =E104 -> 114.08771 | G102: =F104 -> 201.44042 | H102: =G104 -> 119.00629 | I102: =H104 -> 122.95028 | J102: =I104 -> 52.58197 | K102: =J104 -> 213.24963 | L102: =K104 -> 294.41602 | ... S102: =R104 -> 866.52695
B103: Historical Reconciliation (FX, restricted cash) | E103: =E53-E101-E102 -> -1.257886 | F103: =F53-F101-F102 -> 7.91491 | G103: =G53-G101-G102 -> -2.073767 | H103: =H53-H101-H102 -> -3.231865 | I103: =I53-I101-I102 -> 5.753177
B104: Closing Cash Balance | D104: =BS!G12 -> 97.388382 | E104: =SUM(E101:E103) -> 114.08771 | F104: =SUM(F101:F103) -> 201.44042 | G104: =SUM(G101:G103) -> 119.00629 | H104: =SUM(H101:H103) -> 122.95028 | I104: =SUM(I101:I103) -> 52.58197 | J104: =SUM(J101:J102) -> 213.24963 | K104: =SUM(K101:K102) -> 294.41602 | L104: =SUM(L101:L102) -> 294.54823 | M104: =SUM(M101:M102) -> 299.37589 | N104: =SUM(N101:N102) -> 380.55385 | O104: =SUM(O101:O102) -> 488.17046 | P104: =SUM(P101:P102) -> 612.11348 | Q104: =SUM(Q101:Q102) -> 738.34836 | ... S104: =SUM(S101:S102) -> 996.67985
B106: Check | E106: =E104-E53 -> 0 | F106: =F104-F53 -> 0 | G106: =G104-G53 -> 0 | H106: =H104-H53 -> 0 | I106: =I104-I53 -> 0 | J106: =J104-J53 -> 0 | K106: =K104-K53 -> 0 | L106: =L104-L53 -> 0 | ... S106: =S104-S53 -> 0
E108: Historicals | J108: Forecasts
B109: Supporting Schedules | E109: 2021A | F109: 2022A | G109: 2023A | H109: 2024A | I109: 2025A | J109: 2026E | K109: 2027E | L109: 2028E | M109: 2029E | N109: 2030E | O109: 2031E | P109: 2032E | Q109: 2033E | R109: 2034E | S109: 2035E
B110: Working Capital Schedule
B111: Accounts Receivable | D111: =BS!G14 -> 68.843138 | E111: =E54 -> 84.474419 | F111: =F54 -> 110.78613 | G111: =G54 -> 105.66733 | H111: =H54 -> 109.31039 | I111: =I54 -> 145.2666 | J111: =J15/365*J27 -> 165.86443 | K111: =K15/365*K27 -> 188.47233 | L111: =L15/365*L27 -> 214.58962 | M111: =M15/365*M27 -> 242.33787 | N111: =N15/365*N27 -> 263.89001 | O111: =O15/365*O27 -> 276.43306 | P111: =P15/365*P27 -> 280.63617 | Q111: =Q15/365*Q27 -> 284.69857 | ... S111: =S15/365*S27 -> 293.02501
B112: Inventory | D112: =BS!G19 -> 166.72456 | E112: =E55 -> 253.83505 | F112: =F55 -> 288.20058 | G112: =G55 -> 260.36153 | H112: =H55 -> 200.37146 | I112: =I55 -> 281.5589 | J112: =J16/365*J28 -> 365.8907 | K112: =K16/365*K28 -> 327.63814 | L112: =L16/365*L28 -> 359.97787 | M112: =M16/365*M28 -> 411.65794 | N112: =N16/365*N28 -> 447.31762 | O112: =O16/365*O28 -> 466.77913 | P112: =P16/365*P28 -> 474.10021 | Q112: =Q16/365*Q28 -> 481.17939 | ... S112: =S16/365*S28 -> 495.6888
B113: Accounts Payable | D113: =BS!G54 -> 100.78104 | E113: =E62 -> 118.98999 | F113: =F62 -> 93.61756 | G113: =G62 -> 94.918102 | H113: =H62 -> 100.02106 | I113: =I62 -> 131.37816 | J113: =J17/365*J28 -> 135.22048 | K113: =K17/365*K28 -> 159.13853 | L113: =L17/365*L28 -> 185.44315 | M113: =M17/365*M28 -> 212.06621 | N113: =N17/365*N28 -> 230.43635 | O113: =O17/365*O28 -> 240.46197 | P113: =P17/365*P28 -> 244.23344 | Q113: =Q17/365*Q28 -> 247.88029 | ... S113: =S17/365*S28 -> 255.35484
B115: Net Working Capital (NWC) | D115: =D111+D112-D113 -> 134.78665 | E115: =E111+E112-E113 -> 219.31947 | F115: =F111+F112-F113 -> 305.36915 | G115: =G111+G112-G113 -> 271.11075 | H115: =H111+H112-H113 -> 209.6608 | I115: =I111+I112-I113 -> 295.44734 | J115: =J111+J112-J113 -> 396.53465 | K115: =K111+K112-K113 -> 356.97195 | ... S115: =S111+S112-S113 -> 533.35897
B116: Change in NWC | E116: =E115-D115 -> 84.532819 | F116: =F115-E115 -> 86.049676 | G116: =G115-F115 -> -34.258393 | H116: =H115-G115 -> -61.449958 | I116: =I115-H115 -> 85.786547 | J116: =J115-I115 -> 101.08731 | K116: =K115-J115 -> -39.562706 | L116: =L115-K115 -> 32.152398 | ... S116: =S115-R115 -> 7.7436496
...

Sheet Scenarios
E1: Historicals | J1: Forecasts
B2: SCENARIO ANALYSIS (C$ M) | E2: 2021A | F2: 2022A | G2: 2023A | H2: 2024A | I2: 2025A | J2: 2026E | K2: 2027E | L2: 2028E | M2: 2029E | N2: 2030E | O2: 2031E | P2: 2032E | Q2: 2033E | R2: 2034E | S2: 2035E | U2: SENSITIVITY: DCF VALUE PER SHARE (C$, base case) | AD2: LIVE SENSITIVITY SETUP
U3: Driver | V3: Low input | W3: High input | X3: DCF low | Y3: DCF high | Z3: Low vs base | AA3: High vs base | AD3: Sensitivity driver (0 = off) | AE3: 0
B4: Scenario selector: 1 = Base, 2 = Bull, 3 = Bear | D4: 1 | J4: =CHOOSE($D$4,"Base","Bull","Bear") -> Base | U4: Base case | X4: ='DCF & WACC Calculation'!C75 -> 39.289406 | AD4: Direction (-1 = low, +1 = high) | AE4: 0
U5: Rare Metals price index ±20% | V5: -20% | W5: +20% | X5: =IF(AE21="","",AE21) -> 34.292603 | Y5: =IF(AF21="","",AF21) -> 44.28621 | Z5: =IF(X5="","",X5-$X$4) -> -4.9968035 | AA5: =IF(Y5="","",Y5-$X$4) -> 4.9968035
E6: Historicals | J6: Forecasts | U6: Rare Metals EBITDA margin ±5 pts | V6: -5 pts | W6: +5 pts | X6: =IF(AE22="","",AE22) -> 34.392762 | Y6: =IF(AF22="","",AF22) -> 44.18605 | Z6: =IF(X6="","",X6-$X$4) -> -4.8966439 | AA6: =IF(Y6="","",Y6-$X$4) -> 4.8966439 | AD6: # | AE6: Driver | AF6: Shift size | AG6: Active shift
B7: Macro | E7: 2021A | F7: 2022A | G7: 2023A | H7: 2024A | I7: 2025A | J7: 2026E | K7: 2027E | L7: 2028E | M7: 2029E | N7: 2030E | O7: 2031E | P7: 2032E | Q7: 2033E | R7: 2034E | S7: 2035E | U7: Exit EV/EBITDA multiple ±2x | V7: 12.0x | W7: 16.0x | X7: =IF(AE23="","",AE23) -> 34.921455 | Y7: =IF(AF23="","",AF23) -> 43.657357 | Z7: =IF(X7="","",X7-$X$4) -> -4.3679508 | AA7: =IF(Y7="","",Y7-$X$4) -> 4.3679508 | AD7: 1 | AE7: Rare Metals price index ±20% | AF7: 0.2 | AG7: =IF($AE$3=AD7,$AE$4*AF7,0) -> 0
B8: Company revenue, US$ M (as reported) | H8: 475.8 | I8: 478.8 | U8: WACC ±1 pt | V8: 11.9% | W8: 9.9% | X8: =IF(AE24="","",AE24) -> 36.389895 | Y8: =IF(AF24="","",AF24) -> 42.455153 | Z8: =IF(X8="","",X8-$X$4) -> -2.8995118 | AA8: =IF(Y8="","",Y8-$X$4) -> 3.1657471 | AD8: 2 | AE8: Rare Metals EBITDA margin ±5 pts | AF8: 0.05 | AG8: =IF($AE$3=AD8,$AE$4*AF8,0) -> 0
B9: CAD per USD | H9: =Segments!J5/H8 -> 1.3700422 | I9: =Segments!K5/I8 -> 1.3972681 | J9: 1.4 | K9: 1.4 | L9: 1.4 | M9: 1.4 | N9: 1.4 | O9: 1.4 | P9: 1.4 | Q9: 1.4 | R9: 1.4 | S9: 1.4 | U9: Sintered EBITDA margin ±3 pts | V9: -3 pts | W9: +3 pts | X9: =IF(AE25="","",AE25) -> 36.54717 | Y9: =IF(AF25="","",AF25) -> 42.031643 | Z9: =IF(X9="","",X9-$X$4) -> -2.7422364 | AA9: =IF(Y9="","",Y9-$X$4) -> 2.7422364 | AD9: 3 | AE9: Exit EV/EBITDA multiple ±2x | AF9: 2 | AG9: =IF($AE$3=AD9,$AE$4*AF9,0) -> 0
U10: Chemicals & Oxides EBITDA margin ±3 pts | V10: -3 pts | W10: +3 pts | X10: =IF(AE26="","",AE26) -> 37.780428 | Y10: =IF(AF26="","",AF26) -> 40.798384 | Z10: =IF(X10="","",X10-$X$4) -> -1.5089782 | AA10: =IF(Y10="","",Y10-$X$4) -> 1.5089782 | AD10: 4 | AE10: WACC ±1 pt | AF10: 0.01 | AG10: =IF($AE$3=AD10,$AE$4*AF10,0) -> 0
E11: Historicals | J11: Forecasts | U11: Sintered price ±US$10/kg | V11: US$65 | W11: US$85 | X11: =IF(AE27="","",AE27) -> 37.949842 | Y11: =IF(AF27="","",AF27) -> 40.628971 | Z11: =IF(X11="","",X11-$X$4) -> -1.3395643 | AA11: =IF(Y11="","",Y11-$X$4) -> 1.3395643 | AD11: 5 | AE11: Sintered EBITDA margin ±3 pts | AF11: 0.03 | AG11: =IF($AE$3=AD11,$AE$4*AF11,0) -> 0
B12: Rare Metals | E12: 2021A | F12: 2022A | G12: 2023A | H12: 2024A | I12: 2025A | J12: 2026E | K12: 2027E | L12: 2028E | M12: 2029E | N12: 2030E | O12: 2031E | P12: 2032E | Q12: 2033E | R12: 2034E | S12: 2035E | U12: Bonded powders growth ±2 pts | V12: -2 pts | W12: +2 pts | X12: =IF(AE28="","",AE28) -> 38.175315 | Y12: =IF(AF28="","",AF28) -> 40.597275 | Z12: =IF(X12="","",X12-$X$4) -> -1.1140917 | AA12: =IF(Y12="","",Y12-$X$4) -> 1.3078687 | AD12: 6 | AE12: Chemicals & Oxides EBITDA margin ±3 pts | AF12: 0.03 | AG12: =IF($AE$3=AD12,$AE$4*AF12,0) -> 0
B13: Price index, hafnium/rare metals basket (2025A = 100) | U13: Tax rate ±5 pts | V13: 35% | W13: 25% | X13: =IF(AE29="","",AE29) -> 38.139559 | Y13: =IF(AF29="","",AF29) -> 40.439254 | Z13: =IF(X13="","",X13-$X$4) -> -1.1498477 | AA13: =IF(Y13="","",Y13-$X$4) -> 1.1498477 | AD13: 7 | AE13: Sintered price ±US$10/kg | AF13: 10 | AG13: =IF($AE$3=AD13,$AE$4*AF13,0) -> 0
B14: Base | J14: 190 | K14: 190 | L14: 190 | M14: 190 | N14: 190 | O14: 190 | P14: 190 | Q14: 190 | R14: 190 | S14: 190 | U14: Narva sintered volume ±10% | V14: -10% | W14: +10% | X14: =IF(AE30="","",AE30) -> 38.284733 | Y14: =IF(AF30="","",AF30) -> 40.29408 | Z14: =IF(X14="","",X14-$X$4) -> -1.0046732 | AA14: =IF(Y14="","",Y14-$X$4) -> 1.0046732 | AD14: 8 | AE14: Bonded powders growth ±2 pts | AF14: 0.02 | AG14: =IF($AE$3=AD14,$AE$4*AF14,0) -> 0
B15: Bull | J15: 195 | K15: 211 | L15: 211 | M15: 211 | N15: 211 | O15: 211 | P15: 211 | Q15: 211 | R15: 211 | S15: 211 | U15: Inventory days ±20 | V15: +20 days | W15: -20 days | X15: =IF(AE31="","",AE31) -> 38.748177 | Y15: =IF(AF31="","",AF31) -> 39.830636 | Z15: =IF(X15="","",X15-$X$4) -> -0.5412294 | AA15: =IF(Y15="","",Y15-$X$4) -> 0.5412294 | AD15: 9 | AE15: Tax rate ±5 pts | AF15: 0.05 | AG15: =IF($AE$3=AD15,$AE$4*AF15,0) -> 0
B16: Bear | J16: 180 | K16: 115 | L16: 105 | M16: 110 | N16: 115 | O16: 115 | P16: 115 | Q16: 115 | R16: 115 | S16: 115 | AD16: 10 | AE16: Narva sintered volume ±10% | AF16: 0.1 | AG16: =IF($AE$3=AD16,$AE$4*AF16,0) -> 0
B17: Selected | J17: =CHOOSE($D$4,J14,J15,J16)*(1+$AG$7) -> 190 | K17: =CHOOSE($D$4,K14,K15,K16)*(1+$AG$7) -> 190 | L17: =CHOOSE($D$4,L14,L15,L16)*(1+$AG$7) -> 190 | M17: =CHOOSE($D$4,M14,M15,M16)*(1+$AG$7) -> 190 | N17: =CHOOSE($D$4,N14,N15,N16)*(1+$AG$7) -> 190 | O17: =CHOOSE($D$4,O14,O15,O16)*(1+$AG$7) -> 190 | P17: =CHOOSE($D$4,P14,P15,P16)*(1+$AG$7) -> 190 | Q17: =CHOOSE($D$4,Q14,Q15,Q16)*(1+$AG$7) -> 190 | ... S17: =CHOOSE($D$4,S14,S15,S16)*(1+$AG$7) -> 190 | AD17: 11 | AE17: Inventory days ±20 | AF17: 20 | AG17: =IF($AE$3=AD17,$AE$4*AF17,0) -> 0
B19: Volume index (2025A = 100) | AD19: Data table inputs
B20: Base | J20: 105 | K20: 110 | L20: 113 | M20: 116 | N20: 118 | O20: 120 | P20: 122 | Q20: 124 | R20: 126 | S20: 128 | AD20: ='DCF & WACC Calculation'!C75 -> 39.289406 | AE20: -1 | AF20: 1
B21: Bull | J21: 105 | K21: 112 | L21: 118 | M21: 122 | N21: 125 | O21: 128 | P21: 131 | Q21: 134 | R21: 137 | S21: 140 | AD21: 1 | AE21: 34.292603 | AF21: 44.28621
B22: Bear | J22: 103 | K22: 100 | L22: 100 | M22: 102 | N22: 104 | O22: 106 | P22: 108 | Q22: 110 | R22: 112 | S22: 114 | AD22: 2 | AE22: 34.392762 | AF22: 44.18605
B23: Selected | J23: =CHOOSE($D$4,J20,J21,J22) -> 105 | K23: =CHOOSE($D$4,K20,K21,K22) -> 110 | L23: =CHOOSE($D$4,L20,L21,L22) -> 113 | M23: =CHOOSE($D$4,M20,M21,M22) -> 116 | N23: =CHOOSE($D$4,N20,N21,N22) -> 118 | O23: =CHOOSE($D$4,O20,O21,O22) -> 120 | P23: =CHOOSE($D$4,P20,P21,P22) -> 122 | Q23: =CHOOSE($D$4,Q20,Q21,Q22) -> 124 | ... S23: =CHOOSE($D$4,S20,S21,S22) -> 128 | AD23: 3 | AE23: 34.921455 | AF23: 43.657357
AD24: 4 | AE24: 36.389895 | AF24: 42.455153
B25: EBITDA margin | AD25: 5 | AE25: 36.54717 | AF25: 42.031643
B26: Base | J26: 0.38 | K26: 0.34 | L26: 0.31 | M26: 0.28 | N26: 0.28 | O26: 0.28 | P26: 0.28 | Q26: 0.28 | R26: 0.28 | S26: 0.28 | AD26: 6 | AE26: 37.780428 | AF26: 40.798384
B27: Bull | J27: 0.38 | K27: 0.37 | L27: 0.35 | M27: 0.33 | N27: 0.32 | O27: 0.31 | P27: 0.3 | Q27: 0.3 | R27: 0.3 | S27: 0.3 | AD27: 7 | AE27: 37.949842 | AF27: 40.628971
B28: Bear | J28: 0.36 | K28: 0.24 | L28: 0.23 | M28: 0.25 | N28: 0.26 | O28: 0.26 | P28: 0.26 | Q28: 0.26 | R28: 0.26 | S28: 0.26 | AD28: 8 | AE28: 38.175315 | AF28: 40.597275
B29: Selected | J29: =CHOOSE($D$4,J26,J27,J28)+$AG$8 -> 0.38 | K29: =CHOOSE($D$4,K26,K27,K28)+$AG$8 -> 0.34 | L29: =CHOOSE($D$4,L26,L27,L28)+$AG$8 -> 0.31 | M29: =CHOOSE($D$4,M26,M27,M28)+$AG$8 -> 0.28 | N29: =CHOOSE($D$4,N26,N27,N28)+$AG$8 -> 0.28 | O29: =CHOOSE($D$4,O26,O27,O28)+$AG$8 -> 0.28 | P29: =CHOOSE($D$4,P26,P27,P28)+$AG$8 -> 0.28 | Q29: =CHOOSE($D$4,Q26,Q27,Q28)+$AG$8 -> 0.28 | ... S29: =CHOOSE($D$4,S26,S27,S28)+$AG$8 -> 0.28 | AD29: 9 | AE29: 38.139559 | AF29: 40.439254
AD30: 10 | AE30: 38.284733 | AF30: 40.29408
E31: Historicals | J31: Forecasts | AD31: 11 | AE31: 38.748177 | AF31: 39.830636
B32: Magnequench | E32: 2021A | F32: 2022A | G32: 2023A | H32: 2024A | I32: 2025A | J32: 2026E | K32: 2027E | L32: 2028E | M32: 2029E | N32: 2030E | O32: 2031E | P32: 2032E | Q32: 2033E | R32: 2034E | S32: 2035E
B33: Bonded powders revenue growth
B34: Base | J34: 0.04 | K34: 0.04 | L34: 0.03 | M34: 0.03 | N34: 0.03 | O34: 0.025 | P34: 0.025 | Q34: 0.025 | R34: 0.025 | S34: 0.025
B35: Bull | J35: 0.06 | K35: 0.06 | L35: 0.05 | M35: 0.04 | N35: 0.04 | O35: 0.03 | P35: 0.03 | Q35: 0.03 | R35: 0.03 | S35: 0.03
B36: Bear | J36: -0.04 | K36: -0.02 | L36: 0.01 | M36: 0.02 | N36: 0.02 | O36: 0.02 | P36: 0.02 | Q36: 0.02 | R36: 0.02 | S36: 0.02
B37: Selected | J37: =CHOOSE($D$4,J34,J35,J36)+$AG$14 -> 0.04 | K37: =CHOOSE($D$4,K34,K35,K36)+$AG$14 -> 0.04 | L37: =CHOOSE($D$4,L34,L35,L36)+$AG$14 -> 0.03 | M37: =CHOOSE($D$4,M34,M35,M36)+$AG$14 -> 0.03 | N37: =CHOOSE($D$4,N34,N35,N36)+$AG$14 -> 0.03 | O37: =CHOOSE($D$4,O34,O35,O36)+$AG$14 -> 0.025 | P37: =CHOOSE($D$4,P34,P35,P36)+$AG$14 -> 0.025 | Q37: =CHOOSE($D$4,Q34,Q35,Q36)+$AG$14 -> 0.025 | ... S37: =CHOOSE($D$4,S34,S35,S36)+$AG$14 -> 0.025
B39: Bonded powders EBITDA margin
B40: Base | J40: 0.15 | K40: 0.15 | L40: 0.15 | M40: 0.15 | N40: 0.15 | O40: 0.15 | P40: 0.15 | Q40: 0.15 | R40: 0.15 | S40: 0.15
B41: Bull | J41: 0.16 | K41: 0.16 | L41: 0.16 | M41: 0.16 | N41: 0.16 | O41: 0.16 | P41: 0.16 | Q41: 0.16 | R41: 0.16 | S41: 0.16
B42: Bear | J42: 0.125 | K42: 0.12 | L42: 0.12 | M42: 0.13 | N42: 0.135 | O42: 0.135 | P42: 0.135 | Q42: 0.135 | R42: 0.135 | S42: 0.135
B43: Selected | J43: =CHOOSE($D$4,J40,J41,J42) -> 0.15 | K43: =CHOOSE($D$4,K40,K41,K42) -> 0.15 | L43: =CHOOSE($D$4,L40,L41,L42) -> 0.15 | M43: =CHOOSE($D$4,M40,M41,M42) -> 0.15 | N43: =CHOOSE($D$4,N40,N41,N42) -> 0.15 | O43: =CHOOSE($D$4,O40,O41,O42) -> 0.15 | P43: =CHOOSE($D$4,P40,P41,P42) -> 0.15 | Q43: =CHOOSE($D$4,Q40,Q41,Q42) -> 0.15 | ... S43: =CHOOSE($D$4,S40,S41,S42) -> 0.15
B45: Narva sintered volume (t)
B46: Base | J46: 300 | K46: 1100 | L46: 2200 | M46: 3400 | N46: 4300 | O46: 4750 | P46: 4750 | Q46: 4750 | R46: 4750 | S46: 4750
B47: Bull | J47: 400 | K47: 1800 | L47: 3500 | M47: 4800 | N47: 6000 | O47: 8000 | P47: 10000 | Q47: 10000 | R47: 10000 | S47: 10000
B48: Bear | J48: 150 | K48: 600 | L48: 1300 | M48: 2200 | N48: 3000 | O48: 3600 | P48: 3800 | Q48: 3800 | R48: 3800 | S48: 3800
B49: Selected | J49: =CHOOSE($D$4,J46,J47,J48)*(1+$AG$16) -> 300 | K49: =CHOOSE($D$4,K46,K47,K48)*(1+$AG$16) -> 1100 | L49: =CHOOSE($D$4,L46,L47,L48)*(1+$AG$16) -> 2200 | M49: =CHOOSE($D$4,M46,M47,M48)*(1+$AG$16) -> 3400 | N49: =CHOOSE($D$4,N46,N47,N48)*(1+$AG$16) -> 4300 | O49: =CHOOSE($D$4,O46,O47,O48)*(1+$AG$16) -> 4750 | P49: =CHOOSE($D$4,P46,P47,P48)*(1+$AG$16) -> 4750 | Q49: =CHOOSE($D$4,Q46,Q47,Q48)*(1+$AG$16) -> 4750 | ... S49: =CHOOSE($D$4,S46,S47,S48)*(1+$AG$16) -> 4750
B51: Sintered price (US$/kg)
B52: Base | J52: 75 | K52: 75 | L52: 75 | M52: 75 | N52: 75 | O52: 75 | P52: 75 | Q52: 75 | R52: 75 | S52: 75
B53: Bull | J53: 85 | K53: 85 | L53: 85 | M53: 82 | N53: 80 | O53: 80 | P53: 80 | Q53: 80 | R53: 80 | S53: 80
B54: Bear | J54: 62 | K54: 60 | L54: 58 | M54: 58 | N54: 60 | O54: 60 | P54: 60 | Q54: 60 | R54: 60 | S54: 60
B55: Selected | J55: =CHOOSE($D$4,J52,J53,J54)+$AG$13 -> 75 | K55: =CHOOSE($D$4,K52,K53,K54)+$AG$13 -> 75 | L55: =CHOOSE($D$4,L52,L53,L54)+$AG$13 -> 75 | M55: =CHOOSE($D$4,M52,M53,M54)+$AG$13 -> 75 | N55: =CHOOSE($D$4,N52,N53,N54)+$AG$13 -> 75 | O55: =CHOOSE($D$4,O52,O53,O54)+$AG$13 -> 75 | P55: =CHOOSE($D$4,P52,P53,P54)+$AG$13 -> 75 | Q55: =CHOOSE($D$4,Q52,Q53,Q54)+$AG$13 -> 75 | ... S55: =CHOOSE($D$4,S52,S53,S54)+$AG$13 -> 75
B57: Sintered EBITDA margin
B58: Base | J58: -0.09 | K58: 0.08 | L58: 0.12 | M58: 0.15 | N58: 0.16 | O58: 0.17 | P58: 0.17 | Q58: 0.17 | R58: 0.17 | S58: 0.17
B59: Bull | J59: -0.05 | K59: 0.12 | L59: 0.16 | M59: 0.18 | N59: 0.19 | O59: 0.19 | P59: 0.19 | Q59: 0.19 | R59: 0.19 | S59: 0.19
B60: Bear | J60: -0.4 | K60: -0.1 | L60: 0.04 | M60: 0.09 | N60: 0.12 | O60: 0.13 | P60: 0.13 | Q60: 0.13 | R60: 0.13 | S60: 0.13
B61: Selected | J61: =CHOOSE($D$4,J58,J59,J60)+$AG$11 -> -0.09 | K61: =CHOOSE($D$4,K58,K59,K60)+$AG$11 -> 0.08 | L61: =CHOOSE($D$4,L58,L59,L60)+$AG$11 -> 0.12 | M61: =CHOOSE($D$4,M58,M59,M60)+$AG$11 -> 0.15 | N61: =CHOOSE($D$4,N58,N59,N60)+$AG$11 -> 0.16 | O61: =CHOOSE($D$4,O58,O59,O60)+$AG$11 -> 0.17 | P61: =CHOOSE($D$4,P58,P59,P60)+$AG$11 -> 0.17 | Q61: =CHOOSE($D$4,Q58,Q59,Q60)+$AG$11 -> 0.17 | ... S61: =CHOOSE($D$4,S58,S59,S60)+$AG$11 -> 0.17
E63: Historicals | J63: Forecasts
B64: Chemicals & Oxides | E64: 2021A | F64: 2022A | G64: 2023A | H64: 2024A | I64: 2025A | J64: 2026E | K64: 2027E | L64: 2028E | M64: 2029E | N64: 2030E | O64: 2031E | P64: 2032E | Q64: 2033E | R64: 2034E | S64: 2035E
B65: Revenue growth
B66: Base | J66: 0.08 | K66: 0.06 | L66: 0.05 | M66: 0.04 | N66: 0.04 | O66: 0.03 | P66: 0.03 | Q66: 0.025 | R66: 0.025 | S66: 0.025
B67: Bull | J67: 0.12 | K67: 0.1 | L67: 0.08 | M67: 0.06 | N67: 0.05 | O67: 0.04 | P67: 0.03 | Q67: 0.03 | R67: 0.03 | S67: 0.03
B68: Bear | J68: -0.08 | K68: -0.06 | L68: 0.02 | M68: 0.03 | N68: 0.03 | O68: 0.03 | P68: 0.02 | Q68: 0.02 | R68: 0.02 | S68: 0.02
B69: Selected | J69: =CHOOSE($D$4,J66,J67,J68) -> 0.08 | K69: =CHOOSE($D$4,K66,K67,K68) -> 0.06 | L69: =CHOOSE($D$4,L66,L67,L68) -> 0.05 | M69: =CHOOSE($D$4,M66,M67,M68) -> 0.04 | N69: =CHOOSE($D$4,N66,N67,N68) -> 0.04 | O69: =CHOOSE($D$4,O66,O67,O68) -> 0.03 | P69: =CHOOSE($D$4,P66,P67,P68) -> 0.03 | Q69: =CHOOSE($D$4,Q66,Q67,Q68) -> 0.025 | ... S69: =CHOOSE($D$4,S66,S67,S68) -> 0.025
B71: EBITDA margin
B72: Base | J72: 0.2 | K72: 0.17 | L72: 0.165 | M72: 0.16 | N72: 0.16 | O72: 0.16 | P72: 0.16 | Q72: 0.16 | R72: 0.16 | S72: 0.16
B73: Bull | J73: 0.22 | K73: 0.19 | L73: 0.18 | M73: 0.18 | N73: 0.18 | O73: 0.18 | P73: 0.18 | Q73: 0.18 | R73: 0.18 | S73: 0.18
B74: Bear | J74: 0.17 | K74: 0.11 | L74: 0.1 | M74: 0.12 | N74: 0.13 | O74: 0.13 | P74: 0.13 | Q74: 0.13 | R74: 0.13 | S74: 0.13
B75: Selected | J75: =CHOOSE($D$4,J72,J73,J74)+$AG$12 -> 0.2 | K75: =CHOOSE($D$4,K72,K73,K74)+$AG$12 -> 0.17 | L75: =CHOOSE($D$4,L72,L73,L74)+$AG$12 -> 0.165 | M75: =CHOOSE($D$4,M72,M73,M74)+$AG$12 -> 0.16 | N75: =CHOOSE($D$4,N72,N73,N74)+$AG$12 -> 0.16 | O75: =CHOOSE($D$4,O72,O73,O74)+$AG$12 -> 0.16 | P75: =CHOOSE($D$4,P72,P73,P74)+$AG$12 -> 0.16 | Q75: =CHOOSE($D$4,Q72,Q73,Q74)+$AG$12 -> 0.16 | ... S75: =CHOOSE($D$4,S72,S73,S74)+$AG$12 -> 0.16
E77: Historicals | J77: Forecasts
B78: Corporate, Capex & Working Capital | E78: 2021A | F78: 2022A | G78: 2023A | H78: 2024A | I78: 2025A | J78: 2026E | K78: 2027E | L78: 2028E | M78: 2029E | N78: 2030E | O78: 2031E | P78: 2032E | Q78: 2033E | R78: 2034E | S78: 2035E
B79: Corporate costs (C$ M)
B80: Base | J80: -30 | K80: -31 | L80: -32 | M80: -33 | N80: -34 | O80: -35 | P80: -36 | Q80: -37 | R80: -38 | S80: -39
B81: Bull | J81: -30 | K81: -31 | L81: -32 | M81: -33 | N81: -34 | O81: -35 | P81: -36 | Q81: -37 | R81: -38 | S81: -39
B82: Bear | J82: -32 | K82: -34 | L82: -35 | M82: -35 | N82: -35 | O82: -36 | P82: -37 | Q82: -38 | R82: -39 | S82: -40
B83: Selected | J83: =CHOOSE($D$4,J80,J81,J82) -> -30 | K83: =CHOOSE($D$4,K80,K81,K82) -> -31 | L83: =CHOOSE($D$4,L80,L81,L82) -> -32 | M83: =CHOOSE($D$4,M80,M81,M82) -> -33 | N83: =CHOOSE($D$4,N80,N81,N82) -> -34 | O83: =CHOOSE($D$4,O80,O81,O82) -> -35 | P83: =CHOOSE($D$4,P80,P81,P82) -> -36 | Q83: =CHOOSE($D$4,Q80,Q81,Q82) -> -37 | ... S83: =CHOOSE($D$4,S80,S81,S82) -> -39
B85: Other adjusting items (C$ M)
B86: Base | J86: 15 | K86: 8 | L86: 5 | M86: 5 | N86: 5 | O86: 5 | P86: 5 | Q86: 5 | R86: 5 | S86: 5
B87: Bull | J87: 12 | K87: 6 | L87: 4 | M87: 4 | N87: 4 | O87: 4 | P87: 4 | Q87: 4 | R87: 4 | S87: 4
B88: Bear | J88: 25 | K88: 15 | L88: 8 | M88: 6 | N88: 6 | O88: 6 | P88: 6 | Q88: 6 | R88: 6 | S88: 6
B89: Selected | J89: =CHOOSE($D$4,J86,J87,J88) -> 15 | K89: =CHOOSE($D$4,K86,K87,K88) -> 8 | L89: =CHOOSE($D$4,L86,L87,L88) -> 5 | M89: =CHOOSE($D$4,M86,M87,M88) -> 5 | N89: =CHOOSE($D$4,N86,N87,N88) -> 5 | O89: =CHOOSE($D$4,O86,O87,O88) -> 5 | P89: =CHOOSE($D$4,P86,P87,P88) -> 5 | Q89: =CHOOSE($D$4,Q86,Q87,Q88) -> 5 | ... S89: =CHOOSE($D$4,S86,S87,S88) -> 5
B91: Maintenance capex (% of revenue) | J91: 0.03 | K91: 0.03 | L91: 0.03 | M91: 0.03 | N91: 0.03 | O91: 0.03 | P91: 0.03 | Q91: 0.03 | R91: 0.03 | S91: 0.03
B93: Other growth capex, ex Narva Phase 1B/2 (C$ M)
B94: Base | J94: 25 | K94: 0 | L94: 0 | M94: 0 | N94: 0 | O94: 0 | P94: 0 | Q94: 0 | R94: 0 | S94: 0
B95: Bull | J95: 30 | K95: 0 | L95: 0 | M95: 0 | N95: 0 | O95: 0 | P95: 0 | Q95: 0 | R95: 0 | S95: 0
B96: Bear | J96: 25 | K96: 0 | L96: 0 | M96: 0 | N96: 0 | O96: 0 | P96: 0 | Q96: 0 | R96: 0 | S96: 0
B97: Selected | J97: =CHOOSE($D$4,J94,J95,J96) -> 25 | K97: =CHOOSE($D$4,K94,K95,K96) -> 0 | L97: =CHOOSE($D$4,L94,L95,L96) -> 0 | M97: =CHOOSE($D$4,M94,M95,M96) -> 0 | N97: =CHOOSE($D$4,N94,N95,N96) -> 0 | O97: =CHOOSE($D$4,O94,O95,O96) -> 0 | P97: =CHOOSE($D$4,P94,P95,P96) -> 0 | Q97: =CHOOSE($D$4,Q94,Q95,Q96) -> 0 | ... S97: =CHOOSE($D$4,S94,S95,S96) -> 0
B98: Narva growth capex (Narva tab) | J98: =Narva!J71 -> 0 | K98: =Narva!K71 -> 48.290445 | L98: =Narva!L71 -> 64.38726 | M98: =Narva!M71 -> 48.290445 | N98: =Narva!N71 -> 0 | O98: =Narva!O71 -> 0 | P98: =Narva!P71 -> 0 | Q98: =Narva!Q71 -> 0 | ... S98: =Narva!S71 -> 0
B99: Total growth capex | J99: =J97+J98 -> 25 | K99: =K97+K98 -> 48.290445 | L99: =L97+L98 -> 64.38726 | M99: =M97+M98 -> 48.290445 | N99: =N97+N98 -> 0 | O99: =O97+O98 -> 0 | P99: =P97+P98 -> 0 | Q99: =Q97+Q98 -> 0 | ... S99: =S97+S98 -> 0
B101: Total capex | J101: =J91*'Revenue Build'!J38+J99 -> 52.941777 | K101: =K91*'Revenue Build'!K38+K99 -> 80.040784 | L101: =L91*'Revenue Build'!L38+L99 -> 100.53736 | M101: =M91*'Revenue Build'!M38+M99 -> 89.115056 | N101: =N91*'Revenue Build'!N38+N99 -> 44.455317 | O101: =O91*'Revenue Build'!O38+O99 -> 46.568338 | P101: =P91*'Revenue Build'!P38+P99 -> 47.276401 | Q101: =Q91*'Revenue Build'!Q38+Q99 -> 47.96076 | ... S101: =S91*'Revenue Build'!S38+S99 -> 49.363443
B102: Street capex (FactSet Snapshot) | J102: =Snapshot!G107 -> 52.782349 | K102: =Snapshot!H107 -> 59.234699 | L102: =Snapshot!I107 -> 43.720848
B104: Inventory days (on COGS)
B105: Base | J105: 230 | K105: 175 | L105: 165 | M105: 165 | N105: 165 | O105: 165 | P105: 165 | Q105: 165 | R105: 165 | S105: 165
B106: Bull | J106: 225 | K106: 170 | L106: 160 | M106: 160 | N106: 160 | O106: 160 | P106: 160 | Q106: 160 | R106: 160 | S106: 160
B107: Bear | J107: 250 | K107: 240 | L107: 220 | M107: 200 | N107: 190 | O107: 185 | P107: 185 | Q107: 185 | R107: 185 | S107: 185
B108: Selected | J108: =CHOOSE($D$4,J105,J106,J107)-$AG$17 -> 230 | K108: =CHOOSE($D$4,K105,K106,K107)-$AG$17 -> 175 | L108: =CHOOSE($D$4,L105,L106,L107)-$AG$17 -> 165 | M108: =CHOOSE($D$4,M105,M106,M107)-$AG$17 -> 165 | N108: =CHOOSE($D$4,N105,N106,N107)-$AG$17 -> 165 | O108: =CHOOSE($D$4,O105,O106,O107)-$AG$17 -> 165 | P108: =CHOOSE($D$4,P105,P106,P107)-$AG$17 -> 165 | Q108: =CHOOSE($D$4,Q105,Q106,Q107)-$AG$17 -> 165 | ... S108: =CHOOSE($D$4,S105,S106,S107)-$AG$17 -> 165
B110: Perpetual growth rate
B111: Base | S111: 0.025
B112: Bull | S112: 0.03
B113: Bear | S113: 0.015
B114: Selected | S114: =CHOOSE($D$4,S111,S112,S113) -> 0.025
...

Sheet Revenue Build
E1: Historicals | J1: Forecasts
B2: REVENUE BUILD (C$ M) | E2: 2021A | F2: 2022A | G2: 2023A | H2: 2024A | I2: 2025A | J2: 2026E | K2: 2027E | L2: 2028E | M2: 2029E | N2: 2030E | O2: 2031E | P2: 2032E | Q2: 2033E | R2: 2034E | S2: 2035E
E4: Historicals | J4: Forecasts
B5: Rare Metals | E5: 2021A | F5: 2022A | G5: 2023A | H5: 2024A | I5: 2025A | J5: 2026E | K5: 2027E | L5: 2028E | M5: 2029E | N5: 2030E | O5: 2031E | P5: 2032E | Q5: 2033E | R5: 2034E | S5: 2035E
B6: Revenue | E6: =Segments!G7 -> 104.81707 | F6: =Segments!H7 -> 169.74347 | G6: =Segments!I7 -> 168.17235 | H6: =Segments!J7 -> 213.99623 | I6: =Segments!K7 -> 206.33061 | J6: =$I$6*Scenarios!J17/100*Scenarios!J23/100 -> 411.62958 | K6: =$I$6*Scenarios!K17/100*Scenarios!K23/100 -> 431.23099 | L6: =$I$6*Scenarios!L17/100*Scenarios!L23/100 -> 442.99183 | M6: =$I$6*Scenarios!M17/100*Scenarios!M23/100 -> 454.75268 | N6: =$I$6*Scenarios!N17/100*Scenarios!N23/100 -> 462.59324 | O6: =$I$6*Scenarios!O17/100*Scenarios!O23/100 -> 470.4338 | P6: =$I$6*Scenarios!P17/100*Scenarios!P23/100 -> 478.27437 | Q6: =$I$6*Scenarios!Q17/100*Scenarios!Q23/100 -> 486.11493 | ... S6: =$I$6*Scenarios!S17/100*Scenarios!S23/100 -> 501.79606
B7: Adj. EBITDA, US$ M (as reported) | H7: 51.8 | I7: 43.2
B8: Adj. EBITDA | H8: =H7*Scenarios!H9 -> 70.968188 | I8: =I7*Scenarios!I9 -> 60.361983 | J8: =J6*J9 -> 156.41924 | K8: =K6*K9 -> 146.61854 | L8: =L6*L9 -> 137.32747 | M8: =M6*M9 -> 127.33075 | N8: =N6*N9 -> 129.52611 | O8: =O6*O9 -> 131.72146 | P8: =P6*P9 -> 133.91682 | Q8: =Q6*Q9 -> 136.11218 | ... S8: =S6*S9 -> 140.5029
B9: EBITDA margin | H9: =H8/H6 -> 0.3316329 | I9: =I8/I6 -> 0.29254982 | J9: =Scenarios!J29 -> 0.38 | K9: =Scenarios!K29 -> 0.34 | L9: =Scenarios!L29 -> 0.31 | M9: =Scenarios!M29 -> 0.28 | N9: =Scenarios!N29 -> 0.28 | O9: =Scenarios!O29 -> 0.28 | P9: =Scenarios!P29 -> 0.28 | Q9: =Scenarios!Q29 -> 0.28 | ... S9: =Scenarios!S29 -> 0.28
E11: Historicals | J11: Forecasts
B12: Magnequench | E12: 2021A | F12: 2022A | G12: 2023A | H12: 2024A | I12: 2025A | J12: 2026E | K12: 2027E | L12: 2028E | M12: 2029E | N12: 2030E | O12: 2031E | P12: 2032E | Q12: 2033E | R12: 2034E | S12: 2035E
B13: Bonded powders revenue | I13: =I17 -> 285.82236 | J13: =I13*(1+Scenarios!J37) -> 297.25526 | K13: =J13*(1+Scenarios!K37) -> 309.14547 | L13: =K13*(1+Scenarios!L37) -> 318.41983 | M13: =L13*(1+Scenarios!M37) -> 327.97243 | N13: =M13*(1+Scenarios!N37) -> 337.8116 | O13: =N13*(1+Scenarios!O37) -> 346.25689 | P13: =O13*(1+Scenarios!P37) -> 354.91331 | Q13: =P13*(1+Scenarios!Q37) -> 363.78614 | ... S13: =R13*(1+Scenarios!S37) -> 382.20282
B14: Narva sintered volume (t) | J14: =Scenarios!J49 -> 300 | K14: =Scenarios!K49 -> 1100 | L14: =Scenarios!L49 -> 2200 | M14: =Scenarios!M49 -> 3400 | N14: =Scenarios!N49 -> 4300 | O14: =Scenarios!O49 -> 4750 | P14: =Scenarios!P49 -> 4750 | Q14: =Scenarios!Q49 -> 4750 | ... S14: =Scenarios!S49 -> 4750
B15: Sintered price (US$/kg) | J15: =Scenarios!J55 -> 75 | K15: =Scenarios!K55 -> 75 | L15: =Scenarios!L55 -> 75 | M15: =Scenarios!M55 -> 75 | N15: =Scenarios!N55 -> 75 | O15: =Scenarios!O55 -> 75 | P15: =Scenarios!P55 -> 75 | Q15: =Scenarios!Q55 -> 75 | ... S15: =Scenarios!S55 -> 75
B16: Sintered magnet revenue | J16: =J14*J15*Scenarios!J9/1000 -> 31.5 | K16: =K14*K15*Scenarios!K9/1000 -> 115.5 | L16: =L14*L15*Scenarios!L9/1000 -> 231 | M16: =M14*M15*Scenarios!M9/1000 -> 357 | N16: =N14*N15*Scenarios!N9/1000 -> 451.5 | O16: =O14*O15*Scenarios!O9/1000 -> 498.75 | P16: =P14*P15*Scenarios!P9/1000 -> 498.75 | Q16: =Q14*Q15*Scenarios!Q9/1000 -> 498.75 | ... S16: =S14*S15*Scenarios!S9/1000 -> 498.75
B17: Revenue | E17: =Segments!G6 -> 330.67576 | F17: =Segments!H6 -> 361.14979 | G17: =Segments!I6 -> 288.47535 | H17: =Segments!J6 -> 242.00235 | I17: =Segments!K6 -> 285.82236 | J17: =J13+J16 -> 328.75526 | K17: =K13+K16 -> 424.64547 | L17: =L13+L16 -> 549.41983 | M17: =M13+M16 -> 684.97243 | N17: =N13+N16 -> 789.3116 | O17: =O13+O16 -> 845.00689 | P17: =P13+P16 -> 853.66331 | Q17: =Q13+Q16 -> 862.53614 | ... S17: =S13+S16 -> 880.95282
B18: Bonded EBITDA | J18: =J13*Scenarios!J43 -> 44.588288 | K18: =K13*Scenarios!K43 -> 46.37182 | L18: =L13*Scenarios!L43 -> 47.762975 | M18: =M13*Scenarios!M43 -> 49.195864 | N18: =N13*Scenarios!N43 -> 50.67174 | O18: =O13*Scenarios!O43 -> 51.938533 | P18: =P13*Scenarios!P43 -> 53.236997 | Q18: =Q13*Scenarios!Q43 -> 54.567922 | ... S18: =S13*Scenarios!S43 -> 57.330423
B19: Sintered EBITDA | J19: =J16*Scenarios!J61 -> -2.835 | K19: =K16*Scenarios!K61 -> 9.24 | L19: =L16*Scenarios!L61 -> 27.72 | M19: =M16*Scenarios!M61 -> 53.55 | N19: =N16*Scenarios!N61 -> 72.24 | O19: =O16*Scenarios!O61 -> 84.7875 | P19: =P16*Scenarios!P61 -> 84.7875 | Q19: =Q16*Scenarios!Q61 -> 84.7875 | ... S19: =S16*Scenarios!S61 -> 84.7875
B20: Adj. EBITDA, US$ M (as reported) | H20: 25.5 | I20: 28.4
B21: Adj. EBITDA | H21: =H20*Scenarios!H9 -> 34.936077 | I21: =I20*Scenarios!I9 -> 39.682415 | J21: =J18+J19 -> 41.753288 | K21: =K18+K19 -> 55.61182 | L21: =L18+L19 -> 75.482975 | M21: =M18+M19 -> 102.74586 | N21: =N18+N19 -> 122.91174 | O21: =O18+O19 -> 136.72603 | P21: =P18+P19 -> 138.0245 | Q21: =Q18+Q19 -> 139.35542 | ... S21: =S18+S19 -> 142.11792
B22: EBITDA margin | H22: =H21/H17 -> 0.14436255 | I22: =I21/I17 -> 0.13883594 | J22: =J21/J17 -> 0.12700417 | K22: =K21/K17 -> 0.13096059 | L22: =L21/L17 -> 0.13738669 | M22: =M21/M17 -> 0.15 | N22: =N21/N17 -> 0.15572017 | O22: =O21/O17 -> 0.16180464 | ... S22: =S21/S17 -> 0.16132297
E24: Historicals | J24: Forecasts
B25: Chemicals & Oxides | E25: 2021A | F25: 2022A | G25: 2023A | H25: 2024A | I25: 2025A | J25: 2026E | K25: 2027E | L25: 2028E | M25: 2029E | N25: 2030E | O25: 2031E | P25: 2032E | Q25: 2033E | R25: 2034E | S25: 2035E
B26: Revenue | E26: =Segments!G8 -> 240.58378 | F26: =Segments!H8 -> 302.68095 | G26: =Segments!I8 -> 314.75915 | H26: =Segments!J8 -> 195.86752 | I26: =Segments!K8 -> 176.859 | J26: =I26*(1+Scenarios!J69) -> 191.00773 | K26: =J26*(1+Scenarios!K69) -> 202.46819 | L26: =K26*(1+Scenarios!L69) -> 212.5916 | M26: =L26*(1+Scenarios!M69) -> 221.09526 | N26: =M26*(1+Scenarios!N69) -> 229.93907 | O26: =N26*(1+Scenarios!O69) -> 236.83724 | P26: =O26*(1+Scenarios!P69) -> 243.94236 | Q26: =P26*(1+Scenarios!Q69) -> 250.04092 | ... S26: =R26*(1+Scenarios!S69) -> 262.69924
B27: Adj. EBITDA, US$ M (as reported) | H27: 4.9 | I27: 23.4
B28: Adj. EBITDA | H28: =H27*Scenarios!H9 -> 6.713207 | I28: =I27*Scenarios!I9 -> 32.696074 | J28: =J26*J29 -> 38.201545 | K28: =K26*K29 -> 34.419592 | L28: =L26*L29 -> 35.077614 | M28: =M26*M29 -> 35.375242 | N28: =N26*N29 -> 36.790252 | O28: =O26*O29 -> 37.893959 | P28: =P26*P29 -> 39.030778 | Q28: =Q26*Q29 -> 40.006547 | ... S28: =S26*S29 -> 42.031879
B29: EBITDA margin | H29: =H28/H26 -> 0.034274222 | I29: =I28/I26 -> 0.18487085 | J29: =Scenarios!J75 -> 0.2 | K29: =Scenarios!K75 -> 0.17 | L29: =Scenarios!L75 -> 0.165 | M29: =Scenarios!M75 -> 0.16 | N29: =Scenarios!N75 -> 0.16 | O29: =Scenarios!O75 -> 0.16 | P29: =Scenarios!P75 -> 0.16 | Q29: =Scenarios!Q75 -> 0.16 | ... S29: =Scenarios!S75 -> 0.16
E31: Historicals | J31: Forecasts
B32: Corporate | E32: 2021A | F32: 2022A | G32: 2023A | H32: 2024A | I32: 2025A | J32: 2026E | K32: 2027E | L32: 2028E | M32: 2029E | N32: 2030E | O32: 2031E | P32: 2032E | Q32: 2033E | R32: 2034E | S32: 2035E
B33: Corporate costs, US$ M (as reported) | H33: -17.8 | I33: -19.4
B34: Corporate costs | H34: =H33*Scenarios!H9 -> -24.386752 | I34: =I33*Scenarios!I9 -> -27.107002 | J34: =Scenarios!J83 -> -30 | K34: =Scenarios!K83 -> -31 | L34: =Scenarios!L83 -> -32 | M34: =Scenarios!M83 -> -33 | N34: =Scenarios!N83 -> -34 | O34: =Scenarios!O83 -> -35 | P34: =Scenarios!P83 -> -36 | Q34: =Scenarios!Q83 -> -37 | ... S34: =Scenarios!S83 -> -39
E36: Historicals | J36: Forecasts
B37: Consolidated | E37: 2021A | F37: 2022A | G37: 2023A | H37: 2024A | I37: 2025A | J37: 2026E | K37: 2027E | L37: 2028E | M37: 2029E | N37: 2030E | O37: 2031E | P37: 2032E | Q37: 2033E | R37: 2034E | S37: 2035E
B38: Total revenue | E38: ='Revenue Build'!E6+'Revenue Build'!E17+'Revenue Build'!E26 -> 676.0766 | F38: ='Revenue Build'!F6+'Revenue Build'!F17+'Revenue Build'!F26 -> 833.57422 | G38: ='Revenue Build'!G6+'Revenue Build'!G17+'Revenue Build'!G26 -> 771.40684 | H38: ='Revenue Build'!H6+'Revenue Build'!H17+'Revenue Build'!H26 -> 651.8661 | I38: ='Revenue Build'!I6+'Revenue Build'!I17+'Revenue Build'!I26 -> 669.01198 | J38: ='Revenue Build'!J6+'Revenue Build'!J17+'Revenue Build'!J26 -> 931.39256 | K38: ='Revenue Build'!K6+'Revenue Build'!K17+'Revenue Build'!K26 -> 1058.3446 | L38: ='Revenue Build'!L6+'Revenue Build'!L17+'Revenue Build'!L26 -> 1205.0033 | ... S38: ='Revenue Build'!S6+'Revenue Build'!S17+'Revenue Build'!S26 -> 1645.4481
B39: Check vs FactSet sales | E39: =E38-IS!G12 -> 3e-05 | F39: =F38-IS!F12 -> 3.1e-05 | G39: =G38-IS!E12 -> 9e-06 | H39: =H38-IS!D12 -> 1.8e-05 | I39: =I38-IS!C12 -> -2e-06
B40: Adj. EBITDA (company basis) | H40: ='Revenue Build'!H8+'Revenue Build'!H21+'Revenue Build'!H28+'Revenue Build'!H34 -> 88.23072 | I40: ='Revenue Build'!I8+'Revenue Build'!I21+'Revenue Build'!I28+'Revenue Build'!I34 -> 105.63347 | J40: ='Revenue Build'!J8+'Revenue Build'!J21+'Revenue Build'!J28+'Revenue Build'!J34 -> 206.37407 | K40: ='Revenue Build'!K8+'Revenue Build'!K21+'Revenue Build'!K28+'Revenue Build'!K34 -> 205.64995 | L40: ='Revenue Build'!L8+'Revenue Build'!L21+'Revenue Build'!L28+'Revenue Build'!L34 -> 215.88806 | M40: ='Revenue Build'!M8+'Revenue Build'!M21+'Revenue Build'!M28+'Revenue Build'!M34 -> 232.45185 | N40: ='Revenue Build'!N8+'Revenue Build'!N21+'Revenue Build'!N28+'Revenue Build'!N34 -> 255.2281 | O40: ='Revenue Build'!O8+'Revenue Build'!O21+'Revenue Build'!O28+'Revenue Build'!O34 -> 271.34146 | ... S40: ='Revenue Build'!S8+'Revenue Build'!S21+'Revenue Build'!S28+'Revenue Build'!S34 -> 285.6527
B41: Adj. EBITDA, US$ M | H41: =H40/Scenarios!H9 -> 64.4 | I41: =I40/Scenarios!I9 -> 75.6 | J41: =J40/Scenarios!J9 -> 147.41005 | K41: =K40/Scenarios!K9 -> 146.89282 | L41: =L40/Scenarios!L9 -> 154.20575 | M41: =M40/Scenarios!M9 -> 166.03704 | N41: =N40/Scenarios!N9 -> 182.30578 | O41: =O40/Scenarios!O9 -> 193.81533 | ... S41: =S40/Scenarios!S9 -> 204.03764
B42: Adj. EBITDA margin | H42: =H40/H38 -> 0.13535099 | I42: =I40/I38 -> 0.15789474 | J42: =J40/J38 -> 0.22157582 | K42: =K40/K38 -> 0.19431283 | L42: =L40/L38 -> 0.17915973 | M42: =M40/M38 -> 0.17081744 | N42: =N40/N38 -> 0.17223683 | O42: =O40/O38 -> 0.17480211 | ... S42: =S40/S38 -> 0.17360176
B43: Consensus EBITDA (FactSet Snapshot) | J43: =Snapshot!G96 -> 226.14163 | K43: =Snapshot!H96 -> 202.66118 | L43: =Snapshot!I96 -> 206.5246
B44: Variance vs consensus | J44: =J40/J43-1 -> -0.087412296 | K44: =K40/K43-1 -> 0.014747611 | L44: =L40/L43-1 -> 0.045338226
B45: 2026 guidance, US$ M (high end) | J45: 150
B47: H1-2026 actuals (US$ M)
B48: Revenue | J48: 360.7
B49: Magnequench adj. EBITDA | J49: 19.7
B50: Chemicals & Oxides adj. EBITDA | J50: 16.2
B51: Rare Metals adj. EBITDA | J51: 68.3
B52: Corporate | J52: -10.9
B53: Adj. EBITDA | J53: 93.3
B54: Operating cash flow (inventory +US$71M) | J54: -49.6
B55: Cash, 30-Jun-2026 | J55: 96.2
B56: Total debt, 30-Jun-2026 | J56: 157.2
B58: Implied H2-2026E adj. EBITDA, US$ M | J58: ='Revenue Build'!J41-J53 -> 54.110052

Sheet Narva
E1: Historicals | J1: Forecasts
B2: NARVA SINTERED MAGNET PLANT: PROJECT VALUATION (C$ M) | E2: 2021A | F2: 2022A | G2: 2023A | H2: 2024A | I2: 2025A | J2: 2026E | K2: 2027E | L2: 2028E | M2: 2029E | N2: 2030E | O2: 2031E | P2: 2032E | Q2: 2033E | R2: 2034E | S2: 2035E
B4: Phase 1B capex, bottom-up derivation
B5: Phase 1A build cost (€ M) | E5: 100
B6: Just Transition Fund grant, Phase 1A (€ M) | E6: 19
B7: Phase 1A nameplate capacity (t) | E7: 2000
B8: Build cost per 1,000 t (€ M) | E8: =E5/E7*1000 -> 50
B9: Phase 1B capacity added (t) | E9: 3000
B10: Phase 1B gross cost (€ M) | E10: =E8*E9/1000 -> 150
B11: EU Innovation Fund share of project cost | E11: 0.315
B12: Grant attributable to Narva (€ M) | E12: =E10*E11 -> 47.25
B13: Phase 1B net cost (€ M) | E13: =E10-E12 -> 102.75
B14: US$ per € | E14: 1.119
B15: C$ per € | E15: =E14*Scenarios!J9 -> 1.5666
B16: Phase 1B net cost (C$ M) | E16: =E13*E15 -> 160.96815
B17: Useful life for D&A (years) | E17: 15
B18: Phase 1B capex phasing | E18: =SUM(J18:S18) -> 1 | J18: 0 | K18: 0.3 | L18: 0.4 | M18: 0.3 | N18: 0 | O18: 0 | P18: 0 | Q18: 0 | R18: 0 | S18: 0
E20: Historicals | J20: Forecasts
B21: Narva operating and cash flow build | E21: 2021A | G21: 2023A | H21: 2024A | I21: 2025A | J21: 2026E | K21: 2027E | L21: 2028E | M21: 2029E | N21: 2030E | O21: 2031E | P21: 2032E | Q21: 2033E | R21: 2034E | S21: 2035E
B22: Narva sintered volume (t) | J22: ='Revenue Build'!J14 -> 300 | K22: ='Revenue Build'!K14 -> 1100 | L22: ='Revenue Build'!L14 -> 2200 | M22: ='Revenue Build'!M14 -> 3400 | N22: ='Revenue Build'!N14 -> 4300 | O22: ='Revenue Build'!O14 -> 4750 | P22: ='Revenue Build'!P14 -> 4750 | Q22: ='Revenue Build'!Q14 -> 4750 | ... S22: ='Revenue Build'!S14 -> 4750
B23: Sintered price (US$/kg) | J23: ='Revenue Build'!J15 -> 75 | K23: ='Revenue Build'!K15 -> 75 | L23: ='Revenue Build'!L15 -> 75 | M23: ='Revenue Build'!M15 -> 75 | N23: ='Revenue Build'!N15 -> 75 | O23: ='Revenue Build'!O15 -> 75 | P23: ='Revenue Build'!P15 -> 75 | Q23: ='Revenue Build'!Q15 -> 75 | ... S23: ='Revenue Build'!S15 -> 75
B24: Revenue | J24: ='Revenue Build'!J16 -> 31.5 | K24: ='Revenue Build'!K16 -> 115.5 | L24: ='Revenue Build'!L16 -> 231 | M24: ='Revenue Build'!M16 -> 357 | N24: ='Revenue Build'!N16 -> 451.5 | O24: ='Revenue Build'!O16 -> 498.75 | P24: ='Revenue Build'!P16 -> 498.75 | Q24: ='Revenue Build'!Q16 -> 498.75 | ... S24: ='Revenue Build'!S16 -> 498.75
B25: EBITDA | J25: ='Revenue Build'!J19 -> -2.835 | K25: ='Revenue Build'!K19 -> 9.24 | L25: ='Revenue Build'!L19 -> 27.72 | M25: ='Revenue Build'!M19 -> 53.55 | N25: ='Revenue Build'!N19 -> 72.24 | O25: ='Revenue Build'!O19 -> 84.7875 | P25: ='Revenue Build'!P19 -> 84.7875 | Q25: ='Revenue Build'!Q19 -> 84.7875 | ... S25: ='Revenue Build'!S19 -> 84.7875
B26: EBITDA margin | J26: =IFERROR(J25/J24,0) -> -0.09 | K26: =IFERROR(K25/K24,0) -> 0.08 | L26: =IFERROR(L25/L24,0) -> 0.12 | M26: =IFERROR(M25/M24,0) -> 0.15 | N26: =IFERROR(N25/N24,0) -> 0.16 | O26: =IFERROR(O25/O24,0) -> 0.17 | P26: =IFERROR(P25/P24,0) -> 0.17 | Q26: =IFERROR(Q25/Q24,0) -> 0.17 | ... S26: =IFERROR(S25/S24,0) -> 0.17
B27: D&A | J27: =-(($E$5-$E$6)*$E$15-SUM($J$30:J30)-SUM($J$31:J31))/$E$17 -> -8.52264 | K27: =-(($E$5-$E$6)*$E$15-SUM($J$30:K30)-SUM($J$31:K31))/$E$17 -> -11.973003 | L27: =-(($E$5-$E$6)*$E$15-SUM($J$30:L30)-SUM($J$31:L31))/$E$17 -> -16.727487 | M27: =-(($E$5-$E$6)*$E$15-SUM($J$30:M30)-SUM($J$31:M31))/$E$17 -> -20.66085 | N27: =-(($E$5-$E$6)*$E$15-SUM($J$30:N30)-SUM($J$31:N31))/$E$17 -> -21.56385 | O27: =-(($E$5-$E$6)*$E$15-SUM($J$30:O30)-SUM($J$31:O31))/$E$17 -> -22.56135 | P27: =-(($E$5-$E$6)*$E$15-SUM($J$30:P30)-SUM($J$31:P31))/$E$17 -> -23.55885 | Q27: =-(($E$5-$E$6)*$E$15-SUM($J$30:Q30)-SUM($J$31:Q31))/$E$17 -> -24.55635 | ... S27: =-(($E$5-$E$6)*$E$15-SUM($J$30:S30)-SUM($J$31:S31))/$E$17 -> -26.55135
B28: EBIT | J28: =J25+J27 -> -11.35764 | K28: =K25+K27 -> -2.733003 | L28: =L25+L27 -> 10.992513 | M28: =M25+M27 -> 32.88915 | N28: =N25+N27 -> 50.67615 | O28: =O25+O27 -> 62.22615 | P28: =P25+P27 -> 61.22865 | Q28: =Q25+Q27 -> 60.23115 | ... S28: =S25+S27 -> 58.23615
B29: Cash taxes | J29: =-MAX(0,J28)*'DCF & WACC Calculation'!$C$41 -> 0 | K29: =-MAX(0,K28)*'DCF & WACC Calculation'!$C$41 -> 0 | L29: =-MAX(0,L28)*'DCF & WACC Calculation'!$C$41 -> -3.2977539 | M29: =-MAX(0,M28)*'DCF & WACC Calculation'!$C$41 -> -9.866745 | N29: =-MAX(0,N28)*'DCF & WACC Calculation'!$C$41 -> -15.202845 | O29: =-MAX(0,O28)*'DCF & WACC Calculation'!$C$41 -> -18.667845 | P29: =-MAX(0,P28)*'DCF & WACC Calculation'!$C$41 -> -18.368595 | Q29: =-MAX(0,Q28)*'DCF & WACC Calculation'!$C$41 -> -18.069345 | ... S29: =-MAX(0,S28)*'DCF & WACC Calculation'!$C$41 -> -17.470845
B30: Narva growth capex, net of grants | J30: =-J71 -> 0 | K30: =-K71 -> -48.290445 | L30: =-L71 -> -64.38726 | M30: =-M71 -> -48.290445 | N30: =-N71 -> 0 | O30: =-O71 -> 0 | P30: =-P71 -> 0 | Q30: =-Q71 -> 0 | ... S30: =-S71 -> 0
B31: Maintenance capex | J31: =-J24*Scenarios!J91 -> -0.945 | K31: =-K24*Scenarios!K91 -> -3.465 | L31: =-L24*Scenarios!L91 -> -6.93 | M31: =-M24*Scenarios!M91 -> -10.71 | N31: =-N24*Scenarios!N91 -> -13.545 | O31: =-O24*Scenarios!O91 -> -14.9625 | P31: =-P24*Scenarios!P91 -> -14.9625 | Q31: =-Q24*Scenarios!Q91 -> -14.9625 | ... S31: =-S24*Scenarios!S91 -> -14.9625
B32: Change in NWC | J32: =-(J24-0)*'3 Statement Model'!J115/'3 Statement Model'!J27 -> -13.410931 | K32: =-(K24-J24)*'3 Statement Model'!K115/'3 Statement Model'!K27 -> -28.332589 | L32: =-(L24-K24)*'3 Statement Model'!L115/'3 Statement Model'!L27 -> -37.29771 | M32: =-(M24-L24)*'3 Statement Model'!M115/'3 Statement Model'!M27 -> -40.918795 | N32: =-(N24-M24)*'3 Statement Model'!N115/'3 Statement Model'!N27 -> -30.659697 | O32: =-(O24-N24)*'3 Statement Model'!O115/'3 Statement Model'!O27 -> -15.303282 | P32: =-(P24-O24)*'3 Statement Model'!P115/'3 Statement Model'!P27 -> 0 | Q32: =-(Q24-P24)*'3 Statement Model'!Q115/'3 Statement Model'!Q27 -> 0 | R32: =-(R24-Q24)*'3 Statement Model'!R115/'3 Statement Model'!R27 -> 0 | S32: =-(S24-R24)*'3 Statement Model'!S115/'3 Statement Model'!S27 -> 0
B33: Unlevered FCF | J33: =J25+J29+J30+J31+J32 -> -17.190931 | K33: =K25+K29+K30+K31+K32 -> -70.848034 | L33: =L25+L29+L30+L31+L32 -> -84.192724 | M33: =M25+M29+M30+M31+M32 -> -56.235985 | N33: =N25+N29+N30+N31+N32 -> 12.832458 | O33: =O25+O29+O30+O31+O32 -> 35.853873 | P33: =P25+P29+P30+P31+P32 -> 51.456405 | Q33: =Q25+Q29+Q30+Q31+Q32 -> 51.755655 | ... S33: =S25+S29+S30+S31+S32 -> 52.354155
B34: Date | I34: ='DCF & WACC Calculation'!C50 -> 46333 | J34: ='DCF & WACC Calculation'!D50 -> 46387 | K34: ='DCF & WACC Calculation'!E50 -> 46752 | L34: ='DCF & WACC Calculation'!F50 -> 47118 | M34: ='DCF & WACC Calculation'!G50 -> 47483 | N34: ='DCF & WACC Calculation'!H50 -> 47848 | O34: ='DCF & WACC Calculation'!I50 -> 48213 | P34: ='DCF & WACC Calculation'!J50 -> 48579 | ... S34: ='DCF & WACC Calculation'!M50 -> 49674
B35: Year fraction | J35: ='DCF & WACC Calculation'!D51 -> 0.15 | K35: ='DCF & WACC Calculation'!E51 -> 1 | L35: ='DCF & WACC Calculation'!F51 -> 1 | M35: ='DCF & WACC Calculation'!G51 -> 1 | N35: ='DCF & WACC Calculation'!H51 -> 1 | O35: ='DCF & WACC Calculation'!I51 -> 1 | P35: ='DCF & WACC Calculation'!J51 -> 1 | Q35: ='DCF & WACC Calculation'!K51 -> 1 | ... S35: ='DCF & WACC Calculation'!M51 -> 1
B36: Terminal value - exit multiple | S36: =S25*Comps!$F$45 -> 1185.5754
B37: Terminal value - perpetuity growth | S37: =S33*(1+'DCF & WACC Calculation'!$C$47)/($E$43-'DCF & WACC Calculation'!$C$47) -> 641.24069
B38: Cash flow, exit case | I38: 0 | J38: =J33*J35 -> -2.5786397 | K38: =K33*K35 -> -70.848034 | L38: =L33*L35 -> -84.192724 | M38: =M33*M35 -> -56.235985 | N38: =N33*N35 -> 12.832458 | O38: =O33*O35 -> 35.853873 | P38: =P33*P35 -> 51.456405 | Q38: =Q33*Q35 -> 51.755655 | R38: =R33*R35 -> 52.054905 | S38: =S33*S35+S36 -> 1237.9295
B39: Cash flow, perpetuity case | I39: 0 | J39: =J33*J35 -> -2.5786397 | K39: =K33*K35 -> -70.848034 | L39: =L33*L35 -> -84.192724 | M39: =M33*M35 -> -56.235985 | N39: =N33*N35 -> 12.832458 | O39: =O33*O35 -> 35.853873 | P39: =P33*P35 -> 51.456405 | Q39: =Q33*Q35 -> 51.755655 | R39: =R33*R35 -> 52.054905 | S39: =S33*S35+S37 -> 693.59485
B41: Narva valuation (today, C$ M)
B42: Exit EV/EBITDA multiple | E42: =Comps!F45 -> 13.982903
B43: WACC | E43: ='DCF & WACC Calculation'!C42 -> 0.10868622
B44: Narva EV - exit case | E44: =XNPV(E43,I38:S38,I34:S34) -> 411.79381
B45: Narva EV - perpetuity case | E45: =XNPV(E43,I39:S39,I34:S34) -> 200.09745
B46: Value per share - exit case (C$) | E46: =E44/'DCF & WACC Calculation'!C46 -> 8.9195204
B47: Value per share - perpetuity case (C$) | E47: =E45/'DCF & WACC Calculation'!C46 -> 4.334143
B48: TV as % of EV (exit case) | E48: =S36/(1+E43)^((S34-I34)/365)/E44 -> 1.1196873
B49: Implied EV/EBITDA (perpetuity case) | E49: =S37/S25 -> 7.5629154
B51: Capex reconciliation (C$ M)
B52: Narva Phase 1B net capex | E52: =E16 -> 160.96815
B53: Estonia project total (€ M) | E53: 400
B54: EU Innovation Fund grant (€ M) | E54: 126
B55: Estonia project, net of grant (C$ M) | E55: =(E53-E54)*E15 -> 429.2484
B56: Model growth capex 2026-35E (selected case) | E56: =SUM(Scenarios!J99:S99) -> 185.96815
B57: of which Narva | E57: =SUM(J71:S71) -> 160.96815
B58: Estonia project net of grant, not in model | E58: =E55-E52 -> 268.28025
B60: Phase 2 capex, bull case only
B61: Phase 2 capacity added (t) | E61: 5000
B62: Build cost per 1,000 t (€ M) | E62: =E8 -> 50
B63: Phase 2 gross cost (€ M) | E63: =E61*E62/1000 -> 250
B64: Grant share of Phase 2 cost | E64: 0
B65: Phase 2 net cost (C$ M) | E65: =E63*(1-E64)*E15 -> 391.65
B66: Phase 2 capex phasing | E66: =SUM(J66:S66) -> 1 | J66: 0 | K66: 0 | L66: 0.25 | M66: 0.4 | N66: 0.35 | O66: 0 | P66: 0 | Q66: 0 | R66: 0 | S66: 0
B68: Narva growth capex by case (C$ M)
B69: Phase 1B, net of grant, incl. overrun | J69: =$E$16*(1+Scenarios!$S$126)*J18 -> 0 | K69: =$E$16*(1+Scenarios!$S$126)*K18 -> 48.290445 | L69: =$E$16*(1+Scenarios!$S$126)*L18 -> 64.38726 | M69: =$E$16*(1+Scenarios!$S$126)*M18 -> 48.290445 | N69: =$E$16*(1+Scenarios!$S$126)*N18 -> 0 | O69: =$E$16*(1+Scenarios!$S$126)*O18 -> 0 | P69: =$E$16*(1+Scenarios!$S$126)*P18 -> 0 | Q69: =$E$16*(1+Scenarios!$S$126)*Q18 -> 0 | ... S69: =$E$16*(1+Scenarios!$S$126)*S18 -> 0
B70: Phase 2, net of grant | J70: =$E$65*J66*Scenarios!$S$120 -> 0 | K70: =$E$65*K66*Scenarios!$S$120 -> 0 | L70: =$E$65*L66*Scenarios!$S$120 -> 0 | M70: =$E$65*M66*Scenarios!$S$120 -> 0 | N70: =$E$65*N66*Scenarios!$S$120 -> 0 | O70: =$E$65*O66*Scenarios!$S$120 -> 0 | P70: =$E$65*P66*Scenarios!$S$120 -> 0 | Q70: =$E$65*Q66*Scenarios!$S$120 -> 0 | ... S70: =$E$65*S66*Scenarios!$S$120 -> 0
B71: Total Narva growth capex | J71: =J69+J70 -> 0 | K71: =K69+K70 -> 48.290445 | L71: =L69+L70 -> 64.38726 | M71: =M69+M70 -> 48.290445 | N71: =N69+N70 -> 0 | O71: =O69+O70 -> 0 | P71: =P69+P70 -> 0 | Q71: =Q69+Q70 -> 0 | ... S71: =S69+S70 -> 0
B73: Full-life check: Phase 1B plant run-off after 2035
B74: Remaining plant life after 2035 (years) | E74: 15
B75: Steady-state annual FCF after 2035 (C$ M) | E75: =S25+S29+S31 -> 52.354155
B76: Value at end-2035 (C$ M) | E76: =E75*(1-(1+E43)^-E74)/E43 -> 379.21819
B77: Implied 2035E EV/EBITDA | E77: =E76/S25 -> 4.4725719

Sheet DCF & WACC Calculation
A3: Discount Rate
A5: Discount Rate Calculation
A8: Discount Rate Calculation - Assumption
A9: Risk-Free Rate: (GoC 10Y, 30-Oct-2026) | D9: 0.038
A10: Equity Risk Premium: | D10: 0.05
A11: Interest Rate on Debt (pre-tax): | D11: 0.06
A13: Comparable Companies - Unlevered Beta
B14: Levered | C14: Debt | D14: Equity | F14: Unlevered
A15: Name | B15: Beta (1Y, Blume-adj.) | C15: (C$ M) | D15: Value (C$ M) | E15: Tax Rate | F15: Beta
A16: Lynas Rare Earths Ltd (LYC-AU) | B16: =0.67*'FS Comps'!K93+0.33 -> 1.5493886 | C16: ='FS Comps'!I53 -> 332.55385 | D16: ='FS Comps'!F53 -> 12058.362 | E16: 0.3 | F16: =B16/(1+(1-E16)*(C16/D16)) -> 1.520044
A17: MP Materials Corp. (MP-US) | B17: =0.67*'FS Comps'!K97+0.33 -> 2.1903656 | C17: ='FS Comps'!I57 -> 1353.415 | D17: ='FS Comps'!F57 -> 11725.632 | E17: 0.25 | F17: =B17/(1+(1-E17)*(C17/D17)) -> 2.0158574
A18: DOWA Holdings Co., Ltd. (5714-JP) | B18: =0.67*'FS Comps'!K102+0.33 -> 1.434367 | C18: ='FS Comps'!I62 -> 1457.3342 | D18: ='FS Comps'!F62 -> 3910.8173 | E18: 0.306 | F18: =B18/(1+(1-E18)*(C18/D18)) -> 1.1396406
A19: JX Advanced Metals Corp. (5016-JP) | B19: =0.67*'FS Comps'!K106+0.33 -> 2.2197062 | C19: ='FS Comps'!I66 -> 3956.4033 | D19: ='FS Comps'!F66 -> 20571.224 | E19: 0.306 | F19: =B19/(1+(1-E19)*(C19/D19)) -> 1.9583195
A20: Materion Corp. (MTRN-US) | B20: =0.67*'FS Comps'!K100+0.33 -> 1.9281865 | C20: ='FS Comps'!I60 -> 669.04156 | D20: ='FS Comps'!F60 -> 5636.5441 | E20: 0.25 | F20: =B20/(1+(1-E20)*(C20/D20)) -> 1.7705657
A21: Umicore SA (UMI-BE) | B21: =0.67*'FS Comps'!K99+0.33 -> 0.9120826 | C21: ='FS Comps'!I59 -> 5272.3336 | D21: ='FS Comps'!F59 -> 6993.0781 | E21: 0.25 | F21: =B21/(1+(1-E21)*(C21/D21)) -> 0.5826321
A22: Median | B22: =MEDIAN(B16:B21) -> 1.7387876 | F22: =MEDIAN(F16:F21) -> 1.6453049
A23: NEO (1Y, Blume-adj.) | B23: =0.67*'FS Comps'!K92+0.33 -> 2.0700021 | C23: ='FS Comps'!I52 -> 229.70414 | D23: ='FS Comps'!F52 -> 1195.4395 | E23: ='3 Statement Model'!J12 -> 0.3 | F23: =B23/(1+(1-E23)*(C23/D23)) -> 1.8245857
B25: Unlevered | C25: Debt | D25: Equity | F25: Levered
B26: Beta (peer median) | C26: (C$ M) | D26: Value (C$ M) | E26: Tax Rate | F26: Beta
A28: =A23 -> NEO (1Y, Blume-adj.) | B28: =F22 -> 1.6453049 | C28: =C23 -> 229.70414 | D28: =D23 -> 1195.4395 | E28: =E23 -> 0.3 | F28: =B28*(1+(1-E28)*(C28/D28)) -> 1.866607
A30: Cost of Equity - Peer Beta | F30: =D9+D10*F28 -> 0.13133035
A31: NEO 3-Year Adjusted Beta (FactSet): | D31: =Snapshot!C32 -> 1.67
A32: Cost of Equity - NEO 3Y Beta (used) | F32: =D9+D10*D31 -> 0.1215
A34: WACC
A36: WACC | F36: =F32*(D28/(D28+C28))+D11*(C28/(C28+D28))*(1-E28) -> 0.10868622
A38: DCF Model
A40: Assumptions
A41: Tax Rate | C41: ='3 Statement Model'!J12-Scenarios!$AG$15 -> 0.3
A42: Discount Rate | C42: =F36-Scenarios!$AG$10 -> 0.10868622
A43: Exit EV/EBITDA Multiple | C43: =Comps!B49+Scenarios!$AG$9 -> 13.982903
A44: Transaction (valuation) Date | C44: 46333
A45: Current Price (C$, FactSet) | C45: ='FS Comps'!D10 -> 24.9
A46: Diluted Shares Outstanding (M) | C46: ='FS Comps'!H10 -> 46.167708
A47: Perpetual Growth Rate | C47: =Scenarios!S114 -> 0.025
A48: Terminal Method (1 = Exit, 2 = Gordon, 3 = Average) | C48: 1
A49: Discounted Cash Flow | C49: Entry | D49: 2026E | E49: 2027E | F49: 2028E | G49: 2029E | H49: 2030E | I49: 2031E | J49: 2032E | K49: 2033E | L49: 2034E | M49: 2035E | N49: Exit | P49: Terminal Value
A50: Date | C50: =C44 -> 46333 | D50: 46387 | E50: 46752 | F50: 47118 | G50: 47483 | H50: 47848 | I50: 48213 | J50: 48579 | K50: 48944 | L50: 49309 | M50: 49674 | N50: =M50 -> 49674 | P50: Exit EV/EBITDA x 2035E EBITDA | R50: =M58*C43 -> 3625.2335
A51: Year Fraction | D51: =YEARFRAC(C50,D50) -> 0.15 | E51: =YEARFRAC(D50,E50) -> 1 | F51: =YEARFRAC(E50,F50) -> 1 | G51: =YEARFRAC(F50,G50) -> 1 | H51: =YEARFRAC(G50,H50) -> 1 | I51: =YEARFRAC(H50,I50) -> 1 | J51: =YEARFRAC(I50,J50) -> 1 | K51: =YEARFRAC(J50,K50) -> 1 | ... M51: =YEARFRAC(L50,M50) -> 1 | N51: =M51 -> 1 | P51: Gordon: 2035E FCF x (1+g) / (WACC - g) | R51: =M61*(1+C47)/(C42-C47) -> 1676.4845
P52: Terminal value used | R52: =CHOOSE(C48,R50,R51,AVERAGE(R50,R51)) -> 3625.2335
A53: EBIT (EBT + non-operating) | D53: ='3 Statement Model'!J39+'3 Statement Model'!J36 -> 157.50504 | E53: ='3 Statement Model'!K39+'3 Statement Model'!K36 -> 159.63607 | F53: ='3 Statement Model'!L39+'3 Statement Model'!L36 -> 166.50478 | G53: ='3 Statement Model'!M39+'3 Statement Model'!M36 -> 175.29743 | H53: ='3 Statement Model'!N39+'3 Statement Model'!N36 -> 192.12826 | I53: ='3 Statement Model'!O39+'3 Statement Model'!O36 -> 206.87642 | J53: ='3 Statement Model'!P39+'3 Statement Model'!P36 -> 209.6176 | K53: ='3 Statement Model'!Q39+'3 Statement Model'!Q36 -> 212.23043 | ... M53: ='3 Statement Model'!S39+'3 Statement Model'!S36 -> 217.5935 | P53: Implied EV/EBITDA (Gordon) | R53: =R51/M58 -> 6.466375
A54: Cash Taxes | D54: =MAX(0,D53)*$C$41 -> 47.251512 | E54: =MAX(0,E53)*$C$41 -> 47.890821 | F54: =MAX(0,F53)*$C$41 -> 49.951435 | G54: =MAX(0,G53)*$C$41 -> 52.589229 | H54: =MAX(0,H53)*$C$41 -> 57.638479 | I54: =MAX(0,I53)*$C$41 -> 62.062927 | J54: =MAX(0,J53)*$C$41 -> 62.885281 | K54: =MAX(0,K53)*$C$41 -> 63.66913 | ... M54: =MAX(0,M53)*$C$41 -> 65.278049 | P54: Implied perpetual growth (exit) | R54: =(R50*C42-M61)/(R50+M61) -> 0.068348926
A55: NOPAT | D55: =D53-D54 -> 110.25353 | E55: =E53-E54 -> 111.74525 | F55: =F53-F54 -> 116.55335 | G55: =G53-G54 -> 122.7082 | H55: =H53-H54 -> 134.48979 | I55: =I53-I54 -> 144.8135 | J55: =J53-J54 -> 146.73232 | K55: =K53-K54 -> 148.5613 | ... M55: =M53-M54 -> 152.31545
A56: D&A | D56: ='3 Statement Model'!J35 -> 21.76093 | E56: ='3 Statement Model'!K35 -> 24.255398 | F56: ='3 Statement Model'!L35 -> 28.718229 | G56: ='3 Statement Model'!M35 -> 34.463759 | H56: ='3 Statement Model'!N35 -> 38.835863 | I56: ='3 Statement Model'!O35 -> 39.285419 | J56: ='3 Statement Model'!P35 -> 39.868053 | K56: ='3 Statement Model'!Q35 -> 40.460721 | ... M56: ='3 Statement Model'!S35 -> 41.668374
A57: SBC (memo) | D57: ='3 Statement Model'!J84 -> 12.108103 | E57: ='3 Statement Model'!K84 -> 13.75848 | F57: ='3 Statement Model'!L84 -> 15.665042 | G57: ='3 Statement Model'!M84 -> 17.690665 | H57: ='3 Statement Model'!N84 -> 19.263971 | I57: ='3 Statement Model'!O84 -> 20.179613 | J57: ='3 Statement Model'!P84 -> 20.486441 | K57: ='3 Statement Model'!Q84 -> 20.782996 | ... M57: ='3 Statement Model'!S84 -> 21.390826
A58: EBITDA (reported basis) | D58: =D53+D56 -> 179.26597 | E58: =E53+E56 -> 183.89147 | F58: =F53+F56 -> 195.22301 | G58: =G53+G56 -> 209.76119 | H58: =H53+H56 -> 230.96413 | I58: =I53+I56 -> 246.16184 | J58: =J53+J56 -> 249.48566 | K58: =K53+K56 -> 252.69115 | ... M58: =M53+M56 -> 259.26187
A59: Capex | D59: ='3 Statement Model'!J91 -> -52.941777 | E59: ='3 Statement Model'!K91 -> -80.040784 | F59: ='3 Statement Model'!L91 -> -100.53736 | G59: ='3 Statement Model'!M91 -> -89.115056 | H59: ='3 Statement Model'!N91 -> -44.455317 | I59: ='3 Statement Model'!O91 -> -46.568338 | J59: ='3 Statement Model'!P91 -> -47.276401 | K59: ='3 Statement Model'!Q91 -> -47.96076 | ... M59: ='3 Statement Model'!S91 -> -49.363443
A60: Change in NWC | D60: ='3 Statement Model'!J86 -> -101.08731 | E60: ='3 Statement Model'!K86 -> 39.562706 | F60: ='3 Statement Model'!L86 -> -32.152398 | G60: ='3 Statement Model'!M86 -> -52.805253 | H60: ='3 Statement Model'!N86 -> -38.841681 | I60: ='3 Statement Model'!O86 -> -21.97893 | J60: ='3 Statement Model'!P86 -> -7.752731 | K60: ='3 Statement Model'!Q86 -> -7.4947296 | ... M60: ='3 Statement Model'!S86 -> -7.7436496
A61: Unlevered FCF | D61: =D55+D56+D59+D60 -> -22.014631 | E61: =E55+E56+E59+E60 -> 95.522568 | F61: =F55+F56+F59+F60 -> 12.581823 | G61: =G55+G56+G59+G60 -> 15.251652 | H61: =H55+H56+H59+H60 -> 90.02865 | I61: =I55+I56+I59+I60 -> 115.55165 | J61: =J55+J56+J59+J60 -> 131.57124 | K61: =K55+K56+K59+K60 -> 133.56653 | ... M61: =M55+M56+M59+M60 -> 136.87673 | N61: =R52 -> 3625.2335
A63: Transaction FCFF | C63: 0 | D63: =D61*D51 -> -3.3021946 | E63: =E61*E51 -> 95.522568 | F63: =F61*F51 -> 12.581823 | G63: =G61*G51 -> 15.251652 | H63: =H61*H51 -> 90.02865 | I63: =I61*I51 -> 115.55165 | J63: =J61*J51 -> 131.57124 | K63: =K61*K51 -> 133.56653 | ... N63: =N61*N51 -> 3625.2335
A65: IRR FCFF | C65: =-G73 -> -1219.9546 | D65: =D63 -> -3.3021946 | E65: =E63 -> 95.522568 | F65: =F63 -> 12.581823 | G65: =G63 -> 15.251652 | H65: =H63 -> 90.02865 | I65: =I63 -> 115.55165 | J65: =J63 -> 131.57124 | K65: =K63 -> 133.56653 | ... N65: =N63 -> 3625.2335
A67: Intrinsic Value | E67: Market Value | I67: Rate of Return
A68: Enterprise Value | C68: =XNPV(C42,C63:N63,C50:N50) -> 1884.2805 | E68: Market Cap | G68: =C46*C45 -> 1149.5759 | I68: Current Price | K68: =C45 -> 24.9
A69: Plus: Cash (30-Jun-2026) | C69: ='FS Comps'!H52 -> 136.5178 | E69: Plus: Debt | G69: =C72 -> 229.70414 | I69: Target Price (DCF) | K69: =C75 -> 39.289406
A70: Plus: Investments in affiliates | C70: =BS!B42 -> 23.461757 | E70: Plus: Minority interest | G70: =C71 -> 0.654044 | I70: Target Price Upside | K70: =(K69/K68)-1 -> 0.5778878
A71: Less: Minority interest | C71: ='FS Comps'!K52 -> 0.654044 | E71: Less: Investments in affiliates | G71: =C70 -> 23.461757 | I71: IRR | K71: =XIRR(C65:N65,C50:N50) -> 0.16979263
A72: Less: Debt (30-Jun-2026) | C72: ='FS Comps'!I52 -> 229.70414 | E72: Less: Cash | G72: =C69 -> 136.5178 | I72: TV share of EV | K72: =N63/(1+C42)^((N50-C50)/365)/C68 -> 0.7482347
A73: Equity Value | C73: =C68+C69+C70-C71-C72 -> 1813.9018 | E73: Enterprise Value | G73: =G68+G69+G70-G71-G72 -> 1219.9546 | I73: PV of 2026-35 FCF | K73: =C68-N63/(1+C42)^((N50-C50)/365) -> 474.39643
I74: EV / 2027E EBITDA at market | K74: =G73/E58 -> 6.6341009
A75: Equity Value/Share | C75: =C73/C46 -> 39.289406
A76: Implied Upside / (Downside) vs Current Price | C76: =C75/C45-1 -> 0.5778878
P77: Sensitivity: Value per Share (C$) - WACC vs Exit Multiple
P78: WACC \ Exit | Q78: =ROUND($C$43,1)+(-2) -> 12 | R78: =ROUND($C$43,1)+(-1) -> 13 | S78: =ROUND($C$43,1)+(0) -> 14 | T78: =ROUND($C$43,1)+(1) -> 15 | U78: =ROUND($C$43,1)+(2) -> 16
P79: =$C$42+(-0.02) -> 0.088686219 | Q79: =(SUMPRODUCT($D$63:$M$63,1/(1+$P79)^(($D$50:$M$50-$C$50)/365))+CHOOSE($C$48,$M$58*Q$78,$M$61*(1+$C$47)/($P79-$C$47),AVERAGE($M$58*Q$78,$M$61*(1+$C$47)/($P79-$C$47)))/(1+$P79)^(($M$50-$C$50)/365)+$C$69+$C$70-$C$71-$C$72)/$C$46 -> 40.798953 | R79: =(SUMPRODUCT($D$63:$M$63,1/(1+$P79)^(($D$50:$M$50-$C$50)/365))+CHOOSE($C$48,$M$58*R$78,$M$61*(1+$C$47)/($P79-$C$47),AVERAGE($M$58*R$78,$M$61*(1+$C$47)/($P79-$C$47)))/(1+$P79)^(($M$50-$C$50)/365)+$C$69+$C$70-$C$71-$C$72)/$C$46 -> 43.378919 | S79: =(SUMPRODUCT($D$63:$M$63,1/(1+$P79)^(($D$50:$M$50-$C$50)/365))+CHOOSE($C$48,$M$58*S$78,$M$61*(1+$C$47)/($P79-$C$47),AVERAGE($M$58*S$78,$M$61*(1+$C$47)/($P79-$C$47)))/(1+$P79)^(($M$50-$C$50)/365)+$C$69+$C$70-$C$71-$C$72)/$C$46 -> 45.958886 | T79: =(SUMPRODUCT($D$63:$M$63,1/(1+$P79)^(($D$50:$M$50-$C$50)/365))+CHOOSE($C$48,$M$58*T$78,$M$61*(1+$C$47)/($P79-$C$47),AVERAGE($M$58*T$78,$M$61*(1+$C$47)/($P79-$C$47)))/(1+$P79)^(($M$50-$C$50)/365)+$C$69+$C$70-$C$71-$C$72)/$C$46 -> 48.538852 | U79: =(SUMPRODUCT($D$63:$M$63,1/(1+$P79)^(($D$50:$M$50-$C$50)/365))+CHOOSE($C$48,$M$58*U$78,$M$61*(1+$C$47)/($P79-$C$47),AVERAGE($M$58*U$78,$M$61*(1+$C$47)/($P79-$C$47)))/(1+$P79)^(($M$50-$C$50)/365)+$C$69+$C$70-$C$71-$C$72)/$C$46 -> 51.118818
P80: =$C$42+(-0.01) -> 0.098686219 | Q80: =(SUMPRODUCT($D$63:$M$63,1/(1+$P80)^(($D$50:$M$50-$C$50)/365))+CHOOSE($C$48,$M$58*Q$78,$M$61*(1+$C$47)/($P80-$C$47),AVERAGE($M$58*Q$78,$M$61*(1+$C$47)/($P80-$C$47)))/(1+$P80)^(($M$50-$C$50)/365)+$C$69+$C$70-$C$71-$C$72)/$C$46 -> 37.750067 | R80: =(SUMPRODUCT($D$63:$M$63,1/(1+$P80)^(($D$50:$M$50-$C$50)/365))+CHOOSE($C$48,$M$58*R$78,$M$61*(1+$C$47)/($P80-$C$47),AVERAGE($M$58*R$78,$M$61*(1+$C$47)/($P80-$C$47)))/(1+$P80)^(($M$50-$C$50)/365)+$C$69+$C$70-$C$71-$C$72)/$C$46 -> 40.122895 | S80: =(SUMPRODUCT($D$63:$M$63,1/(1+$P80)^(($D$50:$M$50-$C$50)/365))+CHOOSE($C$48,$M$58*S$78,$M$61*(1+$C$47)/($P80-$C$47),AVERAGE($M$58*S$78,$M$61*(1+$C$47)/($P80-$C$47)))/(1+$P80)^(($M$50-$C$50)/365)+$C$69+$C$70-$C$71-$C$72)/$C$46 -> 42.495722 | T80: =(SUMPRODUCT($D$63:$M$63,1/(1+$P80)^(($D$50:$M$50-$C$50)/365))+CHOOSE($C$48,$M$58*T$78,$M$61*(1+$C$47)/($P80-$C$47),AVERAGE($M$58*T$78,$M$61*(1+$C$47)/($P80-$C$47)))/(1+$P80)^(($M$50-$C$50)/365)+$C$69+$C$70-$C$71-$C$72)/$C$46 -> 44.86855 | U80: =(SUMPRODUCT($D$63:$M$63,1/(1+$P80)^(($D$50:$M$50-$C$50)/365))+CHOOSE($C$48,$M$58*U$78,$M$61*(1+$C$47)/($P80-$C$47),AVERAGE($M$58*U$78,$M$61*(1+$C$47)/($P80-$C$47)))/(1+$P80)^(($M$50-$C$50)/365)+$C$69+$C$70-$C$71-$C$72)/$C$46 -> 47.241378
P81: =$C$42+(0) -> 0.10868622 | Q81: =(SUMPRODUCT($D$63:$M$63,1/(1+$P81)^(($D$50:$M$50-$C$50)/365))+CHOOSE($C$48,$M$58*Q$78,$M$61*(1+$C$47)/($P81-$C$47),AVERAGE($M$58*Q$78,$M$61*(1+$C$47)/($P81-$C$47)))/(1+$P81)^(($M$50-$C$50)/365)+$C$69+$C$70-$C$71-$C$72)/$C$46 -> 34.958796 | R81: =(SUMPRODUCT($D$63:$M$63,1/(1+$P81)^(($D$50:$M$50-$C$50)/365))+CHOOSE($C$48,$M$58*R$78,$M$61*(1+$C$47)/($P81-$C$47),AVERAGE($M$58*R$78,$M$61*(1+$C$47)/($P81-$C$47)))/(1+$P81)^(($M$50-$C$50)/365)+$C$69+$C$70-$C$71-$C$72)/$C$46 -> 37.142771 | S81: =(SUMPRODUCT($D$63:$M$63,1/(1+$P81)^(($D$50:$M$50-$C$50)/365))+CHOOSE($C$48,$M$58*S$78,$M$61*(1+$C$47)/($P81-$C$47),AVERAGE($M$58*S$78,$M$61*(1+$C$47)/($P81-$C$47)))/(1+$P81)^(($M$50-$C$50)/365)+$C$69+$C$70-$C$71-$C$72)/$C$46 -> 39.326746 | T81: =(SUMPRODUCT($D$63:$M$63,1/(1+$P81)^(($D$50:$M$50-$C$50)/365))+CHOOSE($C$48,$M$58*T$78,$M$61*(1+$C$47)/($P81-$C$47),AVERAGE($M$58*T$78,$M$61*(1+$C$47)/($P81-$C$47)))/(1+$P81)^(($M$50-$C$50)/365)+$C$69+$C$70-$C$71-$C$72)/$C$46 -> 41.510722 | U81: =(SUMPRODUCT($D$63:$M$63,1/(1+$P81)^(($D$50:$M$50-$C$50)/365))+CHOOSE($C$48,$M$58*U$78,$M$61*(1+$C$47)/($P81-$C$47),AVERAGE($M$58*U$78,$M$61*(1+$C$47)/($P81-$C$47)))/(1+$P81)^(($M$50-$C$50)/365)+$C$69+$C$70-$C$71-$C$72)/$C$46 -> 43.694697
P82: =$C$42+(0.01) -> 0.11868622 | Q82: =(SUMPRODUCT($D$63:$M$63,1/(1+$P82)^(($D$50:$M$50-$C$50)/365))+CHOOSE($C$48,$M$58*Q$78,$M$61*(1+$C$47)/($P82-$C$47),AVERAGE($M$58*Q$78,$M$61*(1+$C$47)/($P82-$C$47)))/(1+$P82)^(($M$50-$C$50)/365)+$C$69+$C$70-$C$71-$C$72)/$C$46 -> 32.400986 | R82: =(SUMPRODUCT($D$63:$M$63,1/(1+$P82)^(($D$50:$M$50-$C$50)/365))+CHOOSE($C$48,$M$58*R$78,$M$61*(1+$C$47)/($P82-$C$47),AVERAGE($M$58*R$78,$M$61*(1+$C$47)/($P82-$C$47)))/(1+$P82)^(($M$50-$C$50)/365)+$C$69+$C$70-$C$71-$C$72)/$C$46 -> 34.412637 | S82: =(SUMPRODUCT($D$63:$M$63,1/(1+$P82)^(($D$50:$M$50-$C$50)/365))+CHOOSE($C$48,$M$58*S$78,$M$61*(1+$C$47)/($P82-$C$47),AVERAGE($M$58*S$78,$M$61*(1+$C$47)/($P82-$C$47)))/(1+$P82)^(($M$50-$C$50)/365)+$C$69+$C$70-$C$71-$C$72)/$C$46 -> 36.424288 | T82: =(SUMPRODUCT($D$63:$M$63,1/(1+$P82)^(($D$50:$M$50-$C$50)/365))+CHOOSE($C$48,$M$58*T$78,$M$61*(1+$C$47)/($P82-$C$47),AVERAGE($M$58*T$78,$M$61*(1+$C$47)/($P82-$C$47)))/(1+$P82)^(($M$50-$C$50)/365)+$C$69+$C$70-$C$71-$C$72)/$C$46 -> 38.43594 | U82: =(SUMPRODUCT($D$63:$M$63,1/(1+$P82)^(($D$50:$M$50-$C$50)/365))+CHOOSE($C$48,$M$58*U$78,$M$61*(1+$C$47)/($P82-$C$47),AVERAGE($M$58*U$78,$M$61*(1+$C$47)/($P82-$C$47)))/(1+$P82)^(($M$50-$C$50)/365)+$C$69+$C$70-$C$71-$C$72)/$C$46 -> 40.447591
P83: =$C$42+(0.02) -> 0.12868622 | Q83: =(SUMPRODUCT($D$63:$M$63,1/(1+$P83)^(($D$50:$M$50-$C$50)/365))+CHOOSE($C$48,$M$58*Q$78,$M$61*(1+$C$47)/($P83-$C$47),AVERAGE($M$58*Q$78,$M$61*(1+$C$47)/($P83-$C$47)))/(1+$P83)^(($M$50-$C$50)/365)+$C$69+$C$70-$C$71-$C$72)/$C$46 -> 30.054952 | R83: =(SUMPRODUCT($D$63:$M$63,1/(1+$P83)^(($D$50:$M$50-$C$50)/365))+CHOOSE($C$48,$M$58*R$78,$M$61*(1+$C$47)/($P83-$C$47),AVERAGE($M$58*R$78,$M$61*(1+$C$47)/($P83-$C$47)))/(1+$P83)^(($M$50-$C$50)/365)+$C$69+$C$70-$C$71-$C$72)/$C$46 -> 31.909232 | S83: =(SUMPRODUCT($D$63:$M$63,1/(1+$P83)^(($D$50:$M$50-$C$50)/365))+CHOOSE($C$48,$M$58*S$78,$M$61*(1+$C$47)/($P83-$C$47),AVERAGE($M$58*S$78,$M$61*(1+$C$47)/($P83-$C$47)))/(1+$P83)^(($M$50-$C$50)/365)+$C$69+$C$70-$C$71-$C$72)/$C$46 -> 33.763512 | T83: =(SUMPRODUCT($D$63:$M$63,1/(1+$P83)^(($D$50:$M$50-$C$50)/365))+CHOOSE($C$48,$M$58*T$78,$M$61*(1+$C$47)/($P83-$C$47),AVERAGE($M$58*T$78,$M$61*(1+$C$47)/($P83-$C$47)))/(1+$P83)^(($M$50-$C$50)/365)+$C$69+$C$70-$C$71-$C$72)/$C$46 -> 35.617792 | U83: =(SUMPRODUCT($D$63:$M$63,1/(1+$P83)^(($D$50:$M$50-$C$50)/365))+CHOOSE($C$48,$M$58*U$78,$M$61*(1+$C$47)/($P83-$C$47),AVERAGE($M$58*U$78,$M$61*(1+$C$47)/($P83-$C$47)))/(1+$P83)^(($M$50-$C$50)/365)+$C$69+$C$70-$C$71-$C$72)/$C$46 -> 37.472072

Sheet Comps
A1: Trading Comparables (C$ M, FactSet, 7-Nov-2026)
A2: Company | B2: Ticker | C2: Why it is a comp | D2: Mkt Cap | E2: Net Debt | F2: EV | G2: EV/Sales LTM | H2: EV/EBIT LTM | I2: EV/EBITDA LTM | J2: P/E FY1 | K2: P/E FY2 | L2: EBITDA Mgn LTM | M2: EBITDA Mgn NTM
A3: Specialty metals & recycling
A4: ='FS Comps'!A20 -> Dowa | B4: 5714-JP | C4: Rare/minor metal recycling + smelting (Rare Metals) | D4: ='FS Comps'!E20 -> 3910.8173 | E4: ='FS Comps'!I62-'FS Comps'!H62 -> 1036.6195 | F4: ='FS Comps'!F20 -> 5273.3481 | G4: ='FS Comps'!I41 -> 0.702302 | H4: ='FS Comps'!L20 -> 11.230455 | I4: ='FS Comps'!M20 -> 7.02818 | J4: ='FS Comps'!G41 -> 6.861837 | K4: ='FS Comps'!H41 -> 7.061873 | L4: =IFERROR('FS Comps'!F81/100,"-") -> 0.09992655 | M4: =IFERROR('FS Comps'!G81/100,"-") -> 0.09898619
A5: ='FS Comps'!A24 -> JX Advanced Metals | B5: 5016-JP | C5: Rare metals, sputtering targets (Rare Metals) | D5: ='FS Comps'!E24 -> 20571.224 | E5: ='FS Comps'!I66-'FS Comps'!H66 -> 2044.8508 | F5: ='FS Comps'!F24 -> 20114.536 | G5: ='FS Comps'!I45 -> 2.355096 | H5: ='FS Comps'!L24 -> 20.815331 | I5: ='FS Comps'!M24 -> 14.541631 | J5: ='FS Comps'!G45 -> 12.646644 | K5: ='FS Comps'!H45 -> 11.422842 | L5: =IFERROR('FS Comps'!F85/100,"-") -> 0.16195546 | M5: =IFERROR('FS Comps'!G85/100,"-") -> 0.29191784
A6: ='FS Comps'!A18 -> Materion | B6: MTRN-US | C6: Specialty metals & alloys (Rare Metals) | D6: ='FS Comps'!E18 -> 5636.5441 | E6: ='FS Comps'!I60-'FS Comps'!H60 -> 647.17173 | F6: ='FS Comps'!F18 -> 6260.073 | G6: ='FS Comps'!I39 -> 2.031614 | H6: ='FS Comps'!L18 -> 30.790753 | I6: ='FS Comps'!M18 -> 20.378897 | J6: ='FS Comps'!G39 -> 26.057919 | K6: ='FS Comps'!H39 -> 21.871107 | L6: =IFERROR('FS Comps'!F79/100,"-") -> 0.09969206 | M6: =IFERROR('FS Comps'!G79/100,"-") -> 0.11855509
A7: ='FS Comps'!A17 -> Umicore | B7: UMI-BE | C7: Recycling, catalysts, specialty materials (RM, C&O) | D7: ='FS Comps'!E17 -> 6993.0781 | E7: ='FS Comps'!I59-'FS Comps'!H59 -> 2354.2533 | F7: ='FS Comps'!F17 -> 8731.9849 | G7: ='FS Comps'!I38 -> 0.220222 | H7: ='FS Comps'!L17 -> 4.752402 | I7: ='FS Comps'!M17 -> 3.838235 | J7: ='FS Comps'!G38 -> 9.921482 | K7: ='FS Comps'!H38 -> 10.07426 | L7: =IFERROR('FS Comps'!F78/100,"-") -> 0.05737577 | M7: =IFERROR('FS Comps'!G78/100,"-") -> 0.2653063
A8: Western rare earths & magnets
A9: ='FS Comps'!A11 -> Lynas Rare Earths | B9: LYC-AU | C9: Ex-China rare earth separation (C&O) | D9: ='FS Comps'!E11 -> 12058.362 | E9: ='FS Comps'!I53-'FS Comps'!H53 -> -855.88169 | F9: ='FS Comps'!F11 -> 10987.562 | G9: ='FS Comps'!I32 -> 11.998773 | H9: ='FS Comps'!L11 -> 48.647592 | I9: ='FS Comps'!M11 -> 29.991181 | J9: ='FS Comps'!G32 -> 26.251358 | K9: ='FS Comps'!H32 -> 15.921026 | L9: =IFERROR('FS Comps'!F72/100,"-") -> 0.40007669 | M9: =IFERROR('FS Comps'!G72/100,"-") -> 0.55661976
A10: ='FS Comps'!A15 -> MP Materials A | B10: MP-US | C10: US rare earths + magnet plant (Magnequench) | D10: ='FS Comps'!E15 -> 11725.632 | E10: ='FS Comps'!I57-'FS Comps'!H57 -> -546.83232 | F10: ='FS Comps'!F15 -> 9967.6579 | G10: ='FS Comps'!I36 -> 13.854806 | H10: ='FS Comps'!L15 -> - | I10: ='FS Comps'!M15 -> 66.543033 | J10: ='FS Comps'!G36 -> - | K10: ='FS Comps'!H36 -> 59.84639 | L10: =IFERROR('FS Comps'!F76/100,"-") -> 0.2082082 | M10: =IFERROR('FS Comps'!G76/100,"-") -> 0.41502766
A11: Median, specialty metals & recycling | G11: =IFERROR(MEDIAN(G4:G7),"-") -> 1.366958 | H11: =IFERROR(MEDIAN(H4:H7),"-") -> 16.022893 | I11: =IFERROR(MEDIAN(I4:I7),"-") -> 10.784906 | J11: =IFERROR(MEDIAN(J4:J7),"-") -> 11.284063 | K11: =IFERROR(MEDIAN(K4:K7),"-") -> 10.748551 | L11: =IFERROR(MEDIAN(L4:L7),"-") -> 0.099809305 | M11: =IFERROR(MEDIAN(M4:M7),"-") -> 0.19193069
A12: Median, Western rare earths & magnets | G12: =IFERROR(MEDIAN(G9:G10),"-") -> 12.926789 | H12: =IFERROR(MEDIAN(H9:H10),"-") -> 48.647592 | I12: =IFERROR(MEDIAN(I9:I10),"-") -> 48.267107 | J12: =IFERROR(MEDIAN(J9:J10),"-") -> 26.251358 | K12: =IFERROR(MEDIAN(K9:K10),"-") -> 37.883708 | L12: =IFERROR(MEDIAN(L9:L10),"-") -> 0.30414244 | M12: =IFERROR(MEDIAN(M9:M10),"-") -> 0.48582371
A13: Median, all six | G13: =IFERROR(MEDIAN(G4:G7,G9:G10),"-") -> 2.193355 | H13: =IFERROR(MEDIAN(H4:H7,H9:H10),"-") -> 20.815331 | I13: =IFERROR(MEDIAN(I4:I7,I9:I10),"-") -> 17.460264 | J13: =IFERROR(MEDIAN(J4:J7,J9:J10),"-") -> 12.646644 | K13: =IFERROR(MEDIAN(K4:K7,K9:K10),"-") -> 13.671934 | L13: =IFERROR(MEDIAN(L4:L7,L9:L10),"-") -> 0.130941 | M13: =IFERROR(MEDIAN(M4:M7,M9:M10),"-") -> 0.27861207
A14: Neo Performance Materials (market) | B14: NEO-CA | D14: ='FS Comps'!E10 -> 1195.4395 | E14: ='FS Comps'!I52-'FS Comps'!H52 -> 93.186338 | F14: ='FS Comps'!F10 -> 1263.5324 | G14: ='FS Comps'!I31 -> 1.516119 | H14: ='FS Comps'!L10 -> 11.125884 | I14: ='FS Comps'!M10 -> 9.388245 | J14: ='FS Comps'!G31 -> 13.395441 | K14: ='FS Comps'!H31 -> 12.521413
A15: NEO on our 2026E / 2027E reported EBITDA | I15: =F14/'3 Statement Model'!J47 -> 7.0483675 | J15: =F14/'3 Statement Model'!K47 -> 6.871077
A18: Specialty metals median | E18: All six median | I18: Re-Rate (Half of all six)
A19: Relative Valuation: | B19: EV/EBITDA | C19: P/E | E19: Relative Valuation: | F19: EV/EBITDA | G19: P/E | I19: Relative Valuation: | J19: EV/EBITDA | K19: P/E
A20: Multiple | B20: =B37 -> 14.541631 | C20: =K11*1 -> 10.748551 | E20: Multiple | F20: =I13*1 -> 17.460264 | G20: =K13*1 -> 13.671934 | I20: Multiple | J20: =I13*0.5 -> 8.730132 | K20: =K13*0.5 -> 6.835967
A21: 2027E est. (EBITDA / NI) | B21: ='3 Statement Model'!K47 -> 183.89147 | C21: ='3 Statement Model'!K44 -> 102.09767 | E21: 2027E est. (EBITDA / NI) | F21: ='3 Statement Model'!K47 -> 183.89147 | G21: ='3 Statement Model'!K44 -> 102.09767 | I21: 2027E est. (EBITDA / NI) | J21: ='3 Statement Model'!K47 -> 183.89147 | K21: ='3 Statement Model'!K44 -> 102.09767
A22: Implied EV | B22: =B20*B21 -> 2674.0819 | E22: Implied EV | F22: =F20*F21 -> 3210.7936 | I22: Implied EV | J22: =J20*J21 -> 1605.3968
A23: Less net debt & MI, plus affiliates | B23: ='DCF & WACC Calculation'!C72+'DCF & WACC Calculation'!C71-'DCF & WACC Calculation'!C69-'DCF & WACC Calculation'!C70 -> 70.378625 | E23: Less net debt & MI, plus affiliates | F23: ='DCF & WACC Calculation'!C72+'DCF & WACC Calculation'!C71-'DCF & WACC Calculation'!C69-'DCF & WACC Calculation'!C70 -> 70.378625 | I23: Less net debt & MI, plus affiliates | J23: ='DCF & WACC Calculation'!C72+'DCF & WACC Calculation'!C71-'DCF & WACC Calculation'!C69-'DCF & WACC Calculation'!C70 -> 70.378625
A24: Equity value | B24: =B22-B23 -> 2603.7032 | C24: =C20*C21 -> 1097.4021 | E24: Equity value | F24: =F22-F23 -> 3140.4149 | G24: =G20*G21 -> 1395.8727 | I24: Equity value | J24: =J22-J23 -> 1535.0182 | K24: =K20*K21 -> 697.93633
A25: Shares Outstanding | B25: ='DCF & WACC Calculation'!C46 -> 46.167708 | C25: =B25 -> 46.167708 | E25: Shares Outstanding | F25: ='DCF & WACC Calculation'!C46 -> 46.167708 | G25: =F25 -> 46.167708 | I25: Shares Outstanding | J25: ='DCF & WACC Calculation'!C46 -> 46.167708 | K25: =J25 -> 46.167708
A26: Implied Price | B26: =B24/B25 -> 56.396632 | C26: =C24/C25 -> 23.769906 | E26: Implied Price | F26: =F24/F25 -> 68.021894 | G26: =G24/G25 -> 30.234827 | I26: Implied Price | J26: =J24/J25 -> 33.248741 | K26: =K24/K25 -> 15.117414
A27: Current Price | B27: ='DCF & WACC Calculation'!C45 -> 24.9 | C27: =B27 -> 24.9 | E27: Current Price | F27: ='DCF & WACC Calculation'!C45 -> 24.9 | G27: =F27 -> 24.9 | I27: Current Price | J27: ='DCF & WACC Calculation'!C45 -> 24.9 | K27: =J27 -> 24.9
A28: Implied Upside | B28: =B26/B27-1 -> 1.264925 | C28: =C26/C27-1 -> -0.045385319 | E28: Implied Upside | F28: =F26/F27-1 -> 1.731803 | G28: =G26/G27-1 -> 0.21425008 | I28: Implied Upside | J28: =J26/J27-1 -> 0.33529079 | K28: =K26/K27-1 -> -0.39287496
A32: Exit Multiple Build (2035E)
A34: Specialty metals ex-Umicore
A35: Umicore LTM EV/EBITDA (FactSet) | B35: =I7 -> 3.838235 | C35: Precious-metal pass-through distorts sales
A36: Ex Umicore: average | B36: =AVERAGE(I4:I6) -> 13.982903 | C36: Dowa, JX, Materion
A37: Ex Umicore: median | B37: =MEDIAN(I4:I6) -> 14.541631 | C37: Dowa, JX, Materion
A38: Average incl. Umicore | B38: =AVERAGE(I4:I7) -> 11.446736
A40: Sum-of-the-parts exit multiple
A41: Segment | B41: 2035E adj. EBITDA | C41: Peer basis | D41: Peer multiple | E41: Scarcity discount | F41: Multiple used | G41: EV | H41: % of segment EBITDA
A42: Rare Metals | B42: ='Revenue Build'!S8 -> 140.5029 | C42: Dowa, JX, Materion average | D42: =$B$36 -> 13.982903 | E42: 0 | F42: =D42*(1-E42) -> 13.982903 | G42: =B42*F42 -> 1964.6383 | H42: =B42/$B$46 -> 0.43277908
A43: Chemicals & Oxides | B43: ='Revenue Build'!S28 -> 42.031879 | C43: Specialty metals ex Umicore | D43: =$B$36 -> 13.982903 | E43: 0 | F43: =D43*(1-E43) -> 13.982903 | G43: =B43*F43 -> 587.72767 | H43: =B43/$B$46 -> 0.12946721
A44: Bonded powders | B44: ='Revenue Build'!S18 -> 57.330423 | C44: Specialty metals ex Umicore | D44: =$B$36 -> 13.982903 | E44: 0 | F44: =D44*(1-E44) -> 13.982903 | G44: =B44*F44 -> 801.64572 | H44: =B44/$B$46 -> 0.17659001
A45: Narva sintered magnets | B45: ='Revenue Build'!S19 -> 84.7875 | C45: Base: peer avg; Bull: Lynas less discount; Bear: full life | D45: =I9 -> 29.991181 | E45: 0.5 | F45: =CHOOSE(Scenarios!$S$132,$B$36,D45*(1-E45),Narva!$E$77) -> 13.982903 | G45: =B45*F45 -> 1185.5754 | H45: =B45/$B$46 -> 0.2611637
A46: Segment total | B46: =SUM(B42:B45) -> 324.6527 | F46: =G46/B46 -> 13.982903 | G46: =SUM(G42:G45) -> 4539.5871 | H46: =SUM(H42:H45) -> 1
A47: Corporate costs | B47: ='Revenue Build'!S34 -> -39 | C47: At blended segment multiple | F47: =F46 -> 13.982903 | G47: =B47*F47 -> -545.3332
A48: Total (adj. EBITDA basis) | B48: =B46+B47 -> 285.6527 | F48: =G48/B48 -> 13.982903 | G48: =G46+G47 -> 3994.2539
A49: SOTP exit multiple | B49: =F48 -> 13.982903
A50: Check vs Revenue Build | B50: =ROUND(B48-'Revenue Build'!S40,6) -> 0

Sheet Valuation Summary
B2: Valuation Summary
B3: Method | D3: Min | E3: Max | F3: Target | G3: Weight
B4: DCF (bear to bull) | D4: =D32 -> 11.894189 | E4: =D34 -> 62.704883 | F4: ='DCF & WACC Calculation'!C75 -> 39.289406 | G4: 0.5
B5: Comps | D5: =MIN(Comps!J26,Comps!B26) -> 33.248741 | E5: =MAX(Comps!F26,Comps!B26) -> 68.021894 | F5: =Comps!B26 -> 56.396632 | G5: 0.5
B6: Equity Research (6 Buys) | D6: =MIN(Targets!G5:G10) -> 50 | E6: =MAX(Targets!G5:G10) -> 66.7848 | F6: =Targets!G4 -> 56.8507
B7: 52W range | D7: ='FS Comps'!H92 -> 15.31 | E7: ='FS Comps'!E92 -> 47.189999
B9: Target Price (Low) | G9: =D4*G4+D5*G5 -> 22.571465
B10: Target Price (Low) Upside, % | G10: =G9/G14-1 -> -0.093515472
B11: Target Price (High) | G11: =E4*G4+E5*G5 -> 65.363388
B12: Target Price (High) Upside, % | G12: =G11/G14-1 -> 1.6250357
B13: 12-Month Target Price | G13: =F4*G4+F5*G5 -> 47.843019
B14: Current Price | G14: ='DCF & WACC Calculation'!C45 -> 24.9
B15: Dividend yield | G15: ='3 Statement Model'!J139/G14 -> 0.016064257
B16: Total Return (price + dividend) | G16: =G13/G14-1+G15 -> 0.93747064
B17: Rating (BUY > 15%, SELL < -10%) | G17: =IF(G16>0.15,"BUY",IF(G16<-0.1,"SELL","HOLD")) -> BUY
I19: Current Price | J19: =G14 -> 24.9
I20: Target Price | J20: =G13 -> 47.843019
B23: Method | D23: Low | E23: Range | F23: High
B24: =B4 -> DCF (bear to bull) | D24: =D4 -> 11.894189 | E24: =F24-D24 -> 50.810694 | F24: =E4 -> 62.704883
B25: =B5 -> Comps | D25: =D5 -> 33.248741 | E25: =F25-D25 -> 34.773153 | F25: =E5 -> 68.021894
B26: =B6 -> Equity Research (6 Buys) | D26: =D6 -> 50 | E26: =F26-D26 -> 16.7848 | F26: =E6 -> 66.7848
B27: =B7 -> 52W range | D27: =D7 -> 15.31 | E27: =F27-D27 -> 31.879999 | F27: =E7 -> 47.189999
B30: Scenario values (DCF, C$/share)
B31: Case | D31: Value (C$) | E31: Upside | F31: 2027E adj. EBITDA | G31: TV % of EV
B32: Bear | D32: 11.894189 | E32: -0.52232174 | F32: 66.999695 | G32: 0.8752807
B33: Base | D33: 39.289406 | E33: 0.5778878 | F33: 205.64995 | G33: 0.7482347
B34: Bull | D34: 62.704883 | E34: 1.5182684 | F34: 267.89935 | G34: 0.83754139

Sheet Thesis Map
B2: Thesis Map: what we argue, the evidence, and how each case models it
B3: Thesis point | C3: Evidence (source, date) | D3: Base: our thesis | E3: Bull: catalysts land early or bigger | F3: Bear: risks slow the thesis down | G3: What would change our mind
B4: I. Narva makes Magnequench the growth engine | C4: • Commercial production Sep-2026 • Phase 1A 2,000 t; Phase 1B to ~5,000 t • Bosch multi-year MOU; three tier-1 motor awards • 2-3 programs in production in 2026 • Phase 1B cost: Phase 1A €100M / 2,000 t → €150M for +3,000 t, less 31.5% EU grant = C$161M net Source: Q2-26 release; Narva tab | D4: • Ramp 300 t (2026) → 4,300 t (2030) → 4,750 t from 2031 (95% of 5,000 t) • Price US$75/kg; margin -9% → 17% • No Phase 2 • Phase 1B capex C$161M net of grant, 2027-29 • Exit 14.0x (peer average, no scarcity premium) • Stand-alone check: C$8.92/share at exit, C$4.33 on perpetuity; own cash flows support ~7.6x | E4: • New OEM awards fill Phase 1B early • Phase 2 funded: 10,000 t by 2032 • Price US$80-85/kg • Phase 2 capex C$392M, 2028-30, no grant • Exit 15.0x (Lynas less 50%) | F4: • Qualification slips a year; max 3,800 t • Chinese magnets undercut to US$58-62/kg • Deep start-up losses • Phase 1B 25% over budget • Exit ~4.8x (full life, 15 years after 2035) | G4: • Program start dates (Q3/Q4 calls) • Phase 1B commissioning date • Any Phase 2 funding
B5: II. Rare Metals pays for the build | C5: • Hafnium US$3,500 → 13,500/kg (Jul-25 to Jul-26) • Rare Metals EBITDA US$44M of Q2 US$57M • Guidance raised on "contracted volumes ... into 2027" • No hafnium forward curve • Consensus EBITDA C$226M / 203M / 207M (2026-28) Source: Q2-26 release; FactSet, 7-Nov-2026 | D5: • 2026 index 190 = guidance (H1 actual + H2 at ~80% of H1) • Held flat at 190 every year (no forward curve; standard commodity practice) • EBITDA C$206M / 206M / 216M (2026-28), in line with consensus for 2027-28 • Volume +5% in 2026, then ~2% a year • Margin 38% → 28% by 2029 as feedstock costs catch up | E5: • Contracts reprice to the H1-26 run-rate • Index 195 (2026), then 211 flat from 2027 • Export controls persist • Margin 37% (2027) easing to 30% | F5: • China eases export controls • Index 180 (2026), then 105-115 from 2027 (near 2025 levels) • Peak-cost inventory squeezes margin to 24-26% | G5: • Q3 Rare Metals EBITDA (10-Nov) • Whether 2027 contracts lock in price, not just volume • Hafnium price • China licensing changes
B6: III. Integrated Western supply chain | C6: • Silmet heavy rare earth line • EU CRMA strategic project (Oct-26) • Rainbow MOU, Carester, Sarfartoq sale with offtake kept (Aug-Sep 26) | D6: • Revenue +8% in 2026, easing to 2.5% • Margin 20% → 16% | E6: • CRMA offtake and pricing • Revenue +12% easing to 3% • Margin holds at 18% | F6: • NdPr slump and Zibo weakness • Revenue down in 2026-27 • Margin troughs at 10% | G6: • C&O margins in Q3 • Silmet volumes
B7: IV. Funded build, no new equity | C7: • May-26 C$115M equity raise • Debt drawn to C$230M by Jun-26 • €126M EU Innovation Fund grant (Oct-26) • Street capex C$53M / 59M / 44M (2026-28) Source: company releases; FactSet | D7: • Growth capex: Narva Phase 1B C$161M net (C$48M / 64M / 48M, 2027-29) + C$25M other in 2026 • Maintenance capex 3% of revenue • Total capex C$53M / 80M / 101M vs Street C$53M / 59M / 44M; above Street in 2027-28 because we fully fund Phase 1B • Silmet 2.0 and metallisation excluded (no capex, no benefit) • Inventory 230 → 165 days by 2028 as 2027 contracts deliver | E7: • Phase 2 capex C$392M (2028-30, no grant), funded from cash flow • Inventory 160 days | F7: • Phase 1B 25% over budget (C$201M net), slower ramp • Inventory stays heavy: 250 → 185 days • Revolver draws if cash < C$50M | G7: • Capex guidance • Grant timing • Working capital in Q3
B8: V. Valuation: priced like a processor, should trade like specialty-metals peers | C8: • At C$24.90 NEO trades at ~7x our 2027E reported EBITDA • Specialty-metals peers ex Umicore (Dowa, JX, Materion): 14.0x LTM • Umicore 3.8x distorted by precious-metal pass-through (EV/Sales 0.22x) • Lynas 30x LTM Source: FactSet, 7-Nov-2026 | D8: • Exit method (DCF C48 = 1): sum of the parts, all segments at 14.0x (peer average ex Umicore) • WACC 10.9% (NEO 3-year adjusted beta 1.67, FactSet) • Perpetual growth 2.5% as a cross-check • DCF C$39.29 • Target C$47.84 = 50% DCF + 50% comps (ex-Umicore median 14.5x on 2027E, C$56.40) → BUY | E8: • Narva re-rates as a scarce Western magnet maker: 15.0x (Lynas less 50%) • Other segments 14.0x • Perpetual growth 3% • DCF C$62.70 | F8: • Narva valued as a plant that runs out its life: ~4.8x • Other segments 14.0x • Perpetual growth 1.5% • DCF C$11.89 | G8: • Peer multiples • Rate moves • NEO 3-year beta

Sheet IS
A1: Neo Performance Materials, Inc. (NEO-CA)
A2: C$24.90
A5: Neo Performance Materials, Inc.
A6: NEO-CA 64046G106 BF5LL43 Toronto Common stock
A7: Source: FactSet Fundamentals
B8: JUN '26 | C8: DEC '25 | D8: DEC '24 | E8: DEC '23 | F8: DEC '22 | G8: DEC '21 | H8: DEC '20 | I8: DEC '19 | J8: DEC '18 | K8: DEC '17 | L8: DEC '16
B9: LTM
D10: Restate
A11: GAAP/IFRS Income Statement
A12: Sales | B12: 833.39898 | C12: 669.01198 | D12: 651.86608 | E12: 771.40684 | F12: 833.57419 | G12: 676.07657 | H12: 465.01838 | I12: 540.66296 | J12: 588.70397 | K12: 563.55575 | L12: 506.2924
A13: Cost of Goods Sold (COGS) incl. D&A | B13: 574.31326 | C13: 491.86234 | D13: 491.89841 | E13: 647.34766 | F13: 648.63939 | G13: 496.99591 | H13: 367.66138 | I13: 413.87127 | J13: 442.09018 | K13: 415.89283 | L13: 384.80502
A14: COGS excluding D&A | B14: 553.29353 | C14: 470.89463 | D14: 470.32836 | E14: 624.65537 | F14: 626.8737 | G14: 477.10544 | H14: 344.61782 | I14: 389.99109 | J14: 420.41988 | K14: 393.15299 | L14: 359.90443
A15: Depreciation & Amortization Expense | B15: 21.019729 | C15: 20.967712 | D15: 21.570045 | E15: 22.692287 | F15: 21.765688 | G15: 19.890468 | H15: 23.043554 | I15: 23.880174 | J15: 21.670299 | K15: 22.739839 | L15: 24.900582
A16: Depreciation | C16: 15.019455 | D16: 15.549064 | E16: 16.72937 | F16: 15.893027 | G16: 14.024253 | H16: 16.543608 | I16: 17.237725 | J16: 15.285474 | K16: 15.956438
A17: Amortization of Intangibles | C17: 5.948257 | D17: 6.020981 | E17: 5.962917 | F17: 5.872661 | G17: 5.866215 | H17: 6.499945 | I17: 6.642449 | J17: 6.384825 | K17: 6.783401
A18: Gross Income | B18: 259.08572 | C18: 177.14964 | D18: 159.96767 | E18: 124.05918 | F18: 184.9348 | G18: 179.08066 | H18: 97.357003 | I18: 126.79169 | J18: 146.61379 | K18: 147.66293 | L18: 121.48739
A19: SG&A Expense | B19: 145.5188 | C19: 132.78014 | D19: 111.41761 | E19: 106.67521 | F19: 107.02277 | G19: 103.84667 | H19: 92.763047 | I19: 75.684905 | J19: 91.02459 | K19: 102.45973 | L19: 83.271341
A20: Research & Development | B20: 23.925017 | C20: 26.111131 | D20: 23.109882 | E20: 21.789346 | F20: 27.091571 | G20: 24.897876 | H20: 18.408017 | I20: 19.009133 | J20: 21.831022 | K20: 20.396931 | L20: 17.955342
A21: Other SG&A | B21: 121.59378 | C21: 106.66901 | D21: 88.307724 | E21: 84.885862 | F21: 79.9312 | G21: 78.948797 | H21: 74.35503 | I21: 56.675772 | J21: 69.193568 | K21: 82.062796 | L21: 65.316
A22: Other Operating Expense | B22: 0 | C22: 0 | D22: 0 | E22: 2.31201 | F22: 1.60519 | G22: 0.1517 | H22: 79.24944 | I22: 1.34547 | J22: 0 | K22: 0 | L22: 0
A23: EBIT (Operating Income) | B23: 113.56692 | C23: 44.3695 | D23: 48.55007 | E23: 15.07196 | F23: 76.30684 | G23: 75.08229 | H23: -74.65548 | I23: 49.76131 | J23: 55.5892 | K23: 45.2032 | L23: 38.21605
A24: Nonoperating Income - Net | B24: -15.525403 | C24: -16.095371 | D24: -20.731626 | E24: 2.30796 | F24: -2.50867 | G24: -17.72527 | H24: -3.98232 | I24: -3.20048 | J24: -1.32855 | K24: 1.932738 | L24: -4.6147
A25: Nonoperating Interest Income | B25: 0.526237 | C25: 0.237539 | D25: 0.587714 | E25: 0 | F25: 0 | G25: 0 | H25: 0 | I25: 0 | J25: 0.8412 | K25: 0.197298
A26: Other Income (Expense) | B26: -16.05164 | C26: -16.33291 | D26: -21.31934 | E26: 2.30796 | F26: -2.50867 | G26: -17.72527 | H26: -3.98232 | I26: -3.20048 | J26: -2.16975 | K26: 1.73544 | L26: -4.6147
A27: Interest Expense | B27: 6.468188 | C27: 4.801084 | D27: 2.528949 | E27: 9.05235 | F27: 19.864982 | G27: 4.943468 | H27: 1.177662 | I27: 3.065133 | K27: 0 | L27: 9.699753
A28: Gross Interest Expense | B28: 8.067151 | C28: 4.801084 | D28: 2.528949 | E28: 9.05235 | F28: 19.864982 | G28: 4.943468 | H28: 1.177662 | I28: 3.065133 | K28: 0 | L28: 9.699753
A29: Interest Capitalized | B29: 1.598964 | C29: 0 | D29: 0 | E29: 0 | F29: 0 | G29: 0 | H29: 0 | I29: 0 | J29: 0 | K29: 0 | L29: 0
A30: Unusual Expense - Net | B30: 48.652005 | C30: 18.416263 | D30: 15.768258 | E30: 0 | F30: 0 | G30: 0 | H30: 0 | I30: 0 | J30: -15.254367 | L30: 3.273882
A31: Impairments | C31: 0 | D31: 0.189055 | G31: 0
A32: Property,Plant & Equipment | C32: 0 | D32: 0.189055
A33: Restructuring Expense | B33: 0 | C33: 0 | D33: 0 | E33: 0 | F33: 0 | G33: 0 | H33: 0 | I33: 0 | J33: 0 | K33: 0 | L33: 3.273882
A34: Unrealized Valuation Gain/Loss | B34: -48.652005 | C34: -18.416263 | D34: -15.579203
A35: Hedges/Derivatives | B35: -48.652005 | C35: -18.416263 | D35: -15.579203
A36: Excpl Chrgs - Others | I36: 0 | J36: -15.254367
A37: Other Unusual Expense | I37: 0 | J37: -15.254367
A38: Pretax Income | B38: 42.921326 | C38: 5.056787 | D38: 9.521233 | E38: 8.327569 | F38: 53.933186 | G38: 52.413546 | H38: -79.815467 | I38: 43.495699 | J38: 69.515013 | K38: 47.135939 | L38: 20.627709
A39: Income Taxes | B39: 40.640638 | C39: 20.12375 | D39: 24.583961 | E39: 15.768393 | F39: 23.163879 | G39: 12.010759 | H39: 2.203758 | I39: 13.381761 | J39: 16.156486 | K39: 15.437234 | L39: 18.453512
A40: Income Taxes - Current Domestic | C40: 23.116742 | D40: 28.549999 | E40: 18.003474 | F40: 21.850309 | G40: 17.681391 | H40: 8.353624 | I40: 15.273917 | J40: 18.273095 | K40: 15.078984
A41: Income Taxes - Deferred Domestic | C41: -2.992992 | D41: -3.966039 | E41: -2.235082 | F41: 1.31357 | G41: -5.670633 | H41: -6.149866 | I41: -1.892156 | J41: -2.11661 | K41: 0.358251
A42: Equity in Earnings of Affiliates | B42: -0.275675 | C42: 1.137393 | D42: -2.768692 | E42: -3.884399 | F42: 3.623058 | G42: 4.785497 | H42: 1.421779 | I42: 0.504221 | J42: -0.036292 | K42: 1.261666 | L42: 0.09142
A43: Consolidated Net Income | B43: 2.005014 | C43: -13.92957 | D43: -17.83142 | E43: -11.325223 | F43: 34.392365 | G43: 45.188285 | H43: -80.597445 | I43: 30.618159 | J43: 53.322235 | K43: 32.960371 | L43: 2.265616
A44: Minority Interest | B44: 0.004198 | C44: 0.020959 | D44: -0.095897 | E44: 0.068834 | F44: 0.613173 | G44: 1.085732 | H44: -2.894528 | I44: 0.205669 | J44: 0.445875 | K44: 1.003362 | L44: -0.215962
A45: Net Income | B45: 2.000816 | C45: -13.950529 | D45: -17.735523 | E45: -11.394057 | F45: 33.779192 | G45: 44.102553 | H45: -77.702917 | I45: 30.41249 | J45: 52.87636 | K45: 31.957009 | L45: 2.481579
A46: Net Income available to Common | B46: 2.000816 | C46: -13.950529 | D46: -17.735523 | E46: -11.394057 | F46: 33.779192 | G46: 44.102553 | H46: -77.702917 | I46: 30.41249 | J46: 52.87636 | K46: 31.957009 | L46: 2.481579
A47: Per Share
A48: EPS (recurring) | B48: 0.781005 | C48: -0.0254 | D48: -0.160335 | E48: -0.257057 | F48: 0.798043 | G48: 1.144233 | H48: -2.064921 | I48: 0.780548 | J48: 1.04534 | K48: 0.793246 | L48: 0.119696
A49: EPS (basic) | B49: 0.0232 | C49: -0.3346 | D49: -0.4246 | E49: -0.2571 | F49: 0.8044 | G49: 1.1563 | H49: -2.0649 | I49: 0.7834 | J49: 1.3268 | K49: 0.8048
A50: Basic Shares Outstanding | B50: 43.457452 | C50: 41.698665 | D50: 41.773443 | E50: 44.325106 | F50: 41.992938 | G50: 38.14011 | H50: 37.629963 | I50: 38.821647 | J50: 39.852189 | K50: 39.800816 | L50: 39.878384
A51: Total Shares Outstanding | B51: 46.081263 | C51: 41.598853 | D51: 41.771464 | E51: 42.027392 | F51: 45.196921 | G51: 40.668902 | H51: 37.46039 | I51: 37.798956 | J51: 39.65034 | K51: 39.921577 | L51: 39.878384
A52: EPS (diluted) | B52: -0.0119 | C52: -0.3346 | D52: -0.4246 | E52: -0.2571 | F52: 0.798 | G52: 1.1442 | H52: -2.0649 | I52: 0.7805 | J52: 1.3099 | K52: 0.7918 | L52: 0.0622
A53: Diluted Shares Outstanding | B53: 46.167708 | C53: 41.698665 | D53: 41.773443 | E53: 44.325106 | F53: 42.327548 | G53: 38.543348 | H53: 37.629963 | I53: 38.963015 | J53: 40.368007 | K53: 40.286402 | L53: 39.878384
A54: Total Shares Outstanding | B54: 46.081263 | C54: 41.598853 | D54: 41.771464 | E54: 42.027392 | F54: 45.196921 | G54: 40.668902 | H54: 37.46039 | I54: 37.798956 | J54: 39.65034 | K54: 39.921577 | L54: 39.878384
A55: Earnings Persistence | C55: 83.567 | D55: 86.202 | E55: 90.757 | F55: 82.046 | G55: 80.261 | H55: 78.345 | I55: 84.308 | J55: 78.536 | K55: 85.187 | L55: 79.976
A56: Dividends per Share | B56: 0.4 | C56: 0.4 | D56: 0.4 | E56: 0.4 | F56: 0.4 | G56: 0.4 | H56: 0.4 | I56: 0.395 | J56: 0.38 | K56: 0
A57: Payout Ratio | B57: 1724.1379 | F57: 49.726504 | G57: 34.593099 | I57: 50.421241 | J57: 28.640338 | K57: 0
A58: EBITDA
A59: EBITDA | B59: 134.58665 | C59: 65.33721 | D59: 70.12012 | E59: 37.76425 | F59: 98.07253 | G59: 94.97276 | H59: -51.61193 | I59: 73.64148 | J59: 77.2595 | K59: 67.94304 | L59: 63.11663
A60: EBIT | B60: 113.56692 | C60: 44.3695 | D60: 48.55007 | E60: 15.07196 | F60: 76.30684 | G60: 75.08229 | H60: -74.65548 | I60: 49.76131 | J60: 55.5892 | K60: 45.2032 | L60: 38.21605
A61: Depreciation & Amortization Expense | B61: 21.019729 | C61: 20.967712 | D61: 21.570045 | E61: 22.692287 | F61: 21.765688 | G61: 19.890468 | H61: 23.043554 | I61: 23.880174 | J61: 21.670299 | K61: 22.739839 | L61: 24.900582
A62: Supplemental
A63: Rental Expense | E63: 0.031043 | F63: 0.03515 | G63: 0.031343 | H63: 0.067065 | L63: 0
A64: Stock Option Comp Exp (Net of Tax) | B64: 18.840663 | C64: 12.531583 | D64: 3.144062 | E64: 3.783847 | F64: 2.424377 | G64: 4.255795 | H64: 1.743356 | I64: 0.774245 | J64: 4.453564 | K64: 6.075661
A65: Foreign Currency Translation Gains/Losses | B65: -6.792506 | C65: 10.349716 | D65: -5.846996 | E65: -1.927353 | F65: 0.391858 | G65: -5.501379 | H65: -0.873187 | I65: -1.220746 | J65: -0.732324 | K65: -0.604873 | L65: -6.394073
A66: Tax Rate | B66: 94.686352 | C66: 397.95524 | D66: 258.20144 | E66: 189.3517 | F66: 42.949213 | G66: 22.915371 | I66: 30.765711 | J66: 23.241721 | K66: 32.750454 | L66: 89.459824
A67: All figures in millions of Canadian Dollar except per share items.

Sheet BS
A1: Neo Performance Materials, Inc. (NEO-CA)
A2: C$24.90
A5: Neo Performance Materials, Inc.
A6: NEO-CA 64046G106 BF5LL43 Toronto Common stock
A7: Source: FactSet Fundamentals
B8: DEC '25 | C8: DEC '24 | D8: DEC '23 | E8: DEC '22 | F8: DEC '21 | G8: DEC '20 | H8: DEC '19 | I8: DEC '18 | J8: DEC '17 | K8: DEC '16
C9: Restate
A10: GAAP/IFRS Balance Sheet
A11: Assets
A12: Cash & Short-Term Investments | B12: 52.58197 | C12: 122.95028 | D12: 119.00629 | E12: 201.44042 | F12: 114.08771 | G12: 97.388382 | H12: 115.30701 | I12: 99.245857 | J12: 123.20758 | K12: 106.4901
A13: Cash Only | B13: 52.58197 | C13: 122.95028 | D13: 119.00629 | E13: 201.44042 | F13: 114.08771 | G13: 97.388382 | H13: 115.30701 | I13: 99.245857 | J13: 123.20758 | K13: 106.4901
A14: Short-Term Receivables | B14: 145.2666 | C14: 109.31039 | D14: 105.66733 | E14: 110.78613 | F14: 84.474419 | G14: 68.843138 | H14: 59.33539 | I14: 68.135665 | J14: 59.42366 | K14: 54.297773
A15: Accounts Receivables, Net | B15: 127.73471 | C15: 88.063862 | D15: 89.19406 | E15: 110.30513 | F15: 82.368748 | G15: 66.058174 | H15: 57.442135 | I15: 67.667195 | J15: 58.59546 | K15: 52.526246
A16: Accounts Receivables, Gross | B16: 127.73471 | C16: 88.063862 | D16: 89.19406 | E16: 110.30513 | F16: 82.368748 | G16: 66.058174 | H16: 57.442135 | I16: 67.844749 | J16: 58.765861 | K16: 52.73545
A17: Bad Debt/Doubtful Accounts | I17: -0.177554 | J17: -0.170401 | K17: -0.209204
A18: Other Receivables | B18: 17.531893 | C18: 21.246529 | D18: 16.47327 | E18: 0.481007 | F18: 2.105671 | G18: 2.784964 | H18: 1.893255 | I18: 0.468469 | J18: 0.8282 | K18: 1.771527
A19: Inventories | B19: 281.5589 | C19: 200.37146 | D19: 260.36153 | E19: 288.20058 | F19: 253.83505 | G19: 166.72456 | H19: 146.3914 | I19: 186.22683 | J19: 132.77887 | K19: 135.89933
A20: Finished Goods | B20: 104.62935 | C20: 70.604114 | D20: 99.289261 | E20: 124.14187 | F20: 99.046118 | G20: 60.786362 | H20: 54.598362 | I20: 80.303577 | J20: 48.138339 | K20: 63.977472
A21: Work in Progress | B21: 24.329442 | C21: 25.392859 | D21: 47.747825 | E21: 75.359609 | F21: 53.0763 | G21: 35.864374 | H21: 31.915611 | I21: 38.292935 | J21: 30.811293 | K21: 23.433508
A22: Raw Materials | B22: 152.60011 | C22: 104.37449 | D22: 113.32444 | E22: 88.699092 | F22: 101.71263 | G22: 70.073822 | H22: 59.877431 | I22: 67.630319 | J22: 53.829238 | K22: 48.488345
A23: Other Current Assets | B23: 18.472227 | C23: 78.450934 | D23: 14.23165 | E23: 31.541881 | F23: 24.266375 | G23: 18.223296 | H23: 18.452752 | I23: 28.072653 | J23: 15.681922 | K23: 23.177367
A24: Prepaid Expenses | B24: 16.684769 | C24: 14.302899 | D24: 6.185553
A25: Miscellaneous Current Assets | B25: 1.787458 | C25: 64.148035 | D25: 8.046097 | E25: 31.541881 | F25: 24.266375 | G25: 18.223296 | H25: 18.452752 | I25: 28.072653 | J25: 15.681922 | K25: 23.177367
A26: Total Current Assets | B26: 497.8797 | C26: 511.08307 | D26: 499.26679 | E26: 631.969 | F26: 476.66355 | G26: 351.17937 | H26: 339.48656 | I26: 381.68101 | J26: 331.09204 | K26: 319.86456
A27: Net Property, Plant & Equipment | B27: 272.01163 | C27: 257.32993 | D27: 156.80527 | E27: 102.6605 | F27: 92.687421 | G27: 94.686228 | H27: 122.52991 | I27: 118.77406 | J27: 110.75076 | K27: 117.76833
A28: Property, Plant & Equipment - Gross | B28: 397.16111 | C28: 381.50844 | D28: 281.9325 | E28: 198.77388 | F28: 172.5185 | G28: 160.72402 | H28: 174.14963 | I28: 157.41391 | J28: 132.17119 | K28: 123.41549
A29: Buildings | B29: 68.164656 | C29: 69.285285 | D29: 49.52266 | E29: 47.54655 | F29: 45.547926 | G29: 43.977206 | H29: 50.511006 | I29: 49.518445 | J29: 45.508397 | K29: 45.112922
A30: Land & Improvements | B30: 13.745881 | C30: 14.337416 | D30: 13.186 | E30: 3.455122 | F30: 3.221033 | G30: 3.2487 | H30: 3.429904 | I30: 4.30227 | J30: 3.946792 | K30: 4.224308
A31: Machinery & Equipment | B31: 180.04253 | C31: 188.56096 | D31: 126.77152 | E31: 106.35003 | F31: 98.855382 | G31: 91.278278 | H31: 92.512738 | I31: 84.305371 | J31: 69.622673 | K31: 66.553629
A32: Construction in Progress | B32: 104.11806 | C32: 77.093273 | D32: 62.916999 | E32: 15.042655 | F32: 6.226066 | G32: 5.343156 | H32: 13.160716 | I32: 13.943452 | J32: 8.781927 | K32: 3.544395
A33: Leases | B33: 20.108902 | C33: 21.811741 | D33: 19.201453 | E33: 15.465399 | F33: 8.532578 | G33: 7.824908 | H33: 7.531524
A34: Other Property, Plant & Equipment | B34: 10.981078 | C34: 10.419759 | D34: 10.333868 | E34: 10.914122 | F34: 10.134252 | G34: 9.05177 | H34: 7.003747 | I34: 5.344375 | J34: 4.311401 | K34: 3.980236
A35: Operating Lease Right-of-Use Assets | B35: 11.066065 | C35: 13.130766 | D35: 11.259525 | E35: 8.728588 | F35: 4.002922 | G35: 4.79024 | H35: 6.086945
A36: Accumulated Depreciation | B36: 125.14947 | C36: 124.1785 | D36: 125.12723 | E36: 96.113378 | F36: 79.83108 | G36: 66.03779 | H36: 51.619727 | I36: 38.639848 | J36: 21.420433 | K36: 5.647162
A37: Buildings | B37: 21.061574 | C37: 20.500103 | D37: 25.423927 | E37: 21.433954 | F37: 17.811678 | G37: 15.360618 | H37: 12.524012 | I37: 9.57699 | J37: 5.188466
A38: Machinery & Equipment | B38: 88.597055 | C38: 88.432042 | D38: 85.232985 | E38: 62.224724 | F38: 52.584935 | G38: 43.58354 | H38: 34.74512 | I38: 26.730072 | J38: 14.573061
A39: Leases | B39: 9.042838 | C39: 8.680975 | D39: 7.941928 | E39: 6.736811 | F39: 4.529656 | G39: 3.034668 | H39: 1.444579
A40: Other Property, Plant & Equipment | B40: 6.448008 | C40: 6.565383 | D40: 6.528389 | E40: 5.717889 | F40: 4.904811 | G40: 4.058964 | H40: 2.906017 | I40: 2.332786 | J40: 1.658906
A41: Total Long-Term Investments | B41: 28.253899 | C41: 23.797895 | D41: 23.675463 | E41: 22.171047 | F41: 17.379681 | G41: 12.79733 | H41: 11.651299 | I41: 11.752709 | J41: 10.816717 | K41: 10.285853
A42: LT Investment - Affiliate Companies | B42: 23.461757 | C42: 23.485806 | D42: 23.675463 | E42: 22.171047 | F42: 17.379681 | G42: 12.79733 | H42: 11.651299 | I42: 11.752709 | J42: 10.816717 | K42: 10.285853
A43: Other Long-Term Investments | B43: 4.792142 | C43: 0.312089 | D43: 0 | E43: 0 | F43: 0 | G43: 0 | H43: 0 | I43: 0 | J43: 0 | K43: 0
A44: Intangible Assets | B44: 132.57072 | C44: 140.38126 | D44: 136.70058 | E44: 147.72478 | F44: 151.63232 | G44: 156.21788 | H44: 213.07677 | I44: 226.84026 | J44: 218.84275 | K44: 233.76513
A45: Goodwill | B45: 90.273483 | C45: 92.086508 | D45: 85.919976 | E45: 89.483608 | F45: 88.524078 | G45: 87.863958 | H45: 128.17207 | I45: 135.71272 | J45: 127.66683 | K45: 132.6446
A46: Other Intangible Assets | B46: 42.297233 | C46: 48.294756 | D46: 50.780605 | E46: 58.241171 | F46: 63.108237 | G46: 68.353922 | H46: 84.904706 | I46: 91.127542 | J46: 91.175919 | K46: 101.12053
A47: Deferred Tax Assets | B47: 3.836729 | C47: 5.817519 | D47: 8.913736 | E47: 9.425032 | F47: 8.38479 | G47: 3.87296 | H47: 1.043884 | I47: 1.473698 | J47: 1.761648 | K47: 4.303429
A48: Other Assets | B48: 4.25618 | C48: 1.10022 | D48: 1.40563 | E48: 2.61912 | F48: 3.66692 | G48: 1.10074 | H48: 1.08538 | I48: 1.13908 | J48: 1.44089 | K48: 2.97847
A49: Tangible Other Assets | B49: 4.256179 | C49: 1.100223 | D49: 1.405628 | E49: 2.619118 | F49: 3.666924 | G49: 1.100736 | H49: 1.08538 | I49: 1.139077 | J49: 1.440892 | K49: 2.978472
A50: Total Assets | B50: 938.80885 | C50: 939.5099 | D50: 826.76747 | E50: 916.56948 | F50: 750.41468 | G50: 619.85451 | H50: 688.8738 | I50: 741.66081 | J50: 674.7048 | K50: 688.96578
A51: Liabilities & Shareholders' Equity
A52: Current
A53: ST Debt & Curr. Portion LT Debt | B53: 31.329862 | C53: 12.338318 | D53: 5.134628 | E53: 26.14918 | F53: 10.220147 | G53: 4.74565 | H53: 2.22263 | I53: 5.422226 | J53: 0.226784 | K53: 10.627821
A54: Accounts Payable | B54: 131.37816 | C54: 100.02106 | D54: 94.918102 | E54: 93.61756 | F54: 118.98999 | G54: 100.78104 | H54: 72.796952 | I54: 81.780007 | J54: 91.687122 | K54: 76.958836
A55: Income Tax Payable | B55: 20.72574 | C55: 15.047887 | D55: 12.14035 | E55: 13.594213 | F55: 8.916576 | G55: 3.75193 | H55: 6.167343 | I55: 8.967843 | J55: 7.917391 | K55: 6.467884
A56: Other Current Liabilities | B56: 88.163899 | C56: 101.86627 | D56: 49.854947 | E56: 40.942524 | F56: 27.434355 | G56: 16.556904 | H56: 15.454666 | I56: 1.061227 | J56: 2.226492 | K56: 1.256564
A57: Miscellaneous Current Liabilities | B57: 88.163899 | C57: 101.86627 | D57: 49.854947 | E57: 40.942524 | F57: 27.434355 | G57: 16.556904 | H57: 15.454666 | I57: 1.061227 | J57: 2.226492 | K57: 1.256564
A58: Total Current Liabilities | B58: 271.59766 | C58: 229.27353 | D58: 162.04803 | E58: 174.30348 | F58: 165.56107 | G58: 125.83553 | H58: 96.641591 | I58: 97.231302 | J58: 102.05779 | K58: 95.311106
A59: Long-Term
A60: Long-Term Debt | B60: 113.33635 | C60: 96.977826 | D60: 33.658584 | E60: 41.594255 | F60: 1.753252 | G60: 2.857582 | H60: 3.829303 | I60: 0 | J60: 0 | K60: 0
A61: Long-Term Debt excl Lease Obligations | B61: 108.99107 | C61: 92.312305 | D61: 30.460979 | E61: 40.492681 | F61: 0 | G61: 0 | H61: 0 | I61: 0 | J61: 0 | K61: 0
A62: Capital and Operating Lease Obligations | B62: 4.345277 | C62: 4.665521 | D62: 3.197605 | E62: 1.101574 | F62: 1.753252 | G62: 2.857582 | H62: 3.829303 | I62: 0 | J62: 0 | K62: 0
A63: Provision for Risks & Charges | B63: 3.278834 | C63: 9.673333 | D63: 34.685773 | E63: 32.64481 | F63: 20.636082 | G63: 8.356166 | H63: 7.352572 | I63: 9.344804 | J63: 8.898451 | K63: 9.407466
A64: Deferred Tax Liabilities | B64: 12.891904 | C64: 18.187477 | D64: 18.848068 | E64: 18.890713 | F64: 16.883263 | G64: 17.79778 | H64: 20.610544 | I64: 24.215634 | J64: 25.317108 | K64: 28.577776
A65: Other Liabilities | B65: 2.47009 | C65: 3.09644 | D65: 3.52594 | E65: 1.95384 | F65: 1.77473 | G65: 1.92756 | H65: 4.60995 | I65: 13.77273 | J65: 13.13593 | K65: 13.75649
A66: Other Liabilities (excl. Deferred Income) | B66: 2.470092 | C66: 3.096445 | D66: 3.525936 | E66: 1.953838 | F66: 1.774726 | G66: 1.927562 | H66: 4.609946 | I66: 13.772727 | J66: 13.135928 | K66: 13.756491
A67: Total Liabilities | B67: 403.57484 | C67: 357.20861 | D67: 252.76639 | E67: 269.38709 | F67: 206.60839 | G67: 156.77462 | H67: 133.04396 | I67: 144.56447 | J67: 149.40928 | K67: 147.05284
A68: Equity
A69: Common Equity | B69: 534.59798 | C69: 578.39802 | D69: 569.82903 | E69: 642.85603 | F69: 540.15452 | G69: 461.18163 | H69: 550.64673 | I69: 590.59787 | J69: 517.98958 | K69: 533.51797
A70: Common Stock Par/Carry Value | B70: 0.057571 | C70: 0.060404 | D70: 0.055381 | E70: 0.060973 | F70: 0.051789 | G70: 0.047138 | H70: 0.049277 | I70: 0.054632 | J70: 0.050118 | K70: 0.013411
A71: Additional Paid-In Capital/Capital Surplus | B71: 649.31057 | C71: 680.25709 | D71: 624.74345 | E71: 665.01352 | F71: 555.52705 | G71: 510.58225 | H71: 523.58226 | I71: 574.52787 | J71: 529.00802
A72: Retained Earnings | B72: -104.29351 | C72: -77.500283 | D72: -37.639437 | E72: -9.08765 | F72: -24.319427 | G72: -53.071018 | H72: 35.752694 | I72: 22.033086 | J72: -16.22445 | K72: -16.957577
A73: Cumulative Translation Adjustment/Unrealized For. Exch. Gain | B73: -13.467619 | C73: -27.091373 | D73: -19.537696 | E73: -15.099563 | F73: 7.621847 | G73: 3.270358 | H73: -9.588169 | I73: -7.028407 | J73: 4.404119 | K73: -8.59613
A74: Other Appropriated Reserves | B74: 2.990976 | C74: 2.672176 | D74: 2.207336 | E74: 1.968742 | F74: 1.273255 | G74: 0.352898 | H74: 0.850668 | I74: 1.010692 | J74: 0.75177 | K74: 559.05827
A75: Total Shareholders' Equity | B75: 534.59798 | C75: 578.39802 | D75: 569.82903 | E75: 642.85603 | F75: 540.15452 | G75: 461.18163 | H75: 550.64673 | I75: 590.59787 | J75: 517.98958 | K75: 533.51797
A76: Accumulated Minority Interest | B76: 0.636028 | C76: 3.903275 | D76: 4.17205 | E76: 4.326355 | F76: 3.651767 | G76: 1.89826 | H76: 5.18311 | I76: 6.498476 | J76: 7.305951 | K76: 8.394973
A77: Total Equity | B77: 535.23401 | C77: 582.30129 | D77: 574.00108 | E77: 647.18238 | F77: 543.80629 | G77: 463.07989 | H77: 555.82984 | I77: 597.09635 | J77: 525.29553 | K77: 541.91294
A78: Total Liabilities & Shareholders' Equity | B78: 938.80885 | C78: 939.5099 | D78: 826.76747 | E78: 916.56948 | F78: 750.41468 | G78: 619.85451 | H78: 688.8738 | I78: 741.66081 | J78: 674.7048 | K78: 688.96578
A79: Per Share
A80: Book Value per Share | B80: 12.85127 | C80: 13.84673 | D80: 13.55852 | E80: 14.22345 | F80: 13.28176 | G80: 12.31118 | H80: 14.56778 | I80: 14.89515 | J80: 12.97518 | K80: 13.37863
A81: Tangible Book Value per Share | B81: 9.664383 | C81: 10.486028 | D81: 10.305861 | E81: 10.954977 | F81: 9.5533 | G81: 8.140966 | H81: 8.930669 | I81: 9.174136 | J81: 7.493362 | K81: 7.516675
A82: Supplemental
A83: Working Capital | B83: 226.28204 | C83: 281.80954 | D83: 337.21876 | E83: 457.66553 | F83: 311.10248 | G83: 225.34385 | H83: 242.84497 | I83: 284.4497 | J83: 229.03425 | K83: 224.55346
A84: Total Capital | B84: 679.2642 | C84: 687.71416 | D84: 608.62225 | E84: 710.59946 | F84: 552.12792 | G84: 468.78486 | H84: 556.69867 | I84: 596.0201 | J84: 518.21636 | K84: 544.14579
A85: Total Debt | B85: 144.66621 | C85: 109.31614 | D85: 38.793212 | E85: 67.743435 | F85: 11.973399 | G85: 7.603232 | H85: 6.051932 | I85: 5.422226 | J85: 0.226784 | K85: 10.627821
A86: Net Debt | B86: 92.084243 | C86: -13.634136 | D86: -80.213075 | E86: -133.69698 | F86: -102.11431 | G86: -89.78515 | H86: -109.25508 | I86: -93.823631 | J86: -122.9808 | K86: -95.862277
A87: Efficiency
A88: Days of Inventory on Hand | B88: 178.81485 | C88: 170.93727 | D88: 154.65041 | E88: 152.50616 | F88: 154.43211 | G88: 155.42471 | H88: 146.67079 | I88: 131.68929 | J88: 117.90002 | K88: 140.53762
A89: Days of Sales Outstanding | B89: 69.446142 | C89: 60.186341 | D89: 51.20872 | E89: 42.749705 | F89: 41.386517 | G89: 50.304638 | H89: 43.02767 | I89: 39.543774 | J89: 36.827166 | K89: 101.15269
A90: Days of Payables Outstanding | B90: 73.694199 | C90: 82.370464 | D90: 55.540339 | E90: 56.809339 | F90: 68.665814 | G90: 81.646348 | H90: 75.421015 | I90: 63.88602 | J90: 74.56436 | K90: 66.270857
A91: Comprehensive Income
A92: Comprehensive Income - Pension Liability | B92: 3.048884 | C92: 2.545389 | D92: 2.259376 | E92: 1.891593 | F92: 1.263762 | G92: 0.37154 | H92: 0.870445 | I92: 0.95915 | J92: 0.778806 | K92: 0.582966
A93: Stock Option Comp
A94: Stock Option Comp Exp (Net of Tax) | B94: 12.531583 | C94: 3.144062 | D94: 3.783847 | E94: 2.424377 | F94: 4.255795 | G94: 1.743356 | H94: 0.774245 | I94: 4.453564 | J94: 6.075661
A95: Non-Qualified Option/Warrant Awards
A96: Operating Lease Commitments | B96: 6.946961 | D96: 7.03605 | E96: 2.814231 | F96: 3.760398 | G96: 4.50996 | H96: 6.608238 | I96: 8.514397 | J96: 8.998687
A97: Year 1 | B97: 1.145947 | D97: 2.493473 | E97: 1.712657 | F97: 2.007145 | G97: 1.652378 | H97: 0.695058 | I97: 2.786232 | J97: 2.334246
A98: In 2-5 Years | B98: 2.79633 | D98: 2.531712 | H98: 4.737028 | I98: 5.677631 | J98: 6.490281
A99: Year 3 | E99: 0.990468 | F99: 1.578938 | G99: 2.198924
A100: Year 5 | E100: 0.070457 | F100: 0.133894 | G100: 0.602602
A101: Over 5 Years | B101: 3.004684 | D101: 2.010865 | E101: 0.040648 | F101: 0.040421 | G101: 0.056056 | H101: 1.176152 | I101: 0.050535 | J101: 0.17416
A102: Long Term Debt Maturities | B102: 13.58002 | C102: 8.39765 | D102: 5.134628 | E102: 2.724804 | F102: 2.007145 | G102: 1.652378 | H102: 2.152605 | I102: 0 | J102: 0
...

Sheet CF
A1: Neo Performance Materials, Inc. (NEO-CA)
A2: C$24.90
A5: Neo Performance Materials, Inc.
A6: NEO-CA 64046G106 BF5LL43 Toronto Common stock
A7: Source: FactSet Fundamentals
B8: JUN '26 | C8: DEC '25 | D8: DEC '24 | E8: DEC '23 | F8: DEC '22 | G8: DEC '21 | H8: DEC '20 | I8: DEC '19 | J8: DEC '18 | K8: DEC '17 | L8: DEC '16
B9: LTM
D10: Restate
A11: GAAP/IFRS Cash Flow
A12: Operating Activities
A13: Net Income / Starting Line | B13: 2.021178 | C13: -13.92957 | D13: -17.83142 | E13: -11.325223 | F13: 34.392365 | G13: 45.188285 | H13: -80.597445 | I13: 30.618159 | J13: 53.322235 | K13: 32.960371 | L13: -22.934398
A14: Depreciation, Depletion & Amortization | B14: 21.551425 | C14: 20.967712 | D14: 21.570045 | E14: 22.692287 | F14: 21.76699 | G14: 19.890468 | H14: 23.043554 | I14: 23.880174 | J14: 21.670299 | K14: 22.739839 | L14: 24.900582
A15: Depreciation and Depletion | C15: 15.019455 | D15: 15.549064 | E15: 16.72937 | F15: 15.893027 | G15: 14.024253 | H15: 16.543608 | I15: 17.237725 | J15: 15.285474 | K15: 15.956438 | L15: 24.900582
A16: Amortization of Intangible Assets | C16: 5.948257 | D16: 6.020981 | E16: 5.962917 | F16: 5.872661 | G16: 5.866215 | H16: 6.499945 | I16: 6.642449 | J16: 6.384825 | K16: 6.783401
A17: Deferred Taxes & Investment Tax Credit | B17: 0 | C17: 0 | D17: 0 | E17: -2.235082 | F17: 0 | G17: 0 | H17: 0 | I17: 0 | J17: 0 | K17: 0
A18: Deferred Taxes | B18: 0 | C18: 0 | D18: 0 | E18: -2.235082 | F18: 0 | G18: 0 | H18: 0 | I18: 0 | J18: 0 | K18: 0
A19: Other Funds | B19: 99.41506 | C19: 50.328937 | D19: 42.459219 | E19: 22.020143 | F19: 36.955715 | G19: 21.025096 | H19: 73.491232 | I19: 1.636065 | J19: -27.594992 | K19: 15.868174 | L19: 39.999392
A20: Funds from Operations | B20: 122.98766 | C20: 57.367079 | D20: 46.197845 | E20: 31.152125 | F20: 93.115071 | G20: 86.103849 | H20: 15.93734 | I20: 56.134398 | J20: 47.397542 | K20: 71.568384 | L20: 41.965576
A21: Changes in Working Capital | B21: -235.91473 | C21: -132.76756 | D21: 23.671566 | E21: 52.462332 | F21: -88.30342 | G21: -88.685285 | H21: -2.430438 | I21: 38.469412 | J21: -58.720692 | K21: 9.176932 | L21: 13.708967
A22: Receivables | B22: -71.925165 | C22: -51.028978 | D22: 6.363472 | E22: 23.444063 | F22: -25.045057 | G22: -16.709748 | H22: -8.870025 | I22: 6.948962 | K22: -8.620085 | L22: -2.661768
A23: Inventories | B23: -182.94855 | C23: -91.217792 | D23: 39.539831 | E23: 27.355455 | F23: -24.568579 | G23: -87.019074 | H23: -20.846503 | I23: 30.584987 | J23: 0 | K23: -6.90801 | L23: 14.291933
A24: Accounts Payable | B24: 37.980841 | C24: 27.544749 | D24: -23.682526 | E24: -2.368701 | F24: -30.339696 | G24: 21.027604 | H24: 25.814682 | I24: -6.020134 | K24: 18.362949 | L24: -12.619881
A25: Income Taxes Payable | J25: 16.156486
A26: Other Assets/Liabilities | B26: -19.021855 | C26: -18.065544 | D26: 1.450789 | E26: 4.031515 | F26: -8.350088 | G26: -5.984066 | H26: 1.471407 | I26: 6.955597 | J26: -74.877177 | K26: 6.342077 | L26: 14.698684
A27: Net Operating Cash Flow | B27: -112.92706 | C27: -75.400486 | D27: 69.869411 | E27: 83.614457 | F27: 4.81165 | G27: -2.581435 | H27: 13.506903 | I27: 94.60381 | J27: -11.323149 | K27: 80.745315 | L27: 55.674543
A28: Investing Activities
A29: Capital Expenditures | B29: -39.658289 | C29: -44.243745 | D29: -87.954274 | E29: -56.339983 | F29: -22.74338 | G29: -11.865326 | H29: -10.212667 | I29: -15.555219 | J29: -17.512256 | K29: -15.938266 | L29: -9.690479
A30: Capital Expenditures (Fixed Assets) | B30: -39.658289 | C30: -44.243745 | D30: -87.954274 | E30: -56.321087 | F30: -22.592365 | G30: -11.482937 | H30: -9.768696 | I30: -14.873194 | J30: -16.47145 | K30: -15.881154 | L30: -9.295652
A31: Capital Expenditures (Other Assets) | E31: -0.018896 | F31: -0.151015 | G31: -0.382388 | H31: -0.443971 | I31: -0.682025 | J31: -1.040807 | K31: -0.057112 | L31: -0.394827
A32: Net Assets from Acquisitions | B32: 0.294436 | C32: 0 | D32: 0 | E32: -15.663117 | F32: 0 | G32: -0.972897 | H32: 0 | I32: -11.675371 | L32: 0
A33: Sale of Fixed Assets & Businesses | B33: 0.624589 | C33: 35.220056 | D33: 0.247963 | E33: 1.012265 | F33: 0 | G33: 0 | H33: 0 | I33: 0 | L33: 0
A34: Purchase/Sale of Investments | B34: 0 | C34: 0 | D34: -0.34249 | E34: -6.486596 | F34: 0 | G34: 0 | H34: 0 | I34: 0 | J34: 0 | K34: -1.950909 | L34: 0
A35: Purchase of Investments | B35: 0 | C35: 0 | D35: 0.34249 | E35: 6.486596 | F35: 0 | G35: 0 | H35: 0 | I35: 0 | J35: 0 | K35: 1.950909 | L35: 0
A36: Other Funds | B36: -0.573128 | C36: -0.394035 | D36: 6.649794 | E36: -2.75876 | F36: 0 | G36: 0.527821 | H36: 0 | I36: 0.127382 | J36: 15.254367 | K36: 0 | L36: -39.747657
A37: Other Uses | B37: -0.573128 | C37: -0.394035 | D37: 0 | E37: -2.75876 | F37: 0 | G37: -0.006269 | H37: 0 | I37: 0 | J37: 0 | K37: 0 | L37: -41.169298
A38: Other Sources | B38: 0 | C38: 0 | D38: 6.649794 | E38: 0 | F38: 0 | G38: 0.53409 | H38: 0 | I38: 0.127382 | J38: 15.254367 | L38: 1.421641
A39: Net Investing Cash Flow | B39: -39.312393 | C39: -9.417725 | D39: -81.399007 | E39: -80.236191 | F39: -22.74338 | G39: -12.310401 | H39: -10.212667 | I39: -27.103208 | J39: -2.25789 | K39: -17.889175 | L39: -49.438136
A40: Financing Activities
A41: Cash Dividends Paid | B41: -18.468726 | C41: -16.841519 | D41: -16.891626 | E41: -18.080407 | F41: -17.446139 | G41: -16.013927 | H41: -15.152679 | I41: -15.23411 | J41: -15.183078 | K41: -32.351604 | L41: 0
A42: Common Dividends | B42: -18.468726 | C42: -16.841519 | D42: -16.891626 | E42: -18.080407 | F42: -17.446139 | G42: -16.013927 | H42: -15.152679 | I42: -15.23411 | J42: -15.183078 | K42: -32.351604 | L42: 0
A43: Change in Capital Stock | B43: 107.68457 | C43: -5.582168 | D43: -3.082414 | E43: -26.849323 | F43: 0 | G43: -0.046388 | H43: -4.144621 | I43: -22.447125 | J43: -4.887774 | K43: 0 | L43: -0.622713
A44: Repurchase of Common & Preferred Stk. | B44: -2.394758 | C44: -5.582168 | D44: -3.082414 | E44: -26.849323 | F44: 0 | G44: -0.046388 | H44: -4.144621 | I44: -22.447125 | J44: -4.887774 | K44: 0 | L44: -0.622713
A45: Sale of Common & Preferred Stock | B45: 110.07932 | C45: 0 | D45: 0 | E45: 0 | F45: 0 | G45: 0 | H45: 0 | I45: 0 | J45: 0 | K45: 0 | L45: 0
A46: Proceeds from Sale of Stock | B46: 110.07932 | C46: 0 | D46: 0 | E46: 0 | F46: 0 | G46: 0 | H46: 0 | I46: 0 | J46: 0 | K46: 0 | L46: 0
A47: Issuance/Reduction of Debt, Net | B47: 88.073525 | C47: 42.212088 | D47: 62.216805 | E47: -34.746341 | F47: 55.651633 | G47: 5.08514 | H47: 3.184249 | I47: -6.694198 | J47: 4.921474 | K47: -10.090731 | L47: -11.95212
A48: Change in Current Debt | B48: 60.173684 | C48: 14.266316 | D48: 3.763284 | E48: -23.41302 | F48: 16.116946 | G48: 5.08514 | H48: 3.184249 | I48: -5.196131 | J48: 4.921474 | K48: -10.090731 | L48: -11.95212
A49: Change in Long-Term Debt | B49: 27.899841 | C49: 27.945771 | D49: 58.453521 | E49: -11.333321 | F49: 39.534687 | G49: 0 | H49: 0 | I49: -1.498067 | J49: 0 | K49: 0 | L49: 0
A50: Issuance of Long-Term Debt | B50: 34.967975 | C50: 34.932214 | D50: 67.40348 | E50: 0 | F50: 40.241593 | G50: 0 | H50: 0 | I50: 0 | J50: 0 | K50: 0 | L50: 0
A51: Reduction in Long-Term Debt | B51: -7.068133 | C51: -6.986443 | D51: -8.949959 | E51: -11.333321 | F51: -0.706906 | G51: 0 | H51: 0 | I51: -1.498067 | J51: 0 | K51: 0 | L51: 0
A52: Repayments of Operating Lease Liabilities | C52: -1.993931 | D52: -2.737183 | E52: -2.996305 | F52: -1.865556 | G52: -2.185256 | H52: -2.313744
A53: Other Funds | B53: 2.006652 | C53: -9.097746 | D53: -20.800127 | E53: -1.066253 | F53: 61.02959 | G53: 46.00948 | H53: -5.30887 | I53: -1.523278 | J53: -2.263075 | K53: -1.649771 | L53: -19.493576
A54: Other Uses | B54: 0.830515 | C54: -10.26029 | D54: -20.800127 | E54: -1.066253 | F54: -1.196403 | G54: -2.127584 | H54: -5.30887 | I54: -1.523278 | J54: -2.263075 | K54: -1.649771 | L54: -19.493576
A55: Other Sources | C55: 1.162544 | D55: 0 | F55: 62.225993 | G55: 48.137064 | L55: 0
A56: Net Financing Cash Flow | B56: 176.53197 | C56: 8.696724 | D56: 18.705455 | E56: -83.738628 | F56: 97.369528 | G56: 32.849049 | H56: -23.735665 | I56: -45.898711 | J56: -17.412453 | K56: -44.092106 | L56: -32.06841
A57: All Activities
A58: Exchange Rate Effect | B58: -3.12276 | C58: 3.17464 | D58: -2.14673 | E58: -1.425269 | F58: -3.390026 | G58: -0.275821 | H58: 3.322403 | I58: -0.123401 | J58: -2.187898 | K58: 3.817448 | L58: -3.182462
A59: Net Change in Cash | B59: 21.169759 | C59: -72.946847 | D59: 5.029129 | E59: -81.785631 | F59: 76.047772 | G59: 17.681391 | H59: -17.119027 | I59: 21.47849 | J59: -33.18139 | K59: 22.581482 | L59: -29.014465
A60: Free Cash Flow | B60: -152.58535 | C60: -119.64423 | D60: -18.08486 | E60: 27.29337 | F60: -17.78071 | G60: -14.06437 | H60: 3.73821 | I60: 79.73062 | J60: -27.7946 | K60: 64.86416 | L60: 46.37889
A61: Free Cash Flow per Share | B61: -3.305023 | C61: -2.869258 | D61: -0.432927 | E61: 0.615754 | F61: -0.420074 | G61: -0.364897 | H61: 0.099341 | I61: 2.046315 | J61: -0.68853 | K61: 1.610076 | L61: 1.163008
A62: Free Cash Flow Yield (%) | B62: -8.889253 | C62: -18.439959 | D62: -5.418376 | E62: 8.070182 | F62: -4.37577 | G62: -1.799301 | H62: 0.720908 | I62: 16.569353 | J62: -4.470977 | K62: 8.994843
A63: Supplemental
A64: Interest Paid | B64: 6.257572 | C64: 5.094514 | D64: 0.802797 | F64: 0.256465 | I64: 0.002654
A65: Taxation | B65: 29.466311 | C65: 14.431196 | D65: 30.702209 | E65: 36.102777 | F65: 16.080494 | G65: 11.741206 | H65: 11.590183 | I65: 18.993211 | J65: 17.068974 | K65: 12.024766 | L65: -19.448529
A66: All figures in millions of Canadian Dollar except per share items.

Sheet Segments
A1: NEO-CA
A2: Sales
B3: DEC '16 | C3: DEC '17 | D3: DEC '18 | E3: DEC '19 | F3: DEC '20 | G3: DEC '21 | H3: DEC '22 | I3: DEC '23 | J3: DEC '24 | K3: DEC '25
B4: 366 Days | C4: 365 Days | D4: 365 Days | E4: 365 Days | F4: 366 Days | G4: 365 Days | H4: 365 Days | I4: 365 Days | J4: 366 Days | K4: 365 Days
A5: Total | B5: 506.29239 | C5: 563.55575 | D5: 588.70397 | E5: 540.66296 | F5: 465.0184 | G5: 676.0766 | H5: 833.57422 | I5: 771.40684 | J5: 651.8661 | K5: 669.01198
A6: Magnequench | B6: 210.9779 | C6: 263.37274 | D6: 277.00239 | E6: 230.61479 | F6: 205.17348 | G6: 330.67576 | H6: 361.14979 | I6: 288.47535 | J6: 242.00235 | K6: 285.82236
A7: Rare Metals | B7: 93.034687 | C7: 98.660451 | D7: 121.56443 | E7: 120.24611 | F7: 80.059586 | G7: 104.81707 | H7: 169.74347 | I7: 168.17235 | J7: 213.99623 | K7: 206.33061
A8: Chemicals & Oxides | B8: 202.27979 | C8: 201.52256 | D8: 190.13714 | E8: 189.80207 | F8: 179.78533 | G8: 240.58378 | H8: 302.68095 | I8: 314.75915 | J8: 195.86752 | K8: 176.859
A9: All figures in millions of Canadian Dollar
A11: Percent of Total (%)
B12: DEC '16 | C12: DEC '17 | D12: DEC '18 | E12: DEC '19 | F12: DEC '20 | G12: DEC '21 | H12: DEC '22 | I12: DEC '23 | J12: DEC '24 | K12: DEC '25
A13: Total | B13: 100 | C13: 100 | D13: 99.999995 | E13: 100 | F13: 99.999996 | G13: 100 | H13: 99.999994 | I13: 99.999997 | J13: 100 | K13: 100
A14: Magnequench | B14: 41.671162 | C14: 46.734108 | D14: 47.052914 | E14: 42.654076 | F14: 44.121582 | G14: 48.910992 | H14: 43.325451 | I14: 37.396004 | J14: 37.12455 | K14: 42.723057
A15: Rare Metals | B15: 18.375685 | C15: 17.506779 | D15: 20.6495 | E15: 22.240492 | F15: 17.216434 | G15: 15.503727 | H15: 20.363329 | I15: 21.800732 | J15: 32.828251 | K15: 30.841095
A16: Chemicals & Oxides | B16: 39.953156 | C16: 35.759117 | D16: 32.297581 | E16: 35.105434 | F16: 38.66198 | G16: 35.585285 | H16: 36.311214 | I16: 40.803261 | J16: 30.047203 | K16: 26.435852
A18: Growth (%)
B19: DEC '16 | C19: DEC '17 | D19: DEC '18 | E19: DEC '19 | F19: DEC '20 | G19: DEC '21 | H19: DEC '22 | I19: DEC '23 | J19: DEC '24 | K19: DEC '25
A20: Total | B20: -0.275217 | C20: 11.3103 | D20: 4.46243 | E20: -8.16047 | F20: -13.9911 | G20: 45.3871 | H20: 23.2958 | I20: -7.45793 | J20: -15.4965 | K20: 2.63028
A21: Magnequench | B21: -9.417202 | C21: 24.834276 | D21: 5.175038 | E21: -16.746279 | F21: -11.031952 | G21: 61.168861 | H21: 9.215683 | I21: -20.123075 | J21: -16.109867 | K21: 18.107265
A22: Rare Metals | B22: 7.923435 | C22: 6.046952 | D22: 23.214952 | E22: -1.084463 | F22: -33.420227 | G22: 30.923824 | H22: 61.942581 | I22: -0.925586 | J22: 27.248165 | K22: -3.582128
A23: Chemicals & Oxides | B23: 7.268351 | C23: -0.374357 | D23: -5.649693 | E23: -0.176224 | F23: -5.277473 | G23: 33.817253 | H23: 25.811029 | I23: 3.990412 | J23: -37.772255 | K23: -9.704782
A25: Segments Table
A28: Segments Table

Sheet Shares
A1: Neo Performance Materials, Inc. (NEO-CA)
A2: C$24.90
A5: Neo Performance Materials, Inc.
A6: NEO-CA 64046G106 BF5LL43 Toronto Common stock
A7: Source: FactSet Fundamentals
B8: JUN '26 | C8: DEC '25 | D8: DEC '24 | E8: DEC '23 | F8: DEC '22 | G8: DEC '21 | H8: DEC '20 | I8: DEC '19 | J8: DEC '18 | K8: DEC '17 | L8: DEC '16
D9: Restate
A10: Reported Shares
A11: Shs Outstanding | B11: 46.081263 | C11: 41.598853 | D11: 41.771464 | E11: 42.027392 | F11: 45.196921 | G11: 40.668902 | H11: 37.46039 | I11: 37.798956 | J11: 39.65034 | K11: 39.921577 | L11: 39.878384
A12: Basic Shares (weighted) | B12: 43.457452 | C12: 41.699448 | D12: 41.77657 | E12: 44.234684 | F12: 41.982246 | G12: 38.469805 | H12: 37.619055 | I12: 38.827135 | J12: 39.822214
A13: Common Stock Equiv | B13: 2.710256 | C13: 0.953209 | D13: 0.313488 | E13: 0.231563 | F13: 0.196821 | G13: 0.256962 | H13: 0.030835 | I13: 0.16908 | J13: 0.426101
A14: Diluted Shares (weighted) | B14: 46.167708 | C14: 42.652657 | D14: 42.090058 | E14: 44.466247 | F14: 42.179067 | G14: 38.726767 | H14: 37.64989 | I14: 38.996215 | J14: 40.248315
A15: Change (%)
A16: Shs Outstanding | B16: 10.62578 | C16: -0.413228 | D16: -0.608955 | E16: -7.01271 | F16: 11.133861 | G16: 8.565087 | H16: -0.895712 | I16: -4.669274 | J16: -0.679423 | K16: 0.108314 | L16: 0
A17: Basic Shares (weighted) | B17: 3.871312 | C17: -0.184605 | D17: -5.556984 | E17: 5.365215 | F17: 9.130391 | G17: 2.261477 | H17: -3.111423 | I17: -2.498804
A18: Common Stock Equiv | B18: 90.970703 | C18: 204.06572 | D18: 35.379292 | E18: 17.6513 | F18: -23.404604 | G18: 733.34601 | H18: -81.7631 | I18: -60.319221
A19: Diluted Shares (weighted) | B19: 6.728922 | C19: 1.336656 | D19: -5.343806 | E19: 5.422552 | F19: 8.914498 | G19: 2.860241 | H19: -3.45245 | I19: -3.110933
A20: Share Buyback
A21: Net Shares Issued | B21: 4.56196 | C21: 0.5626 | D21: -2.376189 | E21: 2.28718 | F21: 3.452301 | G21: 1.076876 | H21: -1.346325 | I21: -1.2521
A22: Change in Diluted shares | B22: 4.56196 | C22: 0.5626 | D22: -2.376189 | E22: 2.28718 | F22: 3.452301 | G22: 1.076876 | H22: -1.346325 | I22: -1.2521
A23: Total Value
A24: Market Capitalization | B24: 1713.3013 | C24: 647.2781 | D24: 333.75396 | E24: 320.66899 | F24: 433.89042 | G24: 824.76532 | H24: 516.20415 | I24: 466.81708 | J24: 610.61518 | K24: 714.59621
A25: Common Stock Equiv | B25: 100.76732 | C25: 13.959752 | D25: 2.409155 | E25: 1.918497 | F25: 2.3343 | G25: 4.783994 | H25: 0.305883 | I25: 1.995992 | J25: 7.152108
A26: Equity (Shs Out + CSE) | B26: 1814.0687 | C26: 662.11004 | D26: 336.25873 | E26: 322.43582 | F26: 435.77991 | G26: 829.97651 | H26: 516.62906 | I26: 468.90522 | J26: 617.17714
A27: Return
A28: Stock Price | B28: 37.18 | C28: 15.559999 | D28: 7.989999 | E28: 7.63 | F28: 9.6 | G28: 20.28 | H28: 13.779999 | I28: 12.349999 | J28: 15.399999 | K28: 17.899999
A29: Price Change | B29: 15.200001 | C29: 7.569999 | D29: 0.359999 | E29: -1.97 | F29: -10.68 | G29: 6.5 | H29: 1.43 | I29: -3.049999 | J29: -2.500001
A30: Dividend | B30: 0.1 | C30: 0.4 | D30: 0.4 | E30: 0.4 | F30: 0.4 | G30: 0.4 | H30: 0.4 | I30: 0.395 | J30: 0.38 | K30: 0
A31: Return (%)
A32: Dividend Return | B32: 0.454959 | C32: 5.006258 | D32: 5.242464 | E32: 4.166667 | F32: 1.972387 | G32: 2.902758 | H32: 3.238867 | I32: 2.564935 | J32: 2.122905
A33: Stock Price | B33: 155.53265 | C33: 94.743431 | D33: 4.718214 | E33: -20.520834 | F33: -52.66272 | G33: 47.169804 | H33: 11.578951 | I33: -19.805193 | J33: -13.966485
A34: Market Capitalization | B34: 182.68503 | C34: 93.93869 | D34: 4.08052 | E34: -26.094473 | F34: -47.392262 | G34: 59.775021 | H34: 10.579536 | I34: -23.549709 | J34: -14.551018
A35: Share Reduction | B35: -9.605158 | C35: 0.414942 | D35: 0.612686 | E35: 7.541578 | F35: -10.018423 | G35: -7.889357 | H35: 0.903807 | I35: 4.897974 | J35: 0.684071 | K35: -0.108197 | L35: 0
A36: Total Return | B36: 69.608734 | C36: 99.749695 | D36: 9.960679 | E36: -16.354166 | F36: -50.690334 | G36: 50.072575 | H36: 14.817815 | I36: -17.240259 | J36: -11.84358
A37: All figures in millions of Canadian Dollar except per share items. All shares are as reported by the company.

Sheet FS Comps
A1: Neo Performance Materials, Inc. (NEO-CA)
A2: C$24.90
A5: Comps Tables - AI Comps - PubCos Only
A6: Selected Financials
D7: Market Data (C$) | I7: Financial (C$) | L7: Valuation (x)
A8: Company | C8: Fiscal | G8: Shares Out | H8: Shares Out | L8: EV/ | M8: EV/
A9: Name | B9: Ticker | C9: Period | D9: Price | E9: Mkt Cap (M) | F9: EV (M) | G9: (M) | H9: Diluted (M) | I9: Sales (M) | J9: EBIT (M) | K9: EBITDA (M) | L9: EBIT | M9: EBITDA
A10: Neo Performance Matls | B10: NEO-CA | C10: 06/30/2026 | D10: 24.9 | E10: 1195.4395 | F10: 1263.5324 | G10: 46.197571 | H10: 46.167708 | I10: 833.39898 | J10: 113.56692 | K10: 134.58665 | L10: 11.125884 | M10: 9.388245
A11: Lynas Rare Earths | B11: LYC-AU | C11: 06/2026 | D11: 11.932496 | E11: 12058.362 | F11: 10987.562 | G11: 1006.5026 | H11: 1007.788 | I11: 915.72385 | J11: 225.86035 | K11: 366.35977 | L11: 48.647592 | M11: 29.991181
A12: TDK Corp | B12: 6762-JP | C12: 06/30/2026 | D12: 18.777336 | E12: 35700.041 | F12: 34392.575 | G12: 1943.8599 | H12: 1900.4953 | I12: 24263.266 | J12: 2368.3631 | K12: 4279.8458 | L12: 14.521665 | M12: 8.035938
A13: JL MAG Rare-Earth H | B13: 6680-HK | C13: 09/30/2026 | D13: 2.654827 | E13: 6468.84 | F13: 7004.0523 | G13: 240.33092 | H13: 1378.4333 | I13: 2000.5761 | J13: 253.90122 | K13: - | L13: 27.585737 | M13: -
A14: Shenghe Resources Holding A | B14: 600392-CN | C14: 09/30/2026 | D14: 3.291905 | E14: 5762.4346 | F14: 6356.5031 | G14: 1752.8265 | H14: 1752.4897 | I14: 3668.6021 | J14: 316.44261 | K14: - | L14: 20.08738 | M14: -
A15: MP Materials A | B15: MP-US | C15: 09/30/2026 | D15: 49.940491 | E15: 11725.632 | F15: 9967.6579 | G15: 178.10159 | H15: 178.50127 | I15: 719.43686 | J15: -30.3035 | K15: 149.79266 | L15: - | M15: 66.543033
A16: China Northern Rare Earth (Group) High-Tech A | B16: 600111-CN | C16: 09/30/2026 | D16: 7.683227 | E16: 27637.072 | F16: 29407.433 | G16: 3615.0659 | H16: 3615.0658 | I16: 10795.361 | J16: 1420.7066 | K16: - | L16: 20.699159 | M16: -
A17: Umicore | B17: UMI-BE | C17: 06/30/2026 | D17: 29.034401 | E17: 6993.0781 | F17: 8731.9849 | G17: 246.39999 | H17: 242.00204 | I17: 39650.886 | J17: 1837.3835 | K17: 2275 | L17: 4.752402 | M17: 3.838235
A18: Materion | B18: MTRN-US | C18: 10/02/2026 | D18: 262.48023 | E18: 5636.5441 | F18: 6260.073 | G18: 20.860518 | H18: 21.163 | I18: 3081.3296 | J18: 203.31016 | K18: 307.18409 | L18: 30.790753 | M18: 20.378897
A19: Beijing Zhong Ke San Huan A | B19: 000970-CN | C19: 09/30/2026 | D19: 2.156547 | E19: 2641.7267 | F19: 2585.6045 | G19: 1224.98 | H19: 1203.5685 | I19: 1479.6199 | J19: 76.70055 | K19: - | L19: 33.710378 | M19: -
A20: Dowa | B20: 5714-JP | C20: 06/30/2026 | D20: 65.725136 | E20: 3910.8173 | F20: 5273.3481 | G20: 61.989208 | H20: 59.148318 | I20: 7508.6635 | J20: 469.55782 | K20: 750.31484 | L20: 11.230455 | M20: 7.02818
A21: Ningbo Yunsheng A | B21: 600366-CN | C21: 09/30/2026 | D21: 2.120605 | E21: 2305.4513 | F21: 2626.2981 | G21: 1099.041 | H21: 1083.4785 | I21: 1417.3738 | J21: 116.31754 | K21: - | L21: 22.578694 | M21: -
A22: USA Rare Earth A | B22: USAR-US | C22: 06/30/2026 | D22: 11.600129 | E22: 4408.5139 | F22: 2159.6844 | G22: 375.07657 | H22: 230.081 | I22: 18.187955 | J22: -172.69023 | K22: -164.6285 | L22: - | M22: -
A23: Tronox Holdings | B23: TROX-US | C23: 09/30/2026 | D23: 3.539979 | E23: 591.75366 | F23: 5096.9123 | G23: 159.70467 | H23: 159.701 | I23: 4412.727 | J23: -101.29845 | K23: 335.8113 | L23: - | M23: 15.177906
A24: JX Advanced Metals | B24: 5016-JP | C24: 06/30/2026 | D24: 21.700434 | E24: 20571.224 | F24: 20114.536 | G24: 949.18323 | H24: 946.66429 | I24: 8540.8544 | J24: 966.33275 | K24: 1383.238 | L24: 20.815331 | M24: 14.541631
A25: Average | L25: 22.212119 | M25: 19.435916
A26: Median | L26: 20.757245 | M26: 14.541631
A27: Valuation
F28: P/E (x) | I28: EV/ (x) | L28: Financial (C$)
A29: Company | C29: Fiscal | D29: FY1
A30: Name | B30: Ticker | C30: Period | D30: Date | E30: EV (M) | F30: Actual | G30: FY1 | H30: FY2 | I30: Sales | J30: EBIT | K30: EBITDA | L30: Sales (M) | M30: EBIT (M) | N30: EBITDA (M)
A31: Neo Performance Matls | B31: NEO-CA | C31: 06/30/2026 | D31: 12/2026 | E31: 1263.5324 | F31: 1073.2759 | G31: 13.395441 | H31: 12.521413 | I31: 1.516119 | J31: 11.125884 | K31: 9.388245 | L31: 833.39898 | M31: 113.56692 | N31: 134.58665
A32: Lynas Rare Earths | B32: LYC-AU | C32: 06/2026 | D32: 06/2027 | E32: 10987.562 | F32: 57.533732 | G32: 26.251358 | H32: 15.921026 | I32: 11.998773 | J32: 48.647592 | K32: 29.991181 | L32: 915.72385 | M32: 225.86035 | N32: 366.35977
A33: TDK Corp | B33: 6762-JP | C33: 06/30/2026 | D33: 03/2027 | E33: 34392.575 | F33: 16.954705 | G33: 14.995446 | H33: 12.894462 | I33: 1.417475 | J33: 14.521665 | K33: 8.035938 | L33: 24263.266 | M33: 2368.3631 | N33: 4279.8458
A34: JL MAG Rare-Earth H | B34: 6680-HK | C34: 09/30/2026 | D34: 12/2026 | E34: 7004.0523 | F34: 18.976605 | G34: 17.31654 | H34: 13.751154 | I34: 3.501018 | J34: 27.585737 | K34: - | L34: 2000.5761 | M34: 253.90122 | N34: -
A35: Shenghe Resources Holding A | B35: 600392-CN | C35: 09/30/2026 | D35: 12/2026 | E35: 6356.5031 | F35: 24.330417 | G35: 16.21875 | H35: 12.974999 | I35: 1.732677 | J35: 20.08738 | K35: - | L35: 3668.6021 | M35: 316.44261 | N35: -
A36: MP Materials A | B36: MP-US | C36: 09/30/2026 | D36: 12/2026 | E36: 9967.6579 | F36: - | G36: - | H36: 59.84639 | I36: 13.854806 | J36: - | K36: 66.543033 | L36: 719.43686 | M36: -30.3035 | N36: 149.79266
A37: China Northern Rare Earth (Group) High-Tech A | B37: 600111-CN | C37: 09/30/2026 | D37: 12/2026 | E37: 29407.433 | F37: 31.657301 | G37: 28.456985 | H37: 23.675982 | I37: 2.72408 | J37: 20.699159 | K37: - | L37: 10795.361 | M37: 1420.7066 | N37: -
A38: Umicore | B38: UMI-BE | C38: 06/30/2026 | D38: 12/2026 | E38: 8731.9849 | F38: 8.887447 | G38: 9.921482 | H38: 10.07426 | I38: 0.220222 | J38: 4.752402 | K38: 3.838235 | L38: 39650.886 | M38: 1837.3835 | N38: 2275
A39: Materion | B39: MTRN-US | C39: 10/02/2026 | D39: 12/2026 | E39: 6260.073 | F39: 38.711613 | G39: 26.057919 | H39: 21.871107 | I39: 2.031614 | J39: 30.790753 | K39: 20.378897 | L39: 3081.3296 | M39: 203.31016 | N39: 307.18409
A40: Beijing Zhong Ke San Huan A | B40: 000970-CN | C40: 09/30/2026 | D40: 12/2026 | E40: 2585.6045 | F40: 790.69767 | G40: 65.80645 | H40: 40 | I40: 1.747479 | J40: 33.710378 | K40: - | L40: 1479.6199 | M40: 76.70055 | N40: -
A41: Dowa | B41: 5714-JP | C41: 06/30/2026 | D41: 03/2027 | E41: 5273.3481 | F41: 5.483172 | G41: 6.861837 | H41: 7.061873 | I41: 0.702302 | J41: 11.230455 | K41: 7.02818 | L41: 7508.6635 | M41: 469.55782 | N41: 750.31484
A42: Ningbo Yunsheng A | B42: 600366-CN | C42: 09/30/2026 | D42: 12/2026 | E42: 2626.2981 | F42: 25.9878 | G42: - | H42: - | I42: 1.852933 | J42: 22.578694 | K42: - | L42: 1417.3738 | M42: 116.31754 | N42: -
A43: USA Rare Earth A | B43: USAR-US | C43: 06/30/2026 | D43: 12/2026 | E43: 2159.6844 | F43: - | G43: - | H43: - | I43: 118.74256 | J43: - | K43: - | L43: 18.187955 | M43: -172.69023 | N43: -164.6285
A44: Tronox Holdings | B44: TROX-US | C44: 09/30/2026 | D44: 12/2026 | E44: 5096.9123 | F44: - | G44: - | H44: - | I44: 1.155048 | J44: - | K44: 15.177906 | L44: 4412.727 | M44: -101.29845 | N44: 335.8113
A45: JX Advanced Metals | B45: 5016-JP | C45: 06/30/2026 | D45: 03/2027 | E45: 20114.536 | F45: 16.223411 | G45: 12.646644 | H45: 11.422842 | I45: 2.355096 | J45: 20.815331 | K45: 14.541631 | L45: 8540.8544 | M45: 966.33275 | N45: 1383.238
A46: Average | F46: 175.72664 | G46: 21.629896 | H46: 20.167959 | I46: 11.036813 | J46: 22.212119 | K46: 19.435916
A47: Median | F47: 25.159109 | G47: 16.21875 | H47: 13.363077 | I47: 1.852933 | J47: 20.757245 | K47: 14.541631
A48: Capitalization
D49: Market Data (C$) | H49: Financial (C$)
A50: Company | C50: Fiscal | E50: Shares Out | H50: Cash & ST | J50: Preferred | K50: Accumulated
A51: Name | B51: Ticker | C51: Period | D51: Price | E51: (M) | F51: Mkt Cap (M) | G51: EV (M) | H51: Investment (M) | I51: Total Debt (M) | J51: Stock (M) | K51: Min Interest (M)
A52: Neo Performance Matls | B52: NEO-CA | C52: 06/30/2026 | D52: 24.9 | E52: 46.197571 | F52: 1195.4395 | G52: 1263.5324 | H52: 136.5178 | I52: 229.70414 | J52: 0 | K52: 0.654044
A53: Lynas Rare Earths | B53: LYC-AU | C53: 06/2026 | D53: 11.932496 | E53: 1006.5026 | F53: 12058.362 | G53: 10987.562 | H53: 1188.4355 | I53: 332.55385 | J53: 0 | K53: 0
A54: TDK Corp | B54: 6762-JP | C54: 06/30/2026 | D54: 18.777336 | E54: 1943.8599 | F54: 35700.041 | G54: 34392.575 | H54: 7596.3213 | I54: 6672.7916 | J54: 0 | K54: 158.26451
A55: JL MAG Rare-Earth H | B55: 6680-HK | C55: 09/30/2026 | D55: 2.654827 | E55: 240.33092 | F55: 6468.84 | G55: 7004.0523 | H55: 793.14829 | I55: 1431.9748 | J55: 0 | K55: 28.156678
A56: Shenghe Resources Holding A | B56: 600392-CN | C56: 09/30/2026 | D56: 3.291905 | E56: 1752.8265 | F56: 5762.4346 | G56: 6356.5031 | H56: 1133.7975 | I56: 1573.3869 | J56: 0 | K56: 299.30063
A57: MP Materials A | B57: MP-US | C57: 09/30/2026 | D57: 49.940491 | E57: 178.10159 | F57: 11725.632 | G57: 9967.6579 | H57: 1900.2473 | I57: 1353.415 | J57: 587.22421 | K57: 0
A58: China Northern Rare Earth (Group) High-Tech A | B58: 600111-CN | C58: 09/30/2026 | D58: 7.683227 | E58: 3615.0659 | F58: 27637.072 | G58: 29407.433 | H58: 1454.3018 | I58: 2055.8869 | J58: 0 | K58: 1389.5157
A59: Umicore | B59: UMI-BE | C59: 06/30/2026 | D59: 29.034401 | E59: 246.39999 | F59: 6993.0781 | G59: 8731.9849 | H59: 2918.0803 | I59: 5272.3336 | J59: 0 | K59: 71.857118
A60: Materion | B60: MTRN-US | C60: 10/02/2026 | D60: 262.48023 | E60: 20.860518 | F60: 5636.5441 | G60: 6260.073 | H60: 21.869829 | I60: 669.04156 | J60: 0 | K60: 0
A61: Beijing Zhong Ke San Huan A | B61: 000970-CN | C61: 09/30/2026 | D61: 2.156547 | E61: 1224.98 | F61: 2641.7267 | G61: 2585.6045 | H61: 363.63715 | I61: 209.00187 | J61: 0 | K61: 188.87
A62: Dowa | B62: 5714-JP | C62: 06/30/2026 | D62: 65.725136 | E62: 61.989208 | F62: 3910.8173 | G62: 5273.3481 | H62: 420.71474 | I62: 1457.3342 | J62: 0 | K62: 134.15384
A63: Ningbo Yunsheng A | B63: 600366-CN | C63: 09/30/2026 | D63: 2.120605 | E63: 1099.041 | F63: 2305.4513 | G63: 2626.2981 | H63: 430.2393 | I63: 854.06871 | J63: 0 | K63: 8.185323
... A66: JX Advanced Metals | B66: 5016-JP | C66: 06/30/2026 | D66: 21.700434 | E66: 949.18323 | F66: 20571.224 | G66: 20114.536 | H66: 1911.5525 | I66: 3956.4033 | J66: 0 | K66: 725.17097
A67: Margins
D68: Gross Margin (%) | F68: EBITDA Margin (%) | H68: EBIT Margin (%) | J68: Pretax Margin (%) | L68: Net Margin (%)
A69: Company | C69: Fiscal
A70: Name | B70: Ticker | C70: Period | D70: Actual | E70: NTM | F70: Actual | G70: NTM | H70: Actual | I70: NTM | J70: Actual | K70: NTM | L70: Actual | M70: NTM
A71: Neo Performance Matls | B71: NEO-CA | C71: 06/30/2026 | D71: 31.087838 | E71: 30.612257 | F71: 16.149126 | G71: 19.996574 | H71: 13.626957 | I71: 15.189373 | J71: 5.150153 | K71: 11.815293 | L71: 0.240079 | M71: 8.000903
A72: Lynas Rare Earths | B72: LYC-AU | C72: 06/2026 | D72: 34.840201 | E72: 64.80809 | F72: 40.007669 | G72: 55.661976 | H72: 24.66468 | I72: 48.19503 | J72: 26.183068 | K72: 47.217754 | L72: 22.736657 | M72: 35.769627
A73: TDK Corp | B73: 6762-JP | C73: 06/30/2026 | D73: 31.049802 | E73: 34.551201 | F73: 17.639199 | G73: 21.251324 | H73: 9.761106 | I73: 12.564662 | J73: 11.553568 | K73: 12.912445 | L73: 8.663312 | M73: 9.481437
A74: JL MAG Rare-Earth H | B74: 6680-HK | C74: 09/30/2026 | D74: 24.081548 | E74: 21.277084 | F74: - | G74: 13.566704 | H74: 10.702693 | I74: 11.331697 | J74: 11.178675 | K74: 11.483944 | L74: 9.608686 | M74: 9.969183
A75: Shenghe Resources Holding A | B75: 600392-CN | C75: 09/30/2026 | D75: 12.432305 | E75: - | F75: - | G75: 11.368318 | H75: 7.553658 | I75: 10.032902 | J75: 7.611039 | K75: 10.003266 | L75: 6.462372 | M75: 7.791673
A76: MP Materials A | B76: MP-US | C76: 09/30/2026 | D76: 21.569581 | E76: 47.993637 | F76: 20.82082 | G76: 41.502766 | H76: -4.212114 | I76: 17.550379 | J76: -11.509151 | K76: 19.254423 | L76: -7.628019 | M76: 18.527782
A77: China Northern Rare Earth (Group) High-Tech A | B77: 600111-CN | C77: 09/30/2026 | D77: 16.732079 | E77: - | F77: - | G77: 14.240035 | H77: 11.469362 | I77: 13.71367 | J77: 11.163723 | K77: 13.593483 | L77: 8.126315 | M77: 9.110167
A78: Umicore | B78: UMI-BE | C78: 06/30/2026 | D78: 6.525545 | E78: 61.587601 | F78: 5.737577 | G78: 26.53063 | H78: 4.633903 | I78: 19.138798 | J78: 3.959863 | K78: 15.709988 | L78: 1.982271 | M78: 11.182297
A79: Materion | B79: MTRN-US | C79: 10/02/2026 | D79: 15.441753 | E79: 18.403595 | F79: 9.969206 | G79: 11.855509 | H79: 6.598131 | I79: 8.800886 | J79: 5.084849 | K79: 8.028535 | L79: 4.640137 | M79: 6.778645
A80: Beijing Zhong Ke San Huan A | B80: 000970-CN | C80: 09/30/2026 | D80: 13.349415 | E80: - | F80: - | G80: 9.198555 | H80: 3.166547 | I80: 5.846377 | J80: 2.134682 | K80: 5.875457 | L80: 1.049215 | M80: 3.363738
A81: Dowa | B81: 5714-JP | C81: 06/30/2026 | D81: 13.046755 | E81: 12.179333 | F81: 9.992655 | G81: 9.898619 | H81: 6.253547 | I81: 6.018236 | J81: 12.129714 | K81: 8.635959 | L81: 9.4803 | M81: 6.245615
A82: Ningbo Yunsheng A | B82: 600366-CN | C82: 09/30/2026 | D82: 19.934462 | E82: - | F82: - | G82: - | H82: 6.140922 | I82: - | J82: 6.625909 | K82: - | L82: 6.254014 | M82: -
A83: USA Rare Earth A | B83: USAR-US | C83: 06/30/2026 | D83: -54.064732 | E83: 40.533237 | F83: -905.15119 | G83: 33.584057 | H83: -949.47576 | I83: 8.519992 | J83: -2193.9979 | K83: -10.677696 | L83: -2159.2995 | M83: -10.704624
A84: Tronox Holdings | B84: TROX-US | C84: 09/30/2026 | D84: 5.974843 | E84: 11.410845 | F84: 7.610063 | G84: 12.263004 | H84: -2.295597 | I84: 3.185334 | J84: -12.578616 | K84: -3.68766 | L84: -15.880503 | M84: -3.619752
A85: JX Advanced Metals | B85: 5016-JP | C85: 06/30/2026 | D85: 22.894946 | E85: 28.973848 | F85: 16.195546 | G85: 29.191784 | H85: 11.31424 | I85: 25.161943 | J85: 9.074223 | K85: 24.560806 | L85: 14.555026 | M85: 16.568832
A86: Average | D86: 14.326423 | E86: 33.848248 | F86: -76.102933 | G86: 22.150704 | H86: -56.006515 | I86: 14.660663 | J86: -140.41574 | K86: 12.480428 | L86: -139.26731 | M86: 9.176109
A87: Median | D87: 16.732079 | E87: 30.612257 | F87: 13.07089 | G87: 17.118305 | H87: 6.598131 | I87: 11.94818 | J87: 6.625909 | K87: 11.649618 | L87: 6.254014 | M87: 8.555535
A88: Performance
E89: 52 Week High | H89: 52 Week Low | L89: Price Change (%)
A90: Company | C90: Fiscal | K90: Beta to
A91: Name | B91: Ticker | C91: Period | D91: Price (C$) | E91: Price (C$) | F91: Date | G91: % Below | H91: Price (C$) | I91: Date | J91: % Above | K91: Loc Indx 1Y | L91: 1 Day | M91: 1 Month | N91: 3 Month | O91: 6 Month | P91: 1 Year | Q91: 3 Year | R91: 5 Year
A92: Neo Performance Matls | B92: NEO-CA | C92: 06/30/2026 | D92: 24.9 | E92: 47.189999 | F92: 08/11/2026 | G92: -47.234581 | H92: 15.31 | I92: 12/29/2025 | J92: 62.638794 | K92: 2.597018 | L92: 4.053485 | M92: -17.903065 | N92: -37.59399 | O92: -14.95902 | P92: 51.736748 | Q92: 240.16393 | R92: 32.870865
A93: Lynas Rare Earths | B93: LYC-AU | C93: 06/2026 | D93: 11.932496 | E93: 21.967043 | F93: 04/14/2026 | G93: -45.680012 | H93: 10.52377 | I93: 10/26/2026 | J93: 13.38613 | K93: 1.819983 | L93: -5.392373 | M93: -6.756449 | N93: -23.021048 | O93: -38.15118 | P93: 5.297577 | Q93: 91.954735 | R93: 77.34404
A94: TDK Corp | B94: 6762-JP | C94: 06/30/2026 | D94: 18.777336 | E94: 37.390724 | F94: 06/01/2026 | G94: -49.780762 | H94: 16.740667 | I94: 01/28/2026 | J94: 12.165999 | K94: 2.150759 | L94: -5.43738 | M94: -43.065186 | N94: -29.671854 | O94: -22.341991 | P94: -23.15402 | Q94: 69.901398 | R94: 91.359833
A95: JL MAG Rare-Earth H | B95: 6680-HK | C95: 09/30/2026 | D95: 2.654827 | E95: 4.555931 | F95: 03/03/2026 | G95: -41.728107 | H95: 2.40693 | I95: 10/23/2026 | J95: 10.299313 | K95: 1.226015 | L95: -0.104183 | M95: -4.476404 | N95: -14.536208 | O95: -22.650188 | P95: -29.359514 | Q95: 47.094582 | R95: -
A96: Shenghe Resources Holding A | B96: 600392-CN | C96: 09/30/2026 | D96: 3.291905 | E96: 7.226162 | F96: 06/22/2026 | G96: -54.444622 | H96: 3.051462 | I96: 10/30/2026 | J96: 7.879615 | K96: 3.280301 | L96: -2.116024 | M96: -23.353493 | N96: -29.994577 | O96: -38.250084 | P96: -25.227213 | Q96: 62.962593 | R96: -15.472526
A97: MP Materials A | B97: MP-US | C97: 09/30/2026 | D97: 49.940491 | E97: 105.14688 | F97: 05/08/2026 | G97: -52.50407 | H97: 44.642452 | I97: 11/05/2026 | J97: 11.867714 | K97: 2.776665 | L97: 5.767035 | M97: -27.670753 | N97: -25.000881 | O97: -49.516235 | P97: -31.968552 | Q97: 134.07402 | R97: 9.660482
A98: China Northern Rare Earth (Group) High-Tech A | B98: 600111-CN | C98: 09/30/2026 | D98: 7.683227 | E98: 12.650849 | F98: 03/02/2026 | G98: -39.267105 | H98: 7.149439 | I98: 10/30/2026 | J98: 7.466149 | K98: 2.321042 | L98: -0.564903 | M98: 2.216244 | N98: -11.735355 | O98: -30.742138 | P98: -14.00786 | Q98: 89.646111 | R98: -7.479185
A99: Umicore | B99: UMI-BE | C99: 06/30/2026 | D99: 29.034401 | E99: 43.268429 | F99: 05/14/2026 | G99: -32.89703 | H99: 23.053701 | I99: 11/21/2025 | J99: 25.942469 | K99: 0.86878 | L99: -0.860691 | M99: -15.664119 | N99: -23.869801 | O99: -12.718189 | P99: 8.905685 | Q99: -16.313452 | R99: -59.615467
A100: Materion | B100: MTRN-US | C100: 10/02/2026 | D100: 262.48023 | E100: 462.89236 | F100: 10/05/2026 | G100: -43.295624 | H100: 155.12651 | I100: 11/18/2025 | J100: 69.203972 | K100: 2.385353 | L100: 5.685222 | M100: -40.897655 | N100: -32.725368 | O100: -2.079499 | P100: 61.329151 | Q100: 73.526779 | R100: 124.71294
A101: Beijing Zhong Ke San Huan A | B101: 000970-CN | C101: 09/30/2026 | D101: 2.156547 | E101: 3.578302 | F101: 07/07/2026 | G101: -39.732677 | H101: 2.053183 | I101: 10/30/2026 | J101: 5.034316 | K101: 2.552998 | L101: -0.681794 | M101: -7.509804 | N101: -22.860891 | O101: -7.229626 | P101: -19.544243 | Q101: 6.757772 | R101: 2.091908
A102: Dowa | B102: 5714-JP | C102: 06/30/2026 | D102: 65.725136 | E102: 107.41511 | F102: 05/15/2026 | G102: -38.812019 | H102: 49.405495 | I102: 11/07/2025 | J102: 33.032036 | K102: 1.648309 | L102: -6.419784 | M102: -17.521404 | N102: -16.728895 | O102: -20.518286 | P102: 30.822491 | Q102: 46.167206 | R102: 2.370226
A103: Ningbo Yunsheng A | B103: 600366-CN | C103: 09/30/2026 | D103: 2.120605 | E103: 3.63797 | F103: 07/02/2026 | G103: -41.709118 | H103: 2.01933 | I103: 11/02/2026 | J103: 5.015266 | K103: 2.904467 | L103: -1.674914 | M103: -6.681818 | N103: -14.561712 | O103: -21.21076 | P103: -22.43532 | Q103: 55.016281 | R103: -1.957858
A104: USA Rare Earth A | B104: USAR-US | C104: 06/30/2026 | D104: 11.600129 | E104: 45.524757 | F104: 06/03/2026 | G104: -74.519073 | H104: 9.572238 | I104: 11/05/2026 | J104: 21.185135 | K104: 4.135543 | L104: 11.712432 | M104: -40.660007 | N104: -52.480747 | O104: -70.212692 | P104: -48.108189 | Q104: -17.194218 | R104: -
...

Sheet Targets
A1: NEO-CA
A2: Targets & Ratings
A3: Broker | B3: Analyst | C3: Rating Date | D3: Rating* | E3: Price on Rating Date | F3: Tgt Price Date | G3: Tgt Price* | H3: Price on Tgt Price Date | I3: Tgt Price Implied Return (%)
A4: Mean | C4: 07 Nov '26 | D4: Buy (1.00) | E4: 24.9 | F4: 07 Nov '26 | G4: 56.8507 | H4: 24.9 | I4: 128.316
A5: B Riley Securities | B5: Nick Giles | C5: 02 Nov '26 | D5: Buy | E5: 24.74 | F5: 02 Nov '26 | G5: 62 | H5: 24.74 | I5: 148.996
A6: Stifel Canada | B6: Ian B. Gillies | C6: 29 Oct '26 | D6: Buy | E6: 25.92 | F6: 29 Oct '26 | G6: 55 | H6: 25.92 | I6: 120.884
A7: BMO Capital Markets | B7: Max Yerrill | C7: 13 Oct '26 | D7: Buy | E7: 26.96 | F7: 13 Oct '26 | G7: 50 | H7: 26.96 | I7: 100.803
A8: Jefferies | C8: 15 Sep '26 | D8: Buy | E8: 29.17 | F8: 15 Sep '26 | G8: 66.7848 | H8: 29.17 | I8: 168.212
A9: Paradigm Capital Inc | B9: J. Marvin Wolff | C9: 28 Aug '26 | D9: Buy | E9: 32.45 | F9: 28 Aug '26 | G9: 50.7 | H9: 32.45 | I9: 103.614
A10: ATB Cormark Capital Markets | B10: Nicholas Boychuk | C10: 11 Aug '26 | D10: Buy | E10: 39.21 | F10: 11 Aug '26 | G10: 53.5 | H10: 39.21 | I10: 114.859
A11: Excluded
A12: Sidoti Research | C12: 23 Oct '26 | D12: Dropping | E12: 24.36 | F12: 12 Aug '26 | G12: - | H12: 36.75 | I12: -
A13: Canaccord Genuity | C13: 16 Jan '25 | D13: Dropping | E13: 7.65 | F13: - | G13: - | H13: - | I13: -
A14: Raymond James | C14: 14 Nov '24 | D14: Dropping | E14: 8.04 | F14: - | G14: - | H14: - | I14: -
A15: Scotiabank GBM | C15: 21 Dec '23 | D15: Dropping | E15: 7.5 | F15: - | G15: - | H15: - | I15: -
A16: CIBC Capital Markets | C16: 12 Mar '21 | D16: Dropping | E16: 18.59 | F16: - | G16: - | H16: - | I16: -

Sheet Consensus
A1: NEO-CA
A2: Earnings Per Share
B3: Dec '24 | C3: Dec '25 | D3: Mar '26 | E3: Jun '26 | F3: Sep '26E | G3: Dec '26E | H3: Dec '26E | I3: Mar '27E | J3: Jun '27E | K3: Sep '27E | L3: Dec '27E | M3: Dec '27E | N3: Dec '28E
D4: Q1 | E4: Q2 | F4: Q3 | G4: Q4 | I4: Q1 | J4: Q2 | K4: Q3 | L4: Q4
A5: EPS | B5: 0.071562 | C5: 0.672451 | D5: 0.466123 | E5: 0.710303 | F5: 0.560896 | G5: 0.404806 | H5: 1.85884 | I5: 0.548203 | J5: 0.513414 | K5: 0.503683 | L5: 0.507538 | M5: 1.98859 | N5: 2.29182
A6: EPS - GAAP | B6: -0.443687 | C6: -0.329364 | D6: -0.054838 | E6: 0.529245 | F6: 0.387846 | G6: 0.416053 | H6: 1.29047 | I6: - | J6: - | K6: - | L6: - | M6: 2.00975 | N6: 1.87576
A7: Foreign Exchange (Gain) Loss | B7: 0.146232 | C7: -0.243771 | D7: 0.050595 | E7: 0.067182 | F7: - | G7: - | H7: - | I7: - | J7: - | K7: - | L7: - | M7: - | N7: -
A8: Tax impact of the above items | B8: 0.018674 | C8: -0.025342 | D8: 0.077537 | E8: 0.145495 | F8: - | G8: - | H8: - | I8: - | J8: - | K8: - | L8: - | M8: - | N8: -
A9: Impairment of Assets | B9: 0.004729 | C9: - | D9: - | E9: - | F9: - | G9: - | H9: - | I9: - | J9: - | K9: - | L9: - | M9: - | N9: -
A10: Other items included in other expense | B10: -0.111148 | C10: 0.319959 | D10: -0.00307 | E10: - | F10: - | G10: - | H10: - | I10: - | J10: - | K10: - | L10: - | M10: - | N10: -
A11: Share-based compensation (2) | B11: 0.104843 | C11: 0.393547 | D11: 0.10404 | E11: 0.221517 | F11: - | G11: - | H11: - | I11: - | J11: - | K11: - | L11: - | M11: - | N11: -
A12: Other Items | B12: - | C12: - | D12: - | E12: -0.002111 | F12: - | G12: - | H12: - | I12: - | J12: - | K12: - | L12: - | M12: - | N12: -
A13: Project Start-Up & Transition Cost | B13: 0.268173 | C13: 0.557115 | D13: 0.080043 | E13: 0.122719 | F13: - | G13: - | H13: - | I13: - | J13: - | K13: - | L13: - | M13: - | N13: -
A14: Transaction and other costs | B14: 0.079729 | C14: - | D14: - | E14: - | F14: - | G14: - | H14: - | I14: - | J14: - | K14: - | L14: - | M14: - | N14: -
A15: Buss & Buss non-controlling interest and related items | B15: - | C15: - | D15: 0.207925 | E15: -0.366831 | F15: - | G15: - | H15: - | I15: - | J15: - | K15: - | L15: - | M15: - | N15: -
A16: EPS - Non GAAP | B16: 0.071562 | C16: 0.672451 | D16: 0.466123 | E16: 0.710303 | F16: 0.560896 | G16: 0.404806 | H16: 1.85884 | I16: 0.548203 | J16: 0.513414 | K16: 0.503683 | L16: 0.507538 | M16: 1.98859 | N16: 2.29182
A18: Product Segments (M)
B19: Dec '24 | C19: Dec '25 | D19: Mar '26 | E19: Jun '26 | F19: Sep '26E | G19: Dec '26E | H19: Dec '26E | I19: Mar '27E | J19: Jun '27E | K19: Sep '27E | L19: Dec '27E | M19: Dec '27E | N19: Dec '28E
D20: Q1 | E20: Q2 | F20: Q3 | G20: Q4 | I20: Q1 | J20: Q2 | K20: Q3 | L20: Q4
A21: Sales | B21: 681.029 | C21: 657.072 | D21: 212.445 | E21: 286.556 | F21: 247.431 | G21: 254.57 | H21: 992.109 | I21: 259.806 | J21: 257.243 | K21: 263.579 | L21: 265.53 | M21: 1038.1 | N21: 1181.83
A22: Magnequench | B22: 252.829 | C22: 280.721 | D22: 88.7443 | E22: 89.6137 | F22: - | G22: - | H22: 366.62 | I22: - | J22: - | K22: - | L22: - | M22: 421.906 | N22: -
A23: Chemicals & Oxides (C&O) | B23: 209.701 | C23: 185.308 | D23: 45.4909 | E23: 52.1223 | F23: - | G23: - | H23: 198.859 | I23: - | J23: - | K23: - | L23: - | M23: 197.449 | N23: -
A24: Rare Metals | B24: 223.57 | C24: 202.648 | D24: 78.273 | E24: 148.118 | F24: - | G24: - | H24: 428.958 | I24: - | J24: - | K24: - | L24: - | M24: 359.498 | N24: -
A25: Corporate/Eliminations | B25: -5.07092 | C25: -11.606 | D25: -0.063064 | E25: -3.29803 | F25: - | G25: - | H25: -6.62864 | I25: - | J25: - | K25: - | L25: - | M25: -6.48761 | N25: -
A26: EBITDA | B26: 92.1696 | C26: 103.813 | D26: 49.6709 | E26: 79.4327 | F26: 50.9725 | G26: 46.9957 | H26: 226.142 | I26: 51.3775 | J26: 51.2551 | K26: 51.4454 | L26: 51.4076 | M26: 202.661 | N26: 206.525
A27: Magnequench | B27: 36.5369 | C27: 38.9432 | D27: 12.6689 | E27: 14.5779 | F27: - | G27: - | H27: 56.414 | I27: - | J27: - | K27: - | L27: - | M27: 66.2865 | N27: -
A28: Chemicals & Oxides (C&O) | B28: 7.04747 | C28: 32.1734 | D28: 10.5042 | E28: 11.8467 | F28: - | G28: - | H28: 42.3105 | I28: - | J28: - | K28: - | L28: - | M28: 39.4898 | N28: -
A29: Rare Metals | B29: 74.0844 | C29: 59.2855 | D29: 32.7068 | E29: 61.8451 | F29: - | G29: - | H29: 172.063 | I29: - | J29: - | K29: - | L29: - | M29: 107.187 | N29: -
A30: Corporate/Eliminations | B30: -25.4991 | C30: -26.5893 | D30: -6.20903 | E30: -8.837 | F30: - | G30: - | H30: - | I30: - | J30: - | K30: - | L30: - | M30: - | N30: -
A32: Income Statement (M)
B33: Dec '24 | C33: Dec '25 | D33: Mar '26 | E33: Jun '26 | F33: Sep '26E | G33: Dec '26E | H33: Dec '26E | I33: Mar '27E | J33: Jun '27E | K33: Sep '27E | L33: Dec '27E | M33: Dec '27E | N33: Dec '28E
D34: Q1 | E34: Q2 | F34: Q3 | G34: Q4 | I34: Q1 | J34: Q2 | K34: Q3 | L34: Q4
A35: Sales | B35: 681.029 | C35: 657.072 | D35: 212.445 | E35: 286.556 | F35: 247.431 | G35: 254.57 | H35: 992.109 | I35: 259.806 | J35: 257.243 | K35: 263.579 | L35: 265.53 | M35: 1038.1 | N35: 1181.83
A36: Cost of Sales | B36: 491.37 | C36: 462.49 | D36: 140.584 | E36: 179.062 | F36: 174.875 | G36: 193.301 | H36: 677.931 | I36: - | J36: - | K36: - | L36: - | M36: 759.965 | N36: 937.607
A37: Gross Income | B37: 183.887 | C37: 183.653 | D37: 69.1315 | E37: 104.605 | F37: 64.8613 | G37: 65.3472 | H37: 332.741 | I37: - | J37: - | K37: - | L37: - | M37: 312.636 | N37: 315.768
A38: Gross Income Margin (%) | B38: - | C38: 28.8 | D38: 32.5 | E38: 36.5 | F38: 27.7 | G38: 29.1 | H38: 33.5667 | I38: - | J38: - | K38: - | L38: - | M38: 32.1 | N38: -
A39: SG&A Expense | B39: 87.8787 | C39: 88.3793 | D39: 21.3868 | E39: 29.8411 | F39: 24.5401 | G39: 25.5273 | H39: 106.821 | I39: - | J39: - | K39: - | L39: - | M39: 113.498 | N39: 126.931
A40: Research & Development | B40: 24.1438 | C40: 25.6629 | D40: 4.24995 | E40: 3.88577 | F40: 4.97148 | G40: 5.042 | H40: 19.5804 | I40: - | J40: - | K40: - | L40: - | M40: 24.352 | N40: 16.9242
A41: EBITDA | B41: 92.1696 | C41: 103.813 | D41: 49.6709 | E41: 79.4327 | F41: 50.9725 | G41: 46.9957 | H41: 226.142 | I41: 51.3775 | J41: 51.2551 | K41: 51.4454 | L41: 51.4076 | M41: 202.661 | N41: 206.525
A42: Guidance (Low) | B42: 72.8624 | C42: 93.991 | D42: - | E42: - | F42: - | G42: - | H42: 194.985 | I42: - | J42: - | K42: - | L42: - | M42: - | N42: -
A43: Guidance (High) | B43: 77.066 | C43: 99.6023 | D43: - | E43: - | F43: - | G43: - | H43: 208.913 | I43: - | J43: - | K43: - | L43: - | M43: - | N43: -
A44: EBITDA Non-GAAP | B44: 92.1696 | C44: 103.813 | D44: 49.6709 | E44: 79.4327 | F44: 50.9725 | G44: 46.9957 | H44: 229.483 | I44: 51.3616 | J44: 51.2392 | K44: 51.4482 | L44: 51.4104 | M44: 200.601 | N44: 198.369
A45: Guidance (Low) | B45: 72.8624 | C45: 93.991 | D45: - | E45: - | F45: - | G45: - | H45: 194.985 | I45: - | J45: - | K45: - | L45: - | M45: - | N45: -
A46: Guidance (High) | B46: 77.066 | C46: 99.6023 | D46: - | E46: - | F46: - | G46: - | H46: 208.913 | I46: - | J46: - | K46: - | L46: - | M46: - | N46: -
A47: EBITDA GAAP | B47: 68.9319 | C47: 59.3239 | D47: 39.7425 | E47: 59.9119 | F47: 37.7593 | G47: 33.7003 | H47: 173.015 | I47: - | J47: - | K47: - | L47: - | M47: 188.527 | N47: 158.389
A48: Depr. & Amort. | B48: 10.2935 | C48: 10.3221 | D48: 2.7419 | E48: 2.4777 | F48: 2.93705 | G48: 3.07809 | H48: 11.4598 | I48: - | J48: - | K48: - | L48: - | M48: 13.8496 | N48: 13.9343
A49: Operating Income | B49: 50.5246 | C49: 43.6092 | D49: 36.4673 | E49: 58.1738 | F49: 29.2394 | G49: 28.5264 | H49: 166.92 | I49: - | J49: - | K49: - | L49: - | M49: 154.803 | N49: 146.163
A50: Interest Expense | B50: - | C50: - | D50: - | E50: - | F50: - | G50: - | H50: 45.1312 | I50: - | J50: - | K50: - | L50: - | M50: 11.2828 | N50: -
A51: Pretax Income | B51: 9.94719 | C51: 4.9535 | D51: 9.15795 | E51: 42.7658 | F51: 24.9836 | G51: 23.7771 | H51: 103.295 | I51: - | J51: - | K51: - | L51: - | M51: 125.126 | N51: 120.034
A52: Tax Expense | B52: 25.6838 | C52: 19.7632 | D52: 11.2699 | E52: 17.7436 | F52: 6.26336 | G52: 4.67531 | H52: 43.9437 | I52: - | J52: - | K52: - | L52: - | M52: 37.9629 | N52: 28.6372
A53: Net Income | B53: -18.6291 | C53: -13.681 | D53: -2.24836 | E53: 24.3216 | F53: 18.7203 | G53: 19.1025 | H53: 74.6888 | I53: - | J53: - | K53: - | L53: - | M53: 83.8896 | N53: 84.1105
A54: Net Income - Non GAAP | B54: 2.72653 | C54: 28.081 | D54: 20.3792 | E54: 32.9998 | F54: - | G54: - | H54: 113.533 | I54: - | J54: - | K54: - | L54: - | M54: 92.3779 | N54: -
A55: Net Income - GAAP | B55: -18.6291 | C55: -13.681 | D55: -2.24836 | E55: 24.3216 | F55: - | G55: - | H55: 73.3382 | I55: - | J55: - | K55: - | L55: - | M55: 66.2865 | N55: 69.1071
A57: Balance Sheet (M)
B58: Dec '24 | C58: Dec '25 | D58: Mar '26 | E58: Jun '26 | F58: Sep '26E | G58: Dec '26E | H58: Dec '26E | I58: Mar '27E | J58: Jun '27E | K58: Sep '27E | L58: Dec '27E | M58: Dec '27E | N58: Dec '28E
D59: Q1 | E59: Q2 | F59: Q3 | G59: Q4 | I59: Q1 | J59: Q2 | K59: Q3 | L59: Q4
A60: Current Assets | B60: - | C60: 498.438 | D60: 567.847 | E60: - | F60: - | G60: - | H60: - | I60: - | J60: - | K60: - | L60: - | M60: - | N60: -
A61: Cash and Cash Equivalents | B61: - | C61: 52.6982 | D61: 57.1686 | E61: - | F61: - | G61: - | H61: 221.425 | I61: - | J61: - | K61: - | L61: - | M61: 318.739 | N61: 387.846
A62: Accounts Receivable | B62: - | C62: 127.903 | D62: 156.288 | E62: - | F62: - | G62: - | H62: - | I62: - | J62: - | K62: - | L62: - | M62: - | N62: -
A63: Inventories | B63: - | C63: 281.881 | D63: 321.625 | E63: - | F63: - | G63: - | H63: - | I63: - | J63: - | K63: - | L63: - | M63: - | N63: -
A64: Current Liabilities | B64: - | C64: 271.863 | D64: 323.407 | E64: - | F64: - | G64: - | H64: - | I64: - | J64: - | K64: - | L64: - | M64: - | N64: -
A65: Accounts Payable | B65: - | C65: 131.471 | D65: 119.136 | E65: - | F65: - | G65: - | H65: 128.342 | I65: - | J65: - | K65: - | L65: - | M65: 142.445 | N65: 159.37
A66: Total Assets | B66: - | C66: 939.922 | D66: - | E66: - | F66: - | G66: - | H66: 1186.1 | I66: - | J66: - | K66: - | L66: - | M66: 1393.43 | N66: 1534.46
A67: Short-Term Debt | B67: - | C67: 12.7629 | D67: - | E67: - | F67: - | G67: - | H67: 18.3345 | I67: - | J67: - | K67: - | L67: - | M67: 18.3345 | N67: 18.3345
A68: Long-Term Debt | B68: - | C68: 109.102 | D68: - | E68: - | F68: - | G68: - | H68: 176.294 | I68: - | J68: - | K68: - | L68: - | M68: 224.246 | N68: 200.975
A69: Intangible Assets | B69: - | C69: 42.4056 | D69: 41.5398 | E69: - | F69: - | G69: - | H69: - | I69: - | J69: - | K69: - | L69: - | M69: - | N69: -
A70: Total Goodwill | B70: - | C70: 90.4379 | D70: - | E70: - | F70: - | G70: - | H70: 93.0831 | I70: - | J70: - | K70: - | L70: - | M70: 93.0831 | N70: 93.0831
A71: Net Debt | B71: 7.15625 | C71: 87.8304 | D71: - | E71: - | F71: - | G71: - | H71: 12.6931 | I71: - | J71: - | K71: - | L71: - | M71: -98.7245 | N71: -263.735
A72: Minority Interest | B72: - | C72: - | D72: - | E72: - | F72: - | G72: - | H72: - | I72: - | J72: - | K72: - | L72: - | M72: - | N72: -
A73: Shareholder Equity | B73: - | C73: 535.903 | D73: - | E73: - | F73: - | G73: - | H73: 739.023 | I73: - | J73: - | K73: - | L73: - | M73: 849.031 | N73: 963.269
A75: Cash Flow (M)
B76: Dec '24 | C76: Dec '25 | D76: Mar '26 | E76: Jun '26 | F76: Sep '26E | G76: Dec '26E | H76: Dec '26E | I76: Mar '27E | J76: Jun '27E | K76: Sep '27E | L76: Dec '27E | M76: Dec '27E | N76: Dec '28E
D77: Q1 | E77: Q2 | F77: Q3 | G77: Q4 | I77: Q1 | J77: Q2 | K77: Q3 | L77: Q4
A78: Capital Expenditures | B78: 91.6 | C78: 31.9758 | D78: 7.12894 | E78: 0 | F78: - | G78: - | H78: 52.7823 | I78: - | J78: - | K78: - | L78: - | M78: 59.2347 | N78: 43.7208
A79: Free Cash Flow | B79: -11.45 | C79: 38.563 | D79: 24.0602 | E79: 56.4064 | F79: - | G79: - | H79: 29.7584 | I79: - | J79: - | K79: - | L79: - | M79: 91.7785 | N79: 39.4898
A80: Cash Flow from Operations | B80: 80.15 | C80: -74.1069 | D80: - | E80: - | F80: - | G80: - | H80: 94.0233 | I80: - | J80: - | K80: - | L80: - | M80: 136.334 | N80: 102.956
A81: Cash Flow from Investing | B81: - | C81: -9.19475 | D81: - | E81: - | F81: - | G81: - | H81: -71.9278 | I81: - | J81: - | K81: - | L81: - | M81: -59.2347 | N81: -16.9242
A82: Cash Flow from Financing | B82: - | C82: 8.50857 | D82: - | E82: - | F82: - | G82: - | H82: 157.959 | I82: - | J82: - | K82: - | L82: - | M82: -11.2828 | N82: -9.87245
A83: Share Repurchase | B83: - | C83: 5.4894 | D83: - | E83: - | F83: - | G83: - | H83: 111.418 | I83: - | J83: - | K83: - | L83: - | M83: 0 | N83: -
A85: Per Share
B86: Dec '24 | C86: Dec '25 | D86: Mar '26 | E86: Jun '26 | F86: Sep '26E | G86: Dec '26E | H86: Dec '26E | I86: Mar '27E | J86: Jun '27E | K86: Sep '27E | L86: Dec '27E | M86: Dec '27E | N86: Dec '28E
D87: Q1 | E87: Q2 | F87: Q3 | G87: Q4 | I87: Q1 | J87: Q2 | K87: Q3 | L87: Q4
A88: EPS | B88: 0.071562 | C88: 0.672451 | D88: 0.466123 | E88: 0.710303 | F88: 0.560896 | G88: 0.404806 | H88: 1.85884 | I88: 0.548203 | J88: 0.513414 | K88: 0.503683 | L88: 0.507538 | M88: 1.98859 | N88: 2.29182
A89: EPS - GAAP | B89: -0.443687 | C89: -0.329364 | D89: -0.054838 | E89: 0.529245 | F89: 0.387846 | G89: 0.416053 | H89: 1.29047 | I89: - | J89: - | K89: - | L89: - | M89: 2.00975 | N89: 1.87576
A90: EPS - Non GAAP | B90: 0.071562 | C90: 0.672451 | D90: 0.466123 | E90: 0.710303 | F90: 0.560896 | G90: 0.404806 | H90: 1.85884 | I90: 0.548203 | J90: 0.513414 | K90: 0.503683 | L90: 0.507538 | M90: 1.98859 | N90: 2.29182
A91: Dividends per Share | B91: 0.5725 | C91: 0.4 | D91: - | E91: - | F91: - | G91: - | H91: 0.403606 | I91: - | J91: - | K91: - | L91: - | M91: 0.403606 | N91: -
A92: Free Cash Flow per Share | B92: -0.271937 | C92: -2.88193 | D92: - | E92: - | F92: - | G92: - | H92: 0.556947 | I92: - | J92: - | K92: - | L92: - | M92: 2.55732 | N92: 1.614
A93: Cash Flow per Share | B93: 1.74612 | C93: - | D93: - | E93: -0.363786 | F93: 1.82852 | G93: 1.50936 | H93: 1.72063 | I93: 1.51133 | J93: 1.02518 | K93: 0.545241 | L93: 0.522958 | M93: 3.95603 | N93: 2.0309
A94: Book Value per Share | B94: - | C94: - | D94: - | E94: - | F94: - | G94: - | H94: 54.1963 | I94: - | J94: - | K94: - | L94: - | M94: - | N94: -
A96: Valuation
B97: Dec '24 | C97: Dec '25 | D97: Mar '26 | E97: Jun '26 | F97: Sep '26E | G97: Dec '26E | H97: Dec '26E | I97: Mar '27E | J97: Jun '27E | K97: Sep '27E | L97: Dec '27E | M97: Dec '27E | N97: Dec '28E
D98: Q1 | E98: Q2 | F98: Q3 | G98: Q4 | I98: Q1 | J98: Q2 | K98: Q3 | L98: Q4
A99: Price/Earnings (x) | B99: 111.651 | C99: 23.1392 | D99: 29.2961 | E99: 34.2198 | F99: 19.4944 | G99: 13.3954 | H99: 13.3954 | I99: 13.1688 | J99: 12.9473 | K99: 12.7308 | L99: 12.5214 | M99: 12.5214 | N99: 10.8647
A100: PEG Ratio(Operating) (x) | B100: - | C100: 2.75575 | D100: 12.1331 | E100: 17.6375 | F100: 9.22034 | G100: 7.5926 | H100: 7.5926 | I100: 13.7254 | J100: 24.6425 | K100: 50.1348 | L100: 179.383 | M100: 179.383 | N100: 71.2525
A101: PEG Ratio(Net Income) (x) | B101: - | C101: 2.75575 | D101: 12.1331 | E101: 17.6375 | F101: 9.22034 | G101: 7.5926 | H101: 7.5926 | I101: 13.7254 | J101: 24.6425 | K101: 50.1348 | L101: 179.383 | M101: 179.383 | N101: 71.2525
A102: Price/Operating Cash Flow (x) | B102: 0.099688 | C102: - | D102: - | E102: 1.46524 | F102: 0.769977 | G102: 0.264828 | H102: 0.264828 | I102: 0.238378 | J102: 0.216513 | K102: 0.198139 | L102: 0.18264 | M102: 0.18264 | N102: 0.241852
A103: Price/Book Value (x) | B103: - | C103: - | D103: - | E103: - | F103: - | G103: 0.459441 | H103: 0.459441 | I103: 0.459441 | J103: 0.459441 | K103: 0.459441 | L103: - | M103: - | N103: -
A104: Price/Cash Flow (x) | B104: 4.57585 | C104: - | D104: - | E104: - | F104: - | G104: 14.4715 | H104: 14.4715 | I104: 10.9604 | J104: 8.80125 | K104: 7.33953 | L104: 6.29419 | M104: 6.29419 | N104: 12.2605
A105: Price/Free Cash Flow (x) | B105: - | C105: - | D105: - | E105: - | F105: - | G105: 44.708 | H105: 44.708 | I105: 23.71 | J105: 16.0758 | K105: 12.1279 | L105: 9.73677 | M105: 9.73677 | N105: 15.4275
A106: Price/Sales (x) | B106: 0.48984 | C106: 0.985095 | D106: 1.35258 | E106: 2.09678 | F106: 1.60205 | G106: 1.15947 | H106: 1.15947 | I106: 1.14636 | J106: 1.13341 | K106: 1.12061 | L106: 1.1081 | M106: 1.1081 | N106: 0.973335
...

Sheet Snapshot
B2: Price
C3: 1M% | D3: 3M% | E3: 6M% | F3: YTD% | G3: 1Y%
B4: NEO-CA | C4: -17.9 | D4: -37.59 | E4: -14.96 | F4: 60.03 | G4: 51.74
B5: 168110 | C5: 1.83 | D5: -1.63 | E5: 5.02 | F5: 12.85 | G5: 19.65
B7: Key Stats
B8: Trading
B10: Primary Ticker | C10: NEO-CA
B11: CUSIP | C11: 64046G106
B12: SEDOL | C12: BF5LL43
B13: ISIN | C13: CA64046G1063
B14: Open | C14: CA$23.94
B15: Previous Close | C15: CA$24.90
B16: 52 Week Range | C16: CA$15.31 - CA$47.19
B17: % of 52 Week High | C17: 52.77
B18: Volume* | C18: 256729
B19: 30D Avg Daily Vol | C19: 260398
B20: Float (%) | C20: 97.94
B21: Short Interest | C21: 5.7 Days/3.44% of Float
B23: Current Valuation
B25: Market Cap (M)* | C25: CA$1,150.32
B26: Fully Dil Mkt Cap (M)* | C26: CA$1,195.44
B27: Enterprise Value (M)* | C27: CA$1,263.53
B28: P/S (LTM)* | C28: 1.38
B29: EV/Sales (LTM)* | C29: 1.52
B30: EV/EBITDA (LTM)* | C30: 9.39
B31: WACC (%)* | C31: 7.06
B32: Beta (3Y Adj.)* | C32: 1.67
B34: Estimates
B36: Next Earnings | C36: Nov 10, 2026
B37: Revenue Consensus (M) | C37: 247.43
B38: EPS Consensus | C38: 0.39
B39: Avg Rating | C39: Buy (1.00)
B40: Target Price | C40: CA$56.85
B41: Broker Contributors | C41: 5
B42: *Based on the latest closing price (Nov 06, 2026).
B44: Dividends
B46: Ex-Dividend Date | C46: Sep 18, 2026
B47: Annual Dividend* | C47: CA$0.40
B48: Dividend Yield (%)* | C48: 1.61
B50: Enterprise Value Bridge
B52: Price of NOPMF-US (As of 06 Nov '26) | C52: 24.9
B53: Basic Shares | C53: 46.2
B54: Common Shares | C54: 46.2
B55: Market Cap | C55: 1150.32
B56: Diluted Shares | C56: 1.81
B57: In-the-Money Convertible Debt | C57: —
B58: In-the-Money Convertible Preferred | C58: —
B59: Stock Compensation | C59: 1.81
B60: Fully Diluted Shares Outstanding | C60: 48.01
B61: Fully Diluted Market Cap | C61: 1195.44
B62: + Consolidated Debt | C62: 223.08
B63: - In-the-Money Convertible Debt | C63: —
B64: + Capital Leases | C64: 0
B65: + Operating Leases | C65: 0
B66: - Cash & Equivalents | C66: -136.52
B67: - Long Term Marketable Securities | C67: —
B68: + Total Preferred | C68: —
B69: - In-the-Money Convertible Preferred | C69: —
B70: - Investments in Unconsolidated Subs | C70: -19.12
B71: + Non-Controlling Interest | C71: 0.65
B72: + Pension Liabilities | C72: —
B73: Enterprise Value | C73: 1263.53
B74: Millions of CAD (except price & shares), Source: FactSet
B76: Valuation
C77: 5Yr Avg | D77: Dec '23 | E77: Dec '24 | F77: Dec '25 | G77: Dec '26E | H77: Dec '27E | I77: Dec '28E
B78: — | C78: — | D78: — | E78: — | F78: — | G78: — | H78: — | I78: —
B79: Price / Earnings | C79: 5.95085 | D79: — | E79: — | F79: — | G79: 13.395441 | H79: 12.521413 | I79: 10.864734
B80: Price / Sales | C80: 0.712784 | D80: 0.43842 | E80: 0.512022 | F80: 0.969835 | G80: 1.159468 | H80: 1.108097 | I80: 0.973335
B81: Price / Book Value | C81: 0.91048 | D81: 0.562746 | E81: 0.577031 | F81: 1.210775 | G81: 0.459441 | H81: — | I81: —
B82: Price / Free Cash Flow | C82: 2.478262 | D82: 12.391308 | E82: — | F82: — | G82: 44.708004 | H82: 9.736767 | I82: 15.427466
B83: — | C83: — | D83: — | E83: — | F83: — | G83: — | H83: — | I83: —
B84: Enterprise Value | C84: 451.41823 | D84: 220.40754 | E84: 298.52493 | F84: 738.39848 | G84: — | H84: — | I84: —
B85: Enterprise Value / Sales | C85: 0.649423 | D85: 0.285722 | E85: 0.457954 | F85: 1.103715 | G85: 1.273582 | H85: 1.217154 | I85: 1.06913
B86: Enterprise Value / EBITDA | C86: 6.365555 | D86: 5.836407 | E86: 4.257336 | F86: 11.301347 | G86: 5.58735 | H86: 6.234704 | I86: 6.118072
B87: Enterprise Value / EBIT | C87: 10.133918 | D87: 14.623681 | E87: 6.148805 | F87: 16.642028 | G87: 7.569676 | H87: 8.162204 | I87: 8.644706
B88: EV and Price as of Point in Time in CAD; Monetary values in Millions of CAD, Source:FactSet Fundamentals, FactSet Estimates
B89: All figures based on Standardized GAAP/IFRS. Estimates follow broker majority.
B91: Financial Summary
C92: 5Yr CAGR | D92: Dec '23 | E92: Dec '24 | F92: Dec '25 | G92: Dec '26E | H92: Dec '27E | I92: Dec '28E
B93: INCOME STATEMENT | C93: — | D93: — | E93: — | F93: — | G93: — | H93: — | I93: —
B94: Revenue | C94: 7.545627 | D94: 771.40684 | E94: 651.86608 | F94: 669.01198 | G94: 992.1095 | H94: 1038.1039 | I94: 1181.8329
B95: Gross Income | C95: 12.718348 | D95: 124.05918 | E95: 159.96767 | F95: 177.14964 | G95: 332.74139 | H95: 312.6358 | I95: 315.76819
B96: EBITDA | C96: — | D96: 37.76425 | E96: 70.12012 | F96: 65.33721 | G96: 226.14163 | H96: 202.66118 | I96: 206.5246
B97: EBIT | C97: — | D97: 15.07196 | E97: 48.55007 | F97: 44.3695 | G97: 166.92029 | H97: 154.80284 | I97: 146.16257
B98: Net Income | C98: -29.069884 | D98: -11.394057 | E98: -17.735523 | F98: -13.950529 | G98: 74.688751 | H98: 83.889595 | I98: 84.110451
B99: EPS (Diluted) | C99: -30.509509 | D99: -0.2571 | E99: -0.4246 | F99: -0.3346 | G99: 1.29047 | H99: 2.009749 | I99: 1.875765
B100: BALANCE SHEET | C100: — | D100: — | E100: — | F100: — | G100: — | H100: — | I100: —
B101: Cash & ST Inv | C101: -11.597216 | D101: 119.00629 | E101: 122.95028 | F101: 52.58197 | G101: 221.42494 | H101: 318.7391 | I101: 387.84625
B102: Total Assets | C102: 8.656943 | D102: 826.76747 | E102: 939.5099 | F102: 938.80885 | G102: 1186.1044 | H102: 1393.4258 | I102: 1534.4608
B103: Total Liabilities | C103: 20.817451 | D103: 252.76639 | E103: 357.20861 | F103: 403.57484 | G103: — | H103: — | I103: —
B104: Total Shareholder Equity | C104: 2.998539 | D104: 569.82903 | E104: 578.39802 | F104: 534.59798 | G104: 739.02338 | H104: 849.0307 | I104: 963.26904
B105: CASH FLOW | C105: — | D105: — | E105: — | F105: — | G105: — | H105: — | I105: —
B106: Net Operating Cash Flow | C106: — | D106: 83.614457 | E106: 69.869411 | F106: -75.400486 | G106: 94.023331 | H106: 136.33383 | I106: 102.95555
B107: Cap Ex | C107: 34.073375 | D107: 56.339983 | E107: 87.954274 | F107: 44.243745 | G107: 52.782349 | H107: 59.234699 | I107: 43.720848
B108: Free Cash Flow | C108: — | D108: 27.29337 | E108: -18.08486 | F108: -119.64423 | G108: 29.758385 | H108: 91.778526 | I108: 39.489799
B109: Monetary values in Millions of CAD, Source:FactSet
B110: All figures based on Standardized GAAP/IFRS. Estimates follow broker majority.
B112: Ratio
C113: 5Yr Avg | D113: Dec '23 | E113: Dec '24 | F113: Dec '25 | G113: Dec '26E | H113: Dec '27E | I113: Dec '28E
B114: PROFITABILITY RATIOS | C114: — | D114: — | E114: — | F114: — | G114: — | H114: — | I114: —
...
